Workbook

Sheet Capa
F3: Planilha de Dados Financeiros 2T26
D6: Planilhas 2T26 - Consolidado | J6: Planilhas Dados Históricos - Consolidado

Sheet BP Ativo
A3: PRINER SERVIÇOS INDUSTRIAIS S.A.
A5: Balanços patrimoniais individuais e consolidados
A6: Em 30 de junho de 2026 e 31 de dezembro de 2025
A7: (Em milhares de Reais)
A10: Ativo | D10: Controladora | H10: Consolidado
B11: Nota explicativa | D11: 46203 | F11: 46022 | H11: =D11 -> 46203 | J11: =F11 -> 46022
A13: Circulante
A14: Caixa e equivalentes de caixa | B14: 4 | D14: 189337 | F14: 207752 | H14: 301833 | J14: 343246
A15: Títulos e valores mobiliários | B15: 4 | D15: 11554 | F15: 11334 | H15: 11554 | J15: 11334
A16: Contas a receber - terceiros | B16: 5 | D16: 213700 | F16: 169688 | H16: 435138 | J16: 414199
A17: Contas a receber - partes relacionadas | B17: 16.3 | D17: 51263 | F17: 44692 | H17: 29441 | J17: 15198
A18: Dividendos a receber | B18: 16.3 | D18: 3191 | F18: 36615 | H18: =6000-6000 -> 0 | J18: =6000-6000 -> 0
A19: Estoques | D19: 697 | F19: 700 | H19: 18915 | J19: 8908
A20: Tributos a recuperar | B20: 6 | D20: 28749 | F20: 15020 | H20: 43262 | J20: 28171
A21: Instrumentos financeiros derivativos (Swap) | B21: 28 | D21: 13 | F21: 9564 | H21: 13 | J21: 9564
A22: Outros ativos circulantes | D22: 13186 | F22: 8657 | H22: 29893 | J22: =16150+200 -> 16350
D23: =SUM(D14:D22) -> 511690 | F23: =SUM(F14:F22) -> 504022 | H23: =SUM(H14:H22) -> 870049 | J23: =SUM(J14:J22) -> 846970
A26: Não circulante
A27: Títulos e valores mobiliários | B27: 4 | D27: 1317 | F27: 1317 | H27: 3010 | J27: 2928
A28: Contas a receber - terceiros | B28: 5 | D28: 5521 | F28: 5714 | H28: 5582 | J28: 5714
A29: Mútuo a receber - partes relacionadas | B29: 16.3 | D29: 12407 | F29: 26580 | H29: 0 | J29: 0
A30: Tributos diferidos | B30: 7.2 | D30: 103468 | F30: 98247 | H30: =86299-326 -> 85973 | J30: 82176
A31: Depósitos judiciais | B31: 8 | D31: 6330 | F31: 6086 | H31: 17732 | J31: 16856
A32: Outros ativos não circulantes | D32: 644 | F32: =241+394 -> 635 | H32: =1401+1 -> 1402 | J32: =695+818 -> 1513
A33: Investimentos | B33: 9 | D33: 720088 | F33: 706117 | H33: 474 | J33: 224
A34: Imobilizado e ativo de direito de uso | B34: 10 | D34: 78660 | F34: =70579+3925 -> 74504 | H34: 573125 | J34: =544205+27887 -> 572092
A35: Intangível | B35: 11 | D35: 31868 | F35: 33238 | H35: 345118 | J35: 362170
D36: =SUM(D27:D35) -> 960303 | F36: =SUM(F27:F35) -> 952438 | H36: =SUM(H27:H35) -> 1032416 | J36: =SUM(J27:J35) -> 1043673
A38: Total do ativo | D38: =D36+D23 -> 1471993 | F38: =F36+F23 -> 1456460 | H38: =H36+H23 -> 1902465 | J38: =J36+J23 -> 1890643
A42: As notas explicativas são parte integrante das informações contábeis intermediárias individuais e consolidadas.
D44: =D38-'BP Passivo'!D49 -> 0 | F44: =F38-'BP Passivo'!F49 -> 0 | H44: =H38-'BP Passivo'!H49 -> 0 | J44: =J38-'BP Passivo'!J49 -> 0

Sheet BP Passivo
A3: PRINER SERVIÇOS INDUSTRIAIS S.A.
A5: Balanços patrimoniais individuais e consolidados
A6: ='BP Ativo'!A6 -> Em 30 de junho de 2026 e 31 de dezembro de 2025
A7: (Em milhares de Reais)
A10: Passivo e patrimônio líquido | D10: Controladora | H10: Consolidado
B11: Nota explicativa | D11: 46203 | F11: 46022 | H11: =D11 -> 46203 | J11: =F11 -> 46022
A13: Circulante
A14: Fornecedores - terceiros | B14: 12 | D14: 14972 | F14: 12263 | H14: 56286 | J14: 59384
A15: Fornecedores - partes relacionadas | B15: 16.3 | D15: 4634 | F15: 22291 | H15: 3199 | J15: 2799
A16: Empréstimos, financiamentos e debêntures | B16: 13 | D16: 55778 | F16: =113734+9405 -> 123139 | H16: 141755 | J16: =193277+9405 -> 202682
A17: Instrumentos financeiros derivativos (Swap) | B17: 28 | D17: 8711 | F17: 2376 | H17: 8711 | J17: 2376
A18: Arrendamento a pagar - Direito de uso | B18: 14 | D18: 2461 | F18: 1495 | H18: 6904 | J18: 7485
A19: Salários e Encargos Sociais | B19: 15 | D19: 75614 | F19: 60478 | H19: 127529 | J19: 121016
A20: Tributos a Recolher | B20: 17 | D20: 9939 | F20: 5410 | H20: 17230 | J20: 18266
A21: Juros sobre capital próprio e dividendos a pagar | B21: 22.6 | D21: 0 | F21: 0 | H21: 15708 | J21: 41000
A22: Contas a pagar por aquisição societária | B22: 19 | D22: 68750 | F22: 83303 | H22: 68750 | J22: 83303
A23: Provisões | B23: 20 | D23: 14871 | F23: 16443 | H23: 21504 | J23: 26770
A24: Outros Passivos | D24: 1710 | F24: =585+6237 -> 6822 | H24: 2928 | J24: =8259+585 -> 8844
D25: =SUM(D14:D24) -> 257440 | F25: =SUM(F14:F24) -> 334020 | H25: =SUM(H14:H24) -> 470504 | J25: =SUM(J14:J24) -> 573925
A27: Não circulante
A28: Empréstimos, financiamentos e debêntures | B28: 13 | D28: 674598 | F28: =319624+198013 -> 517637 | H28: 796148 | J28: =409914+198013 -> 607927
A29: Arrendamento a pagar - Direito de uso | B29: 14 | D29: 3597 | F29: 2930 | H29: 21435 | J29: 23312
A30: Contas a pagar por aquisição societária | B30: 19 | D30: =50475 -> 50475 | F30: =112757 -> 112757 | H30: =50475 -> 50475 | J30: =112757 -> 112757
A31: Outras contas a pagar | B31: 19 | D31: =4562*0 -> 0 | F31: =4284*0 -> 0 | H31: =4562*0 -> 0 | J31: =4284*0 -> 0
A32: Provisão para riscos tributários, cíveis e trabalhistas | B32: 21 | D32: 7691 | F32: 6233 | H32: 10336 | J32: 8380
A33: Outros passivos não circulantes | D33: 20 | F33: 49 | H33: =319-1 -> 318 | J33: =176+1832 -> 2008
D34: =SUM(D28:D33) -> 736381 | F34: =SUM(F28:F33) -> 639606 | H34: =SUM(H28:H33) -> 878712 | J34: =SUM(J28:J33) -> 754384
A36: Patrimônio líquido
A37: Capital social | B37: 22 | D37: 471327 | F37: 468180 | H37: 471327 | J37: 468180
A38: Reserva de capital | B38: 22 | D38: 27113 | F38: 24910 | H38: 27113 | J38: 24910
A39: Reservas de lucros | B39: 22 | D39: =36289-11811 -> 24478 | F39: =36289-11811 -> 24478 | H39: =36289-11811 -> 24478 | J39: =36289-11811 -> 24478
A40: Efeitos em transação de capital | B40: 22 | D40: -65720 | F40: 0 | H40: -65720 | J40: 0
A41: Outros resultados abrangentes | D41: -34392 | F41: -34734 | H41: -34392 | J41: -34734
A42: Lucros acumulados do período | D42: 55366 | F42: 0 | H42: =D42 -> 55366 | J42: 0
A43: Patrimônio líquido atribuível aos proprietários da Controladora | D43: =SUM(D37:D42) -> 478172 | F43: =SUM(F37:F42) -> 482834 | H43: =SUM(H37:H42) -> 478172 | J43: =SUM(J37:J42) -> 482834
A45: Participações não controladores | B45: 22 | D45: 0 | F45: 0 | H45: 75077 | J45: 79500
A47: Patrimônio líquido total | D47: =D43+D45 -> 478172 | F47: =F43+F45 -> 482834 | H47: =H43+H45 -> 553249 | J47: =J43+J45 -> 562334
A49: Total do passivo e patrimônio líquido | D49: =D47+D34+D25 -> 1471993 | F49: =F47+F34+F25 -> 1456460 | H49: =H47+H34+H25 -> 1902465 | J49: =J47+J34+J25 -> 1890643
A51: ='BP Ativo'!A42 -> As notas explicativas são parte integrante das informações contábeis intermediárias individuais e consolidadas.
D53: =D49-'BP Ativo'!D38 -> 0 | F53: =F49-'BP Ativo'!F38 -> 0 | H53: =H49-'BP Ativo'!H38 -> 0 | J53: =J49-'BP Ativo'!J38 -> 0

Sheet DRE
A3: PRINER SERVIÇOS INDUSTRIAIS S.A.
A5: Demonstrações do resultado individuais e consolidadas
A6: Períodos findos em 30 de junho de 2026 e 2025
A7: (Em milhares de Reais, exceto quando indicado de outra forma)
D9: Controladora | I9: Consolidado
B10: Nota explicativa | D10: 46203 | F10: 45838 | I10: 46203 | K10: 45838
D11: Trimestre | E11: Acumulado | F11: Trimestre | G11: Acumulado | I11: Trimestre | J11: Acumulado | K11: Trimestre | L11: Acumulado
A13: Receita Operacional líquida | B13: 23 | D13: 226696 | E13: 414515 | F13: 137579 | G13: 258922 | I13: 462618 | J13: 883815 | K13: 361894 | L13: 730739
A14: Custo dos serviços prestados e produtos vendidos | B14: 24 | D14: -187380 | E14: -347277 | F14: -120041 | G14: -227944 | I14: -375171 | J14: -732347 | K14: -290091 | L14: -585095
A15: Lucro bruto | D15: =SUM(D13:D14) -> 39316 | E15: =SUM(E13:E14) -> 67238 | F15: =SUM(F13:F14) -> 17538 | G15: =SUM(G13:G14) -> 30978 | I15: =SUM(I13:I14) -> 87447 | J15: =SUM(J13:J14) -> 151468 | K15: =SUM(K13:K14) -> 71803 | L15: =SUM(L13:L14) -> 145644
A17: Outras receitas/Despesas operacionais
A18: Gerais e administrativas | B18: 24 | D18: -30380 | E18: 339 | F18: -27535 | G18: -47963 | I18: -52827 | J18: -44413 | K18: -50265 | L18: -102460
A19: Resultado de equivalência patrimonial | B19: 9 | D19: 11142 | E19: 17445 | F19: 18627 | G19: 36287 | I19: 0 | J19: 0 | K19: 0 | L19: 0
A20: Resultado operacional antes do resultado financeiro | D20: =SUM(D15:D19) -> 20078 | E20: =SUM(E15:E19) -> 85022 | F20: =SUM(F15:F19) -> 8630 | G20: =SUM(G15:G19) -> 19302 | I20: =SUM(I15:I19) -> 34620 | J20: =SUM(J15:J19) -> 107055 | K20: =SUM(K15:K19) -> 21538 | L20: =SUM(L15:L19) -> 43184
A22: Resultado financeiro
A23: Receitas financeiras | B23: 25 | D23: 10835 | E23: 29787 | F23: 10805 | G23: 16675 | I23: 13986 | J23: 36997 | K23: 13196 | L23: 21173
A24: Despesas financeiras | B24: 25 | D24: -38898 | E24: -68589 | F24: -31869 | G24: -53558 | I24: -49291 | J24: -89460 | K24: -33992 | L24: -57767
A25: Resultado antes do imposto de renda e da contribuição social | D25: =SUM(D20:D24) -> -7985 | E25: =SUM(E20:E24) -> 46220 | F25: =SUM(F20:F24) -> -12434 | G25: =SUM(G20:G24) -> -17581 | I25: =SUM(I20:I24) -> -685 | J25: =SUM(J20:J24) -> 54592 | K25: =SUM(K20:K24) -> 742 | L25: =SUM(L20:L24) -> 6590
A27: Tributos correntes | B27: 7 | D27: 0 | E27: 0 | F27: 0 | G27: 0 | I27: -6003 | J27: -14277 | K27: -6853 | L27: -18090
A28: Tributos diferidos | B28: 7 | D28: 6586 | E28: 9146 | F28: 10342 | G28: 17292 | I28: 5658 | J28: 11370 | K28: 6619 | L28: 16025
A29: Lucro (prejuízo) líquido do período | D29: =SUM(D25:D28) -> -1399 | E29: =SUM(E25:E28) -> 55366 | F29: =SUM(F25:F28) -> -2092 | G29: =SUM(G25:G28) -> -289 | I29: =SUM(I25:I28) -> -1030 | J29: =SUM(J25:J28) -> 51685 | K29: =SUM(K25:K28) -> 508 | L29: =SUM(L25:L28) -> 4525
A31: Resultado atribuível a:
A32: Acionistas da Companhia | D32: =D29 -> -1399 | E32: =E29 -> 55366 | F32: =F29 -> -2092 | G32: =G29 -> -289 | I32: =D32 -> -1399 | J32: =E32 -> 55366 | K32: =F32 -> -2092 | L32: =G32 -> -289
A33: Participações dos não controladores | D33: 0 | E33: 0 | F33: 0 | G33: 0 | I33: =I29-I32 -> 369 | J33: =J29-J32 -> -3681 | K33: =K29-K32 -> 2600 | L33: =L29-L32 -> 4814
A35: Lucro (prejuízo) líquido por lote de mil ações atribuível ao controlador - R$
A36: Básico | B36: 26 | D36: -24.6 | E36: 974.82 | F36: -44.79 | G36: -6.2
A37: Diluído | B37: 26 | D37: -23.84 | E37: 944.45 | F37: -43.45 | G37: -6.01
A39: As notas explicativas são parte integrante das informações contábeis intermediárias individuais e consolidadas.

Sheet DRA
A3: PRINER SERVIÇOS INDUSTRIAIS S.A.
A5: Demonstrações do resultado abrangente individuais e consolidadas
A6: Períodos findos em 30 de junho de 2026 e 2025
A7: (Em milhares de Reais)
B9: Controladora | G9: Consolidado
B10: 46203 | D10: 45838 | G10: =B10 -> 46203 | I10: =D10 -> 45838
B11: Trimestre | C11: Acumulado | D11: Trimestre | E11: Acumulado | G11: Trimestre | H11: Acumulado | I11: Trimestre | J11: Acumulado
A12: Lucro líquido (prejuízo) do exercício | B12: =DRE!D29 -> -1399 | C12: =DRE!E29 -> 55366 | D12: =DRE!F29 -> -2092 | E12: =DRE!G29 -> -289 | G12: =DRE!I29 -> -1030 | H12: =DRE!J29 -> 51685 | I12: =DRE!K29 -> 508 | J12: =DRE!L29 -> 4525
A14: Resultado de Hedge | B14: 68 | C14: 515 | D14: -3257 | E14: -3257 | G14: 68 | H14: 515 | I14: -3257 | J14: -3257
A15: Tributos s/ Hedge | B15: -22 | C15: -173 | D15: 1106 | E15: 1106 | G15: -22 | H15: -173 | I15: 1106 | J15: 1106
A17: Total do resultado abrangente | B17: =SUM(B12:B16) -> -1353 | C17: =SUM(C12:C16) -> 55708 | D17: =SUM(D12:D16) -> -4243 | E17: =SUM(E12:E16) -> -2440 | G17: =SUM(G12:G16) -> -984 | H17: =SUM(H12:H16) -> 52027 | I17: =SUM(I12:I16) -> -1643 | J17: =SUM(J12:J16) -> 2374
A19: Resultado atribuível a:
A20: Proprietários da Controladora | B20: =B17 -> -1353 | C20: =C17 -> 55708 | D20: =D17 -> -4243 | E20: =E17 -> -2440 | G20: =B20 -> -1353 | H20: =C20 -> 55708 | I20: =D20 -> -4243 | J20: =E20 -> -2440
A21: Participações não controladoras | B21: 0 | C21: 0 | D21: 0 | E21: 0 | G21: =G17-G20 -> 369 | H21: =H17-H20 -> -3681 | I21: =I17-I20 -> 2600 | J21: =J17-J20 -> 4814
A23: As notas explicativas são parte integrante das informações contábeis intermediárias individuais e consolidadas.

Sheet DMPL
A3: PRINER SERVIÇOS INDUSTRIAIS S.A.
A5: Demonstrações das mutações do patrimônio líquido individuais e consolidadas
A6: (Em milhares de Reais, exceto quando indicado de outra forma)
A8: Controladora e Consolidado
C9: Capital Social | I9: Reservas de Lucros
C10: Capital Social | E10: Gastos com emissão de ações | G10: Reserva de capital | I10: Legal | K10: Estatutária | M10: Lucros líquidos acumulados | O10: Efeitos em transações de capital | Q10: Outros resultados abrangentes | S10: Total atribuído aos controladores | U10: Participações não controladores | W10: Total
A11: Saldos em 31 de dezembro de 2024 | C11: 339562 | E11: -21278 | G11: 19790 | I11: 2930 | K11: 33359 | M11: 0 | O11: 0 | Q11: -33621 | S11: 340742 | U11: 13908 | W11: 354650
A13: Aporte de capital | C13: 0 | E13: 0 | G13: 0 | I13: 0 | K13: 0 | M13: 0 | O13: 0 | Q13: 0 | S13: =SUM(C13:Q13) -> 0 | U13: 0 | W13: =S13+U13 -> 0
A14: Gastos com emissão de ações | C14: 0 | E14: 0 | G14: 0 | I14: 0 | K14: 0 | M14: 0 | O14: 0 | Q14: 0 | S14: =SUM(C14:Q14) -> 0 | U14: 0 | W14: =S14+U14 -> 0
A15: Ágio na emissão de ações | C15: 0 | E15: 0 | G15: 0 | I15: 0 | K15: 0 | M15: 0 | O15: 0 | Q15: 0 | S15: =SUM(C15:Q15) -> 0 | U15: 0 | W15: =S15+U15 -> 0
A16: Plano de opções de ações | C16: 0 | E16: 0 | G16: 2009 | I16: 0 | K16: 0 | M16: 0 | O16: 0 | Q16: 0 | S16: =SUM(C16:Q16) -> 2009 | U16: 0 | W16: =S16+U16 -> 2009
A17: Outros resultados abrangentes - ajuste de Hedge Fluxo de caixa, líquido dos efeitos tributários | C17: 0 | E17: 0 | G17: 0 | I17: 0 | K17: 0 | M17: 0 | O17: 0 | Q17: -2151 | S17: =SUM(C17:Q17) -> -2151 | U17: 0 | W17: =S17+U17 -> -2151
A18: Participação de não controladores oriundos da aquisição da Semep | C18: 0 | E18: 0 | G18: 0 | I18: 0 | K18: 0 | M18: 0 | O18: 0 | Q18: 0 | S18: =SUM(C18:Q18) -> 0 | U18: 0 | W18: =S18+U18 -> 0
A19: Resultado do exercício | C19: 0 | E19: 0 | G19: 0 | I19: 0 | K19: 0 | M19: -289 | O19: 0 | Q19: 0 | S19: =SUM(C19:Q19) -> -289 | U19: 4814 | W19: =S19+U19 -> 4525
A20: Absorção do prejuízo do exercício | C20: 0 | E20: 0 | G20: 0 | I20: 0 | K20: 0 | M20: 0 | O20: 0 | Q20: 0 | S20: =SUM(C20:Q20) -> 0 | U20: 0 | W20: =S20+U20 -> 0
A21: Dividendos mínimos obrigatórios para pagamento no exercicio seguinte | C21: 0 | E21: 0 | G21: 0 | I21: 0 | K21: 0 | M21: 0 | O21: 0 | Q21: 0 | S21: =SUM(C21:Q21) -> 0 | U21: 0 | W21: =S21+U21 -> 0
A22: Reversao Dividendos minimos obrigatorios reconhecido em 2024, conforme AGOE de 2025 | C22: 0 | E22: 0 | G22: 0 | I22: 0 | K22: 0 | M22: 0 | O22: 0 | Q22: 0 | S22: =SUM(C22:Q22) -> 0 | U22: 0 | W22: =S22+U22 -> 0
A24: Saldos em 30 de junho de 2025 | C24: =SUM(C11:C23) -> 339562 | E24: =SUM(E11:E23) -> -21278 | G24: =SUM(G11:G23) -> 21799 | I24: =SUM(I11:I23) -> 2930 | K24: =SUM(K11:K23) -> 33359 | M24: =SUM(M11:M23) -> -289 | O24: 0 | Q24: =SUM(Q11:Q23) -> -35772 | S24: =SUM(S11:S23) -> 340311 | U24: =SUM(U11:U23) -> 18722 | W24: =SUM(W11:W23) -> 359033
A26: Saldos em 31 de dezembro de 2025 | C26: 489562 | E26: -21382 | G26: 24910 | I26: =SUM(I13:I25) -> 2930 | K26: 21548 | M26: 0 | O26: 0 | Q26: -34734 | S26: 482834 | U26: 79500 | W26: =SUM(S26:U26) -> 562334
A28: Plano de opções de ações | C28: 0 | E28: 0 | G28: 2203 | I28: 0 | K28: 0 | M28: 0 | O28: 0 | Q28: 0 | S28: =SUM(C28:Q28) -> 2203 | U28: 0 | W28: =S28+U28 -> 2203
A29: Outros resultados abrangentes - Hedge Fluxo de caixa, líquido dos efeitos tributários | C29: 0 | E29: 0 | G29: 0 | I29: 0 | K29: 0 | M29: 0 | O29: 0 | Q29: =340+2 -> 342 | S29: =SUM(C29:Q29) -> 342 | U29: 0 | W29: =S29+U29 -> 342
A30: Subscrição de capital | C30: 3147 | E30: 0 | G30: 0 | I30: 0 | K30: 0 | M30: 0 | O30: 0 | Q30: 0 | S30: =SUM(C30:Q30) -> 3147 | U30: 0 | W30: =S30+U30 -> 3147
A31: Redução de capital SCP construtora gmaia | C31: 0 | E31: 0 | G31: 0 | I31: 0 | K31: 0 | M31: 0 | O31: 0 | Q31: 0 | S31: =SUM(C31:Q31) -> 0 | U31: -1400 | W31: =S31+U31 -> -1400
A32: Distribuição de lucros SCP construtora gmaia | C32: 0 | E32: 0 | G32: 0 | I32: 0 | K32: 0 | M32: 0 | O32: 0 | Q32: 0 | S32: =SUM(C32:Q32) -> 0 | U32: -3080 | W32: =S32+U32 -> -3080
A33: Aquisição de participação adicional de controlada | C33: 0 | E33: 0 | G33: 0 | I33: 0 | K33: 0 | M33: 0 | O33: =-65720 -> -65720 | Q33: 0 | S33: =SUM(C33:Q33) -> -65720 | U33: =-838-120-772 -> -1730 | W33: =S33+U33 -> -67450
A34: Reversao Dividendos reconhecido em 2025 após aprovação da AGO de 2026 | C34: 0 | E34: 0 | G34: 0 | I34: 0 | K34: 0 | M34: 0 | O34: 0 | Q34: 0 | S34: =SUM(C34:Q34) -> 0 | U34: 120 | W34: =S34+U34 -> 120
A35: Outros ajustes no patrimônio líquido - controladas | C35: 0 | E35: 0 | G35: 0 | I35: 0 | K35: 0 | M35: 0 | O35: 0 | Q35: 0 | S35: =SUM(C35:Q35) -> 0 | U35: 5348 | W35: =S35+U35 -> 5348
A36: Resultado do período | C36: 0 | E36: 0 | G36: 0 | I36: 0 | K36: 0 | M36: =DRE!E32 -> 55366 | O36: 0 | Q36: 0 | S36: =SUM(C36:Q36) -> 55366 | U36: =DRE!J33 -> -3681 | W36: =S36+U36 -> 51685
A38: Saldos em 30 de junho de 2026 | C38: =SUM(C26:C37) -> 492709 | E38: =SUM(E26:E37) -> -21382 | G38: =SUM(G26:G37) -> 27113 | I38: =SUM(I26:I37) -> 2930 | K38: =SUM(K26:K37) -> 21548 | M38: =SUM(M26:M37) -> 55366 | O38: =SUM(O26:O37) -> -65720 | Q38: =SUM(Q26:Q37) -> -34392 | S38: =SUM(S26:S37) -> 478172 | U38: =SUM(U26:U37) -> 75077 | W38: =SUM(W26:W37) -> 553249
A41: ='BP Passivo'!A51 -> As notas explicativas são parte integrante das informações contábeis intermediárias individuais e consolidadas.

Sheet DFC
A3: PRINER SERVIÇOS INDUSTRIAIS S.A.
A5: Demonstrações dos fluxos de caixa individuais e consolidadas
A6: Períodos findos em 30 de junho de 2026 e 2025
A7: (Em milhares de Reais)
C9: Controladora | G9: Consolidado
C10: 46203 | E10: 45838 | G10: =C10 -> 46203 | I10: =E10 -> 45838
A12: Fluxo de caixa das atividades operacionais
A13: Resultado do período antes dos impostos | C13: =DRE!E25 -> 46220 | E13: =DRE!G25 -> -17581 | G13: =DRE!J25 -> 54592 | I13: =DRE!L25 -> 6590
A15: Ajustes p/ reconciliar o resultado do exercício c/ recursos provenientes de atividades operacionais
A16: Depreciação, amortização de intangíveis e amortização/depreciação de mais valia | C16: =9921+11030 -> 20951 | E16: 18046 | G16: 73259 | I16: 36944
A17: Perda (ganho) na baixa de imobilizados e intangíveis | C17: 1 | E17: -164 | G17: -15769 | I17: -5331
A18: Equivalência patrimonial | C18: -17445 | E18: -36287 | G18: 0 | I18: 0
A19: Juros sobre empréstimos, debêntures e arrendamentos | C19: =51136+245 -> 51381 | E19: =39893+470 -> 40363 | G19: =65785+1300 -> 67085 | I19: =41476+1176 -> 42652
A20: Variação cambial s/ empréstimos | C20: -8946 | E20: 0 | G20: -8994 | I20: 0
A21: Juros sobre mútuo partes relacionadas | C21: -2320 | E21: -1839 | G21: 0 | I21: 0
A22: Perda (ganho) com o valor justo de instrumentos derivativos | C22: 11538 | E22: -2825 | G22: 11538 | I22: -2825
A23: Variação monetária sobre contas a pagar de aquisição societária | C23: -1003 | E23: 9042 | G23: -1003 | I23: 9055
A24: Provisão para riscos civeis e trabalhistas | C24: 1458 | E24: 167 | G24: 1955 | I24: 280
A25: Ajuste de preço por aquisição de controlada | C25: -54804 | E25: 501 | G25: -54804 | I25: 501
A26: Outros | C26: =48-88+2203-4198+384+105+2 -> -1544 | E26: =-1001+84-501 -> -1418 | G26: =-698+901+2203-4198+384-178 -> -1586 | I26: =-1144+1972-501 -> 327
C28: =SUM(C13:C27) -> 45487 | E28: =SUM(E13:E27) -> 8005 | G28: =SUM(G13:G27) -> 126273 | I28: =SUM(I13:I27) -> 88193
A30: (Aumento)/ redução nas contas de ativos
A31: Contas a receber de terceiros e partes relacionadas, consolidado liquido de transações não caixa | C31: =-43731-6571 -> -50302 | E31: -42426 | G31: =1622-14243 -> -12621 | I31: -58664
A32: Estoques | C32: 3 | E32: -633 | G32: -10007 | I32: -186
A33: Tributos a recuperar | C33: -13729 | E33: -6610 | G33: -15091 | I33: -13887
A34: Outros ativos | C34: -4782 | E34: -1110 | G34: -14308 | I34: -2976
A35: Aumento/ (redução) nas contas de passivos
A36: Fornecedores terceiros e partes relacionadas, líquido de transações não caixa | C36: =1858-17657 -> -15799 | E36: -6810 | G36: =-6563+400 -> -6163 | I36: -9342
A37: Salários e encargos sociais | C37: 15136 | E37: 9745 | G37: 6513 | I37: 10015
A38: Tributos a pagar, consolidado líquido de transações não caixa | C38: 4529 | E38: 614 | G38: -2672 | I38: -2580
A39: Outros passivos | C39: -6713 | E39: -4681 | G39: -12872 | I39: -14687
A40: Caixa gerado nas operações | C40: =SUM(C28:C39) -> -26170 | E40: =SUM(E28:E39) -> -43906 | G40: =SUM(G28:G39) -> 59052 | I40: =SUM(I28:I39) -> -4114
A41: Imposto de renda e contribuição social pagos | C41: 0 | E41: 0 | G41: -15203 | I41: -18335
A42: Caixa líquido proveniente das atividades operacionais | C42: =C40+C41 -> -26170 | E42: =E40+E41 -> -43906 | G42: =G40+G41 -> 43849 | I42: =I40+I41 -> -22449
A44: Fluxo de caixa das atividades de investimentos
A45: Resgate/(Aplicação) em títulos e valores mobiliários | C45: -220 | E45: -169 | G45: -302 | I45: -227
A46: Aporte de capital em controlada, líquido de transação não caixa | C46: =-50751+1+24429 -> -26321 | E46: -57 | G46: =-251+1 -> -250 | I46: -57
A47: Dividendos recebidos | C47: 85992 | E47: 8784 | G47: 0 | I47: 0
A48: Aquisição de participação adicional de controlada | C48: -66676 | E48: 0 | G48: -66676 | I48: 0
A49: Incorporacao controlada, caixa liquido adquirido | C49: 0 | E49: 1843 | G49: 0 | I49: 0
A50: Reversão de ágio adquirido com tributos diferidos s/ mais valia – incorporação | C50: 0 | E50: 0 | G50: 0 | I50: 862
A51: Mútuo concedido | C51: -29227 | E51: -19770 | G51: 0 | I51: 0
A52: Quitação de mútuo concedido - principal, liquido de transação não caixa | C52: 17877 | E52: 24366 | G52: 0 | I52: 0
A53: Quitação de mútuo concedido - juros recebidos, líquido de transação não caixa | C53: 3414 | E53: 952 | G53: 0 | I53: 0
A54: Aquisição de bens do ativo imobilizado e intangível, líquido das transações não caixa | C54: -9430 | E54: -5405 | G54: -69851 | I54: -14395
A55: Caixa recebido na venda de imobilizado | C55: 80 | E55: 291 | G55: 29055 | I55: 6126
A56: Caixa líquido proveniente das atividades de investimentos | C56: =SUM(C45:C55) -> -24511 | E56: =SUM(E45:E55) -> 10835 | G56: =SUM(G45:G55) -> -108024 | I56: =SUM(I45:I55) -> -7691
A58: Fluxo de caixa das atividades de financiamentos
A59: Aporte de capital | C59: 3147 | E59: 0 | G59: 3147 | I59: 0
A60: Redução de capital pelos não controladores | C60: 0 | E60: 0 | G60: -1400 | I60: 0
A61: Dividendos pagos | C61: 0 | E61: -2410 | G61: -27853 | I61: -13373
A62: Amortização do contas a pagar da aquisição de controladas - principal | C62: -20847 | E62: -23427 | G62: -20847 | I62: -28699
A63: Amortização do contas a pagar da aquisição de controladas - juros | C63: -4848 | E63: -2834 | G63: -4848 | I63: -3554
A64: Pagamento arrendamento mercantil - CPC 06 | C64: -1168 | E64: -1355 | G64: -4795 | I64: -4013
A65: Captação de empréstimos | C65: 40000 | E65: 150000 | G65: 119361 | I65: 150000
A66: Emissao de debêntures | C66: 250000 | E66: 200000 | G66: 250000 | I66: 200000
A67: Amortização de empréstimos - principal | C67: -163985 | E67: -123555 | G67: -205108 | I67: -125781
A68: Juros pagos s/ empréstimos e debêntures | C68: -63219 | E68: -16384 | G68: -78081 | I68: -18146
A69: Liquidação de instrumentos derivativos | C69: -6814 | E69: -2291 | G69: -6814 | I69: -2306
A70: Caixa líquido proveniente das atividades de financiamentos | C70: =SUM(C59:C69) -> 32266 | E70: =SUM(E59:E69) -> 177744 | G70: =SUM(G59:G69) -> 22762 | I70: =SUM(I59:I69) -> 154128
A72: (Redução)/aumento líquido de caixa e equivalentes de caixa | C72: =+C42+C56+C70 -> -18415 | E72: =+E42+E56+E70 -> 144673 | G72: =+G42+G56+G70 -> -41413 | I72: =+I42+I56+I70 -> 123988
A74: Caixa e equivalente de caixa no inicio do exercício | C74: ='BP Ativo'!F14 -> 207752 | E74: 111098 | G74: ='BP Ativo'!J14 -> 343246 | I74: 232537
A75: Caixa e equivalente de caixa no fim do exercício | C75: ='BP Ativo'!D14 -> 189337 | E75: 255771 | G75: ='BP Ativo'!H14 -> 301833 | I75: 356525
A77: (Redução)/aumento líquido de caixa e equivalentes de caixa | C77: =C75-C74 -> -18415 | E77: =E75-E74 -> 144673 | G77: =G75-G74 -> -41413 | I77: =I75-I74 -> 123988
A79: ='BP Passivo'!A51 -> As notas explicativas são parte integrante das informações contábeis intermediárias individuais e consolidadas.
C83: =C75-C74 -> -18415 | E83: =E75-E74 -> 144673 | G83: =G75-G74 -> -41413 | I83: =I75-I74 -> 123988
C84: =C72-C83 -> 0 | E84: =E72-E83 -> 0 | G84: =G72-G83 -> 0 | I84: =I72-I83 -> 0

Sheet DVA
A3: PRINER SERVIÇOS INDUSTRIAIS S.A.
A5: Demonstrações do valor adicionado individuais e consolidadas
A6: =DFC!A6 -> Períodos findos em 30 de junho de 2026 e 2025
A7: (Em milhares de Reais)
C8: Controladora | G8: Consolidado
C9: 46203 | E9: 45838 | G9: =C9 -> 46203 | I9: =E9 -> 45838 | K9: 2016
A11: Geração do valor adicionado
A12: Receitas
A13: Receita de contrato com cliente | C13: 452781 | E13: 282461 | G13: 971460 | I13: 794838 | K13: 233780
A14: Provisão para perda de crédito esperada - Reversão/(Constituição) | C14: 88 | E14: -84 | G14: -901 | I14: -1972 | K14: -1853
A15: Ajuste de preço aquisição societária | C15: 54804 | E15: -501 | G15: 54804 | I15: -501
C16: =SUM(C13:C15) -> 507673 | E16: =SUM(E13:E15) -> 281876 | G16: =SUM(G13:G15) -> 1025363 | I16: =SUM(I13:I15) -> 792365 | K16: 228553
A18: Insumos adquiridos de terceiros
A19: Custo dos produtos vendidos, das mercadorias e dos serviços vendidos | C19: -248 | E19: -2890 | G19: -2016 | I19: -2958 | K19: -2122
A20: Materiais, energia, serviços de terceiros e outros | C20: -81676 | E20: -36512 | G20: -220258 | I20: -141756 | K20: -37889
A22: Valor adicionado bruto | C22: =SUM(C16:C20) -> 425749 | E22: =SUM(E16:E20) -> 242474 | G22: =SUM(G16:G20) -> 803089 | I22: =SUM(I16:I20) -> 647651 | K22: 184962
A24: Depreciação, amortização e exaustão | C24: -20951 | E24: -18046 | G24: -73259 | I24: -36944 | K24: -9991
A26: Valor adicionado líquido produzido pela Companhia | C26: =SUM(C22:C24) -> 404798 | E26: =SUM(E22:E24) -> 224428 | G26: =SUM(G22:G24) -> 729830 | I26: =SUM(I22:I24) -> 610707 | K26: 174971
A28: Valor adicionado recebido em transferência
A29: Resultado de equivalência patrimonial | C29: 17445 | E29: 36287 | G29: 0 | I29: 0 | J29: 0 | K29: -40
A30: Receitas financeiras | C30: 29787 | E30: 16675 | G30: 36997 | I30: 21173 | K30: 3460
A31: Outras transferências recebidas | C31: 15269 | E31: =683 -> 683 | G31: 22082 | I31: =1012 -> 1012 | K31: 160
A33: Valor adicionado a distribuir | C33: =SUM(C26:C31) -> 467299 | E33: =SUM(E26:E31) -> 278073 | G33: =SUM(G26:G31) -> 788909 | I33: =SUM(I26:I31) -> 632892 | K33: 178551
A35: Distribuição do valor adicionado
A36: Pessoal e encargos | C36: =SUM(C37:C39) -> 253176 | E36: =SUM(E37:E39) -> 187646 | G36: =SUM(G37:G39) -> 428878 | I36: =SUM(I37:I39) -> 384982 | K36: 116168
A37: Remuneração direta | C37: 192414 | E37: 140978 | G37: 326440 | I37: 285354 | K37: 86829
A38: Benefícios | C38: 46826 | E38: 36743 | G38: 77757 | I38: 79593 | K38: 23148
A39: FGTS | C39: 13936 | E39: 9925 | G39: 24681 | I39: 20035 | K39: 6191
A41: Impostos, taxas e contribuições | C41: =SUM(C42:C44) -> 72965 | E41: =SUM(E42:E44) -> 33360 | G41: =SUM(G42:G44) -> 165619 | I41: =SUM(I42:I44) -> 124895 | K41: 44961
A42: Federais | C42: 57258 | E42: 23209 | G42: 130842 | I42: 97746 | K42: 35124
A43: Estaduais | C43: 170 | E43: 735 | G43: 3390 | I43: 2767 | K43: 574
A44: Municipais | C44: 15537 | E44: 9416 | G44: 31387 | I44: 24382 | K44: 9263
A46: Remuneração sobre o capital de terceiros | C46: =SUM(C47:C49) -> 85792 | E46: =SUM(E47:E49) -> 57356 | G46: =SUM(G47:G49) -> 142727 | I46: =SUM(I47:I49) -> 118490 | K46: 17422
A47: Juros, variações monetárias passivas e variações cambiais | C47: 62798 | E47: 49625 | G47: 80128 | I47: 52560 | K47: 5577
A48: Aluguéis | C48: 22994 | E48: 7731 | G48: 62599 | I48: 65930 | K48: 5576
A49: Outros | C49: 0 | E49: 0 | G49: 0 | I49: 0
A51: Remuneração sobre o capital próprio | C51: =SUM(C52:C54) -> 55366 | E51: =SUM(E52:E54) -> -289 | G51: =SUM(G52:G54) -> 51685 | I51: =SUM(I52:I54) -> 4525
A52: Juros sobre capital próprio | C52: 0 | E52: 0 | G52: 0 | I52: 0
A53: Dividendos | C53: 0 | E53: 0 | G53: 0 | I53: 0
A54: Lucro (prejuízo) do período | C54: 55366 | E54: -289 | G54: 51685 | I54: 4525 | K54: 2269
A56: Valor adicionado distribuído | C56: =C36+C41+C46+C51 -> 467299 | E56: =E36+E41+E46+E51 -> 278073 | G56: =G36+G41+G46+G51 -> 788909 | I56: =I36+I41+I46+I51 -> 632892 | K56: 178551
A58: ='BP Passivo'!A51 -> As notas explicativas são parte integrante das informações contábeis intermediárias individuais e consolidadas.
C60: =C56-C33 -> 0 | E60: =E56-E33 -> 0 | G60: =G56-G33 -> 0 | I60: =I56-I33 -> 0

Sheet BP Histórico_Consolidado
A2: PRINER SERVIÇOS INDUSTRIAIS S.A.
A4: Balanços patrimoniais Consolidados
A5: Posições Trimestrais
A6: (Em milhares de reais)
B10: 31/12/2017 (Reclassificado) | D10: 43190 | F10: 43281 | H10: 43373 | J10: 43465 | L10: 43555 | N10: 43646 | P10: 43738 | R10: 43830 | T10: 43921 | V10: 44012 | X10: 44104 | Z10: 44196 | AB10: 44286 | AD10: 44377 | AF10: 44469 | AH10: 44561 | AJ10: 44651 | AL10: 44742 | AN10: 44834 | AP10: 44926 | AR10: 45016 | AT10: 45107 | AV10: 45199 | AX10: 45291 | AZ10: 45382 | BB10: 45473 | BD10: 30/09/2024 pro forma | BF10: 45657 | BH10: 45747 | BJ10: 45838 | BL10: 45930 | BN10: 46022 | BP10: 46112 | BR10: 46203
A11: ATIVO
A13: CIRCULANTE
A14: Caixa e equivalentes de caixa | B14: 644 | D14: 2367 | F14: 4754 | H14: 5101 | J14: 3400 | L14: 4641 | N14: 12260 | P14: 13296 | R14: 34157 | T14: 7730 | V14: 27646 | X14: 47445 | Z14: 52035 | AB14: 43367 | AD14: 50134 | AF14: 50628 | AH14: 66038 | AJ14: 53723 | AL14: 44656 | AN14: 91538 | AP14: 105039 | AR14: 180380 | AT14: 67826 | AV14: 82151 | AX14: 125891 | AZ14: 174881 | BB14: 179772 | BD14: 182138 | BF14: 232537 | BH14: 349281 | BJ14: 356525 | BL14: 478906 | BN14: 343246 | BP14: 301114 | BR14: 301833
A15: Títulos e valores mobiliários | B15: 1864 | D15: =41 -> 41 | F15: 542 | H15: 6 | J15: 28 | L15: 463 | N15: 13 | P15: 3573 | R15: 3616 | T15: 138324 | V15: 120331 | X15: 87133 | Z15: 57794 | AB15: 35197 | AD15: 20423 | AF15: 20482 | AH15: 10611 | AJ15: 12684 | AL15: 12792 | AN15: 12482 | AP15: 10848 | AR15: 10857 | AT15: 11038 | AV15: 10858 | AX15: 11011 | AZ15: 10960 | BB15: 11774 | BD15: 10977 | BF15: 11202 | BH15: 11180 | BJ15: 11371 | BL15: 11188 | BN15: 11334 | BP15: 11257 | BR15: 11554
A16: Depósitos bancários vinculados | B16: 0 | D16: 0 | F16: 0 | H16: 0 | J16: 0 | L16: 0 | N16: 14637 | P16: 9800 | R16: 6755 | T16: 1398 | V16: 1130 | X16: 863 | Z16: 593 | AB16: 0 | AD16: 0 | AF16: 0 | AH16: 0 | AJ16: 0 | AL16: 0 | AN16: 0 | AP16: 0 | AR16: 0 | AT16: 0 | AV16: 0 | AX16: 0 | AZ16: 0 | BB16: 0 | BD16: 0 | BF16: 0 | BH16: 0 | BJ16: 0 | BL16: 0 | BN16: 0 | BP16: 0 | BR16: 0
A17: Contas a receber | B17: 67184 | D17: =76973-1 -> 76972 | F17: 70422 | H17: 66556 | J17: 69815 | L17: 71528 | N17: 65509 | P17: 59853 | R17: 52607 | T17: 69489 | V17: 51624 | X17: 54726 | Z17: 63078 | AB17: 79141 | AD17: 103303 | AF17: 105848 | AH17: 108811 | AJ17: 122120 | AL17: 159082 | AN17: 205139 | AP17: 205273 | AR17: 226922 | AT17: 271795 | AV17: 232718 | AX17: 276728 | AZ17: 239120 | BB17: 223508 | BD17: 344358 | BF17: 298446 | BH17: 375586 | BJ17: 369453 | BL17: 378588 | BN17: 414199 | BP17: 417547 | BR17: 435138
A18: Contas a receber - partes relacionadas | B18: 1 | D18: 1 | F18: 0 | H18: 0 | J18: 0 | L18: 0 | N18: 0 | P18: 0 | R18: 0 | T18: 3 | V18: 0 | X18: 0 | Z18: 0 | AB18: 0 | AH18: 0 | AJ18: 0 | AL18: 0 | AN18: 0 | AP18: 0 | AR18: 0 | AT18: 0 | AV18: 0 | AX18: 0 | AZ18: 126 | BB18: 22 | BD18: 11850 | BF18: 21087 | BH18: 4654 | BJ18: 6214 | BL18: 9237 | BN18: 15198 | BP18: 22255 | BR18: 29441
A19: Mútuo a receber - partes relacionadas | B19: 0 | D19: 0 | F19: 0 | H19: 0 | J19: 0 | L19: 0 | N19: 0 | P19: 272 | R19: 0 | T19: 0 | V19: 0 | X19: 0 | Z19: 0 | AB19: 0 | AD19: 0 | AH19: 0 | AJ19: 0 | AL19: 0 | AN19: 0 | AP19: 0 | AR19: 0 | AT19: 0 | AV19: 0 | AX19: 0 | AZ19: 0 | BB19: 0 | BD19: 0 | BF19: 0 | BH19: 0 | BJ19: 0 | BL19: 0 | BN19: 0 | BP19: 0 | BR19: 0
A20: Estoques | B20: 1662 | D20: 67 | F20: 1469 | H20: 1529 | J20: 1052 | L20: 1336 | N20: 684 | P20: 1442 | R20: 692 | T20: 924 | V20: 639 | X20: 1172 | Z20: 1282 | AB20: 2619 | AD20: 2954 | AF20: 3483 | AH20: 3628 | AJ20: 3529 | AL20: 4308 | AN20: 5660 | AP20: 5361 | AR20: 4729 | AT20: 4796 | AV20: 5988 | AX20: 4609 | AZ20: 4431 | BB20: 5692 | BD20: 5732 | BF20: 5778 | BH20: 6781 | BJ20: 5964 | BL20: 5878 | BN20: 8908 | BP20: 9582 | BR20: 18915
A21: Créditos com funcionários | B21: 888 | D21: 1192 | F21: 1793 | H21: 1356 | J21: 1189 | L21: 1140 | N21: 1511 | P21: 1518 | R21: 1090 | T21: 1183 | V21: 1191 | X21: 1524 | Z21: 1248 | AB21: 1516 | AD21: 1952 | AF21: 2549 | AH21: 2299 | AJ21: 2360 | AL21: 2890 | AN21: 3195 | AP21: 0 | AR21: 0 | AT21: 0 | AV21: 0 | AX21: 0 | AZ21: 0 | BB21: 0 | BD21: 0 | BF21: 0 | BH21: 0 | BJ21: 0 | BL21: 0 | BN21: 0 | BP21: 0 | BR21: 0
A22: Tributos a recuperar | B22: 11873 | D22: 12686 | F22: 14387 | H22: 18521 | J22: 23011 | L22: 24610 | N22: 25535 | P22: 25518 | R22: 25022 | T22: 25696 | V22: 27577 | X22: 27586 | Z22: 22788 | AB22: 20244 | AD22: 18391 | AF22: 13698 | AH22: 12693 | AJ22: 12075 | AL22: 14482 | AN22: 16359 | AP22: 12392 | AR22: 13637 | AT22: 17981 | AV22: 19928 | AX22: 15428 | AZ22: 21558 | BB22: 27110 | BD22: 25967 | BF22: 20037 | BH22: 27294 | BJ22: 33668 | BL22: 19885 | BN22: 28171 | BP22: 37143 | BR22: 43262
A23: Dividendos a receber | B23: 765 | D23: 0 | F23: 0 | H23: 0 | J23: 0 | L23: 0 | N23: 0 | P23: 0 | R23: 0 | T23: 0 | V23: 0 | X23: 0 | Z23: 0 | AB23: 0 | AD23: 0 | AH23: 0 | AJ23: 0 | AL23: 0 | AN23: 0 | AP23: 0 | AR23: 0 | AT23: 0 | AV23: 0 | AX23: 0 | AZ23: 0 | BB23: 0 | BD23: 0 | BF23: 0 | BH23: 0 | BJ23: 0 | BL23: 0 | BN23: 0 | BP23: 0 | BR23: 0
A24: Dididendos antecipados | AJ24: 0 | AL24: 10908 | AN24: 10908 | AP24: 0 | AR24: 949 | AT24: 0 | AV24: 0 | AX24: 0 | AZ24: 0 | BB24: 0 | BD24: 0 | BF24: 0 | BH24: 0 | BJ24: 0 | BL24: 0 | BN24: 0 | BP24: 0 | BR24: 0
A25: Despesas antecipadas | B25: 2964 | D25: 2814 | F25: 1664 | H25: 1889 | J25: 3682 | L25: 3569 | N25: 2809 | P25: 2196 | R25: 3043 | T25: 3623 | V25: 2113 | X25: 1612 | Z25: 5485 | AB25: 5745 | AD25: 5255 | AF25: 4646 | AH25: 7174 | AJ25: 5135 | AL25: 7736 | AN25: 6669 | AP25: 0 | AR25: 0 | AT25: 0 | AV25: 0 | AX25: 0 | AZ25: 0 | BB25: 0 | BD25: 0 | BF25: 0 | BH25: 0 | BJ25: 0 | BL25: 0 | BN25: 0 | BP25: 0 | BR25: 0
A26: Instrumentos Financeiros Derivativos | T26: 12218 | V26: 12218 | X26: 0 | Z26: 0 | AB26: 0 | AD26: 0 | AH26: 0 | AJ26: 0 | AL26: 0 | AN26: 0 | AP26: 0 | AR26: 0 | AT26: 0 | AV26: 0 | AX26: 0 | AZ26: 0 | BB26: 0 | BD26: 0 | BF26: 0 | BH26: 0 | BJ26: 0 | BL26: 0 | BN26: 0 | BP26: 0 | BR26: 0
A27: Instrumento derivativo financeiro (Swap) | B27: 0 | D27: 0 | F27: 1844 | H27: 2906 | J27: 2163 | L27: 1197 | N27: 538 | P27: 266 | R27: 132 | T27: 108 | V27: 1899 | X27: 59 | Z27: 0 | AB27: 0 | AD27: 0 | AH27: 0 | AJ27: 0 | AL27: 6 | AN27: 24 | AP27: 0 | AR27: 288 | AT27: 259 | AV27: 598 | AX27: 0 | AZ27: 0 | BB27: 0 | BD27: 0 | BF27: 2685 | BH27: 4321 | BJ27: 3451.6145 | BL27: 6911 | BN27: 9564 | BP27: 7403 | BR27: 13
A28: Outros créditos a receber | B28: 2656 | D28: 2656 | F28: 0 | H28: 0 | J28: 0 | L28: 0 | N28: 0 | P28: 0 | R28: 0 | T28: 0 | V28: 0 | X28: 0 | Z28: 0 | AB28: 0 | AD28: 0 | AH28: 0 | AJ28: 0 | AL28: 0 | AN28: 0 | AP28: 0 | AR28: 0 | AT28: 0 | AV28: 0 | AX28: 0 | AZ28: 0 | BB28: 0 | BD28: 0 | BF28: 0 | BH28: 0 | BJ28: 0 | BL28: 0 | BN28: 0 | BP28: 0 | BR28: 0
A29: Outros ativos circulantes | B29: 190 | D29: 402 | F29: =1461-1 -> 1460 | H29: 1891 | J29: 976 | L29: 1002 | N29: 1448 | P29: 1314 | R29: 748 | T29: 1618 | V29: 469 | X29: 331 | Z29: 544 | AB29: 612 | AD29: 763 | AF29: 833 | AH29: 850 | AJ29: 1179 | AL29: 1498 | AN29: 1883 | AP29: 14975 | AR29: 16082 | AT29: 20221 | AV29: 15569 | AX29: 11560 | AZ29: 10882 | BB29: 15623 | BD29: 36951 | BF29: 17992 | BH29: 16132 | BJ29: 20190 | BL29: 21564 | BN29: 16350 | BP29: 29294 | BR29: 29893
B30: =SUM(B14:B29) -> 90691 | D30: =SUM(D14:D29) -> 99198 | F30: =SUM(F14:F29) -> 98335 | H30: =SUM(H14:H29) -> 99755 | J30: =SUM(J14:J29) -> 105316 | L30: =SUM(L14:L29) -> 109486 | N30: =SUM(N14:N29) -> 124944 | P30: =SUM(P14:P29) -> 119048 | R30: =SUM(R14:R29) -> 127862 | T30: =SUM(T14:T29) -> 262314 | V30: =SUM(V14:V29) -> 246837 | X30: =SUM(X14:X29) -> 222451 | Z30: =SUM(Z14:Z29) -> 204847 | AB30: =SUM(AB14:AB29) -> 188441 | AD30: =SUM(AD14:AD29) -> 203175 | AF30: =SUM(AF14:AF29) -> 202167 | AH30: =SUM(AH14:AH29) -> 212104 | AJ30: =SUM(AJ14:AJ29) -> 212805 | AL30: =SUM(AL14:AL29) -> 258358 | AN30: =SUM(AN14:AN29) -> 353857 | AP30: =SUM(AP14:AP29) -> 353888 | AR30: =SUM(AR14:AR29) -> 453844 | AT30: =SUM(AT14:AT29) -> 393916 | AV30: =SUM(AV14:AV29) -> 367810 | AX30: =SUM(AX14:AX29) -> 445227 | AZ30: =SUM(AZ14:AZ29) -> 461958 | BB30: =SUM(BB14:BB29) -> 463501 | BD30: =SUM(BD14:BD29) -> 617973 | BF30: =SUM(BF14:BF29) -> 609764 | BH30: =SUM(BH14:BH29) -> 795229 | BJ30: =SUM(BJ14:BJ29) -> 806836.61 | BL30: =SUM(BL14:BL29) -> 932157 | BN30: =SUM(BN14:BN29) -> 846970 | BP30: =SUM(BP14:BP29) -> 835595 | BR30: =SUM(BR14:BR29) -> 870049
A31: NÃO CIRCULANTE
A32: Contas a receber | B32: 805 | D32: 334 | F32: 177 | H32: 0 | J32: 0 | L32: 0 | N32: 0 | P32: 0 | R32: 0 | T32: 0 | V32: 0 | X32: 0 | Z32: 0 | AB32: 0 | AD32: 0 | AF32: 0 | AH32: 0 | AJ32: 0 | AL32: 0 | AN32: 0 | AP32: 0 | AR32: 0 | AT32: 0 | AV32: 0 | AX32: 0 | AZ32: 0 | BB32: 0 | BD32: 0 | BF32: 0 | BH32: 0 | BJ32: 0 | BL32: 0 | BN32: 0 | BP32: 0 | BR32: 0
A33: Notas promissórias e confissão de dívida a receber | B33: 0 | D33: 0 | F33: 0 | H33: 0 | J33: 0 | L33: 0 | N33: 0 | P33: 997 | R33: 997 | T33: 4251 | V33: 4251 | X33: 4251 | Z33: 4251 | AB33: 4251 | AD33: 4251 | AF33: 4251 | AH33: 4251 | AJ33: 4251 | AL33: 4251 | AN33: 4251 | AP33: 4251.1883 | AR33: 4251 | AT33: 4805 | AV33: 4805 | AX33: 4805 | AZ33: 4804.6894 | BB33: 4805 | BD33: 5452 | BF33: 5100 | BH33: 5123 | BJ33: 5658 | BL33: 5692 | BN33: 5714 | BP33: 5744 | BR33: 5582
A34: Títulos e valores mobiliários | B34: 0 | D34: 0 | F34: 0 | H34: 16 | J34: 46 | L34: 76 | N34: 106 | P34: 137 | R34: 0 | T34: 0 | V34: 0 | X34: 0 | Z34: 0 | AB34: 0 | AD34: 0 | AF34: 1317 | AH34: 1317 | AJ34: 1317 | AL34: 1317 | AN34: 1317 | AP34: 1317 | AR34: 1317 | AT34: 1317 | AV34: 1371 | AX34: 1371 | AZ34: 1317 | BB34: 2013 | BD34: 2767 | BF34: 2812 | BH34: 2839 | BJ34: 2870 | BL34: 2894 | BN34: 2928 | BP34: 2963 | BR34: 3010
A35: Mútuo a receber - partes relacionadas | B35: 0 | D35: 0 | F35: 0 | H35: 0 | J35: 245 | L35: 254 | N35: 263 | P35: 0 | R35: 0 | T35: 0 | V35: 0 | X35: 0 | Z35: 0 | AB35: 0 | AD35: 0 | AH35: 0 | AJ35: 0 | AL35: 0 | AN35: 0 | AP35: 0 | AR35: 0 | AT35: 0 | AV35: 0 | AX35: 0 | AZ35: 0 | BB35: 0 | BD35: 0 | BF35: 0 | BH35: 0 | BJ35: 0 | BL35: 0 | BN35: 0 | BP35: 0 | BR35: 0
A36: Créditos com funcionários | B36: 38 | D36: 0 | F36: 4 | H36: 2 | J36: 0 | L36: 0 | N36: 0 | P36: 0 | R36: 0 | T36: 313 | V36: 202 | X36: 163 | Z36: 171 | AB36: 153 | AD36: 207 | AF36: 154 | AH36: 154 | AJ36: 21 | AL36: 8 | AN36: 5 | AP36: 3 | AR36: 0 | AT36: 0 | AV36: 0 | AX36: 0 | AZ36: 0 | BB36: 0 | BD36: 0 | BF36: 0 | BH36: 0 | BJ36: 0 | BL36: 0 | BN36: 0 | BP36: 0 | BR36: 0
A37: Outros créditos a receber | B37: 0 | D37: 23 | F37: 2656 | H37: 2656 | J37: 2656 | L37: 2656 | N37: 2656 | P37: 2656 | R37: 2656 | T37: 2656 | V37: 2656 | X37: 2656 | Z37: 2656 | AB37: 2656 | AD37: 2656 | AF37: 2656 | AH37: 2656 | AJ37: 2656 | AL37: 2655.6197 | AN37: 2656 | AP37: 0 | AR37: 0 | AT37: 0 | AV37: 0 | AX37: 0 | AZ37: 0 | BB37: 0 | BD37: 0
A38: Outros ativos não circulantes | X38: 51 | Z38: 52 | AB38: 52 | AD38: 52 | AF38: 52 | AH38: 52 | AJ38: 64 | AL38: 64 | AN38: 74 | AP38: 1935 | AR38: 2038 | AT38: 2059 | AV38: 2074 | AX38: 339 | AZ38: 414 | BB38: 524 | BD38: 578 | BF38: 1091 | BH38: 1347 | BJ38: 1297 | BL38: 1391 | BN38: 1513 | BP38: 1646 | BR38: 1402
A39: Despesas antecipadas | B39: 82 | D39: 68 | F39: 53 | H39: 39 | J39: 24 | L39: 10 | N39: 0 | P39: 0 | R39: 0 | T39: 0 | V39: 0 | X39: 0 | Z39: 0 | AB39: 0 | AD39: 0 | AH39: 0 | AJ39: 0 | AL39: 144 | AN39: 133 | AP39: 0 | AT39: 0 | AV39: 0 | AX39: 0 | AZ39: 0 | BB39: 0 | BD39: 0
A40: Instrumentos Financeiros Derivativos | B40: 1923 | D40: 2377 | F40: 5525 | H40: 5861 | J40: 5820 | L40: 5689 | N40: 4866 | P40: 4193 | R40: 4455 | T40: 0 | V40: 0 | X40: 0 | Z40: 0 | AB40: 0 | AD40: 0 | AH40: 0 | AJ40: 0 | AL40: 0 | AN40: 3613 | AP40: 0 | AR40: 0 | AT40: 0 | AV40: 0 | AX40: 0 | AZ40: 0 | BB40: 0 | BD40: 0 | BF40: 0 | BH40: 0 | BJ40: 0 | BL40: 0 | BN40: 0 | BP40: 0
A41: Tributos a recuperar | B41: 315 | D41: 315 | F41: 315 | H41: 315 | J41: 315 | L41: 315 | N41: 303 | P41: 1126 | R41: 1149 | T41: 1030 | V41: 1030 | X41: 929 | Z41: 854 | AB41: 854 | AD41: 67 | AF41: 67 | AH41: 854 | AJ41: 668 | AL41: 639 | AN41: 419 | AP41: 327 | AR41: 307 | AT41: 242 | AV41: 228 | AX41: 602 | AZ41: 602 | BB41: 567 | BD41: 567 | BF41: 0 | BH41: 0 | BJ41: 0 | BL41: 0 | BN41: 0 | BP41: 0 | BR41: 0
A42: Tributos diferidos | B42: 12622 | D42: 12783 | F42: 14839 | H42: 13511 | J42: 16813 | L42: 19263 | N42: 20598 | P42: 23668 | R42: 18047 | T42: 14699 | V42: 13739 | X42: 18187 | Z42: 34592 | AB42: 35603 | AD42: 36604 | AF42: 37741 | AH42: 41378 | AJ42: 41597 | AL42: 41914 | AN42: 42898 | AP42: 48007 | AR42: 49970 | AT42: 51621 | AV42: 53745 | AX42: 64509 | AZ42: 71481 | BB42: 77689 | BD42: 82182 | BF42: 71891 | BH42: 81200 | BJ42: 89801 | BL42: 95473 | BN42: 82176 | BP42: 79940 | BR42: 85973
A43: Depósitos judiciais | B43: 507 | D43: 547 | F43: 607 | H43: 645 | J43: 711 | L43: 915 | N43: 938 | P43: 1066 | R43: 1067 | T43: 1068 | V43: 1219 | X43: 3828 | Z43: 3834 | AB43: 3894 | AD43: 4028 | AF43: 4130 | AH43: 3962 | AJ43: 3945 | AL43: 4031 | AN43: 4250 | AP43: 4426 | AR43: 4302 | AT43: 4575 | AV43: 4782 | AX43: 4910 | AZ43: 7440 | BB43: 5620 | BD43: 5470 | BF43: 5689 | BH43: 5921 | BJ43: 6517 | BL43: 6900 | BN43: 16856 | BP43: 17290 | BR43: 17732
A44: Investimentos | B44: 1247 | D44: 1854 | F44: 2292 | H44: 2408 | J44: 1696 | L44: 1533 | N44: 1821 | P44: 1565 | R44: 1728 | T44: 1945 | V44: 0 | X44: 0 | Z44: 0 | AB44: 0 | AD44: 0 | AH44: 0 | AJ44: 0 | AL44: 0 | AN44: 0 | AP44: -1e-05 | AR44: 0 | AT44: 5.9371814e-12 | AV44: 2.7939677e-11 | AX44: -9.9999559e-06 | AZ44: -9.9999559e-06 | BB44: 0 | BD44: 0 | BF44: 0 | BH44: 0 | BJ44: 57 | BL44: 224 | BN44: 224 | BP44: 224 | BR44: 474
A45: Imobilizado e ativo de direito de uso | B45: 66169 | D45: 67664 | F45: 68049 | H45: 66735 | J45: 67964 | L45: 78724 | N45: 80360 | P45: 80430 | R45: 77024 | T45: 74242 | V45: 70589 | X45: 71121 | Z45: 75485 | AB45: 91928 | AD45: 91680 | AF45: 97135 | AH45: 99594 | AJ45: 117618 | AL45: 132806 | AN45: =131066+20684 -> 151750 | AP45: 174189 | AR45: 192045 | AT45: 211083 | AV45: 230886 | AX45: 255291 | AZ45: 263546 | BB45: 272059 | BD45: 294753 | BF45: 301842 | BH45: 295894 | BJ45: 296699 | BL45: 296692 | BN45: 572092 | BP45: 582386 | BR45: 573125
A46: Intangível | B46: 8007 | D46: 7589 | F46: 7172 | H46: 6763 | J46: 6380 | L46: 5943 | N46: 5461 | P46: 5017 | R46: 4556 | T46: 4123 | V46: =4267+867 -> 5134 | X46: 4863 | Z46: 9888 | AB46: 9553 | AD46: 9177 | AF46: 8783 | AH46: 8055 | AJ46: 25498 | AL46: 28871 | AN46: 33035 | AP46: 31596 | AR46: 54677 | AT46: 56645 | AV46: 58360 | AX46: 59950 | AZ46: 60638 | BB46: 88221 | BD46: 197634 | BF46: 245411 | BH46: 225826 | BJ46: 219599 | BL46: 214265 | BN46: 362170 | BP46: 352266 | BR46: 345118
B47: =SUM(B32:B46) -> 91715 | D47: =SUM(D32:D46) -> 93554 | F47: =SUM(F32:F46) -> 101689 | H47: =SUM(H32:H46) -> 98951 | J47: =SUM(J32:J46) -> 102670 | L47: =SUM(L32:L46) -> 115378 | N47: =SUM(N32:N46) -> 117372 | P47: =SUM(P32:P46) -> 120855 | R47: =SUM(R32:R46) -> 111679 | T47: =SUM(T32:T46) -> 104327 | V47: =SUM(V32:V46) -> 98820 | X47: =SUM(X32:X46) -> 106049 | Z47: =SUM(Z32:Z46) -> 131783 | AB47: =SUM(AB32:AB46) -> 148944 | AD47: =SUM(AD32:AD46) -> 148722 | AF47: =SUM(AF32:AF46) -> 156286 | AH47: =SUM(AH32:AH46) -> 162273 | AJ47: =SUM(AJ32:AJ46) -> 197635 | AL47: =SUM(AL32:AL46) -> 216700.62 | AN47: =SUM(AN32:AN46) -> 244401 | AP47: =SUM(AP32:AP46) -> 266051.19 | AR47: =SUM(AR32:AR46) -> 308907 | AT47: =SUM(AT32:AT46) -> 332347 | AV47: =SUM(AV32:AV46) -> 356251 | AX47: =SUM(AX32:AX46) -> 391777 | AZ47: =SUM(AZ32:AZ46) -> 410242.69 | BB47: =SUM(BB32:BB46) -> 451498 | BD47: =SUM(BD32:BD46) -> 589403 | BF47: =SUM(BF32:BF46) -> 633836 | BH47: =SUM(BH32:BH46) -> 618150 | BJ47: =SUM(BJ32:BJ46) -> 622498 | BL47: =SUM(BL32:BL46) -> 623531 | BN47: =SUM(BN32:BN46) -> 1043673 | BP47: =SUM(BP32:BP46) -> 1042459 | BR47: =SUM(BR32:BR46) -> 1032416
A49: TOTAL DO ATIVO | B49: =B47+B30 -> 182406 | D49: =D47+D30 -> 192752 | F49: =F47+F30 -> 200024 | H49: =H47+H30 -> 198706 | J49: =J47+J30 -> 207986 | L49: =L47+L30 -> 224864 | N49: =N47+N30 -> 242316 | P49: =P47+P30 -> 239903 | R49: =R47+R30 -> 239541 | T49: =T47+T30 -> 366641 | V49: =V47+V30 -> 345657 | X49: =X47+X30 -> 328500 | Z49: =Z47+Z30 -> 336630 | AB49: =SUM(AB30+AB47) -> 337385 | AD49: =SUM(AD30+AD47) -> 351897 | AF49: =SUM(AF30+AF47) -> 358453 | AH49: =SUM(AH30+AH47) -> 374377 | AJ49: =SUM(AJ30+AJ47) -> 410440 | AL49: =SUM(AL30+AL47) -> 475058.62 | AN49: =SUM(AN30+AN47) -> 598258 | AP49: =SUM(AP30+AP47) -> 619939.19 | AR49: =SUM(AR30+AR47) -> 762751 | AT49: =SUM(AT30+AT47) -> 726263 | AV49: =SUM(AV30+AV47) -> 724061 | AX49: =SUM(AX30+AX47) -> 837004 | AZ49: =SUM(AZ30+AZ47) -> 872200.69 | BB49: =SUM(BB30+BB47) -> 914999 | BD49: =SUM(BD30+BD47) -> 1207376 | BF49: =SUM(BF30+BF47) -> 1243600 | BH49: =SUM(BH30+BH47) -> 1413379 | BJ49: =SUM(BJ30+BJ47) -> 1429334.6 | BL49: =SUM(BL30+BL47) -> 1555688 | BN49: =SUM(BN30+BN47) -> 1890643 | BP49: =SUM(BP30+BP47) -> 1878054 | BR49: =SUM(BR30+BR47) -> 1902465
A51: PASSIVO E PATRIMÔNIO LÍQUIDO
A53: CIRCULANTE
A54: Fornecedores | B54: 8092 | D54: 11524 | F54: 8844 | H54: 9590 | J54: 12846 | L54: 14878 | N54: 12560 | P54: 11768 | R54: 9419 | T54: 8461 | V54: 6606 | X54: 7124 | Z54: 11478 | AB54: 12157 | AD54: 12457 | AF54: 13559 | AH54: 17250 | AJ54: 18095 | AL54: 26499 | AN54: 29798 | AP54: 33383 | AR54: 36383 | AT54: 33689 | AV54: 29052 | AX54: 38577 | AZ54: 20957 | BB54: 21204 | BD54: 59339 | BF54: 42428 | BH54: 37327 | BJ54: 36462 | BL54: 30910 | BN54: 59384 | BP54: 45528 | BR54: 56286
A55: Fornecedores - partes relacionadas | B55: 1540 | D55: 13 | F55: 741 | H55: 298 | J55: 400 | L55: 75 | N55: 153 | P55: 996 | R55: 342 | T55: 220 | V55: 0 | X55: 0 | Z55: 0 | AB55: 0 | AD55: 0 | AH55: 0 | AJ55: 1e-05 | AL55: -5e-05 | AN55: 4e-05 | AP55: 6e-05 | AR55: 0 | AT55: 0 | AV55: 0 | AX55: 0 | AZ55: 0 | BB55: 0 | BD55: 700 | BF55: 2139 | BH55: 1188 | BJ55: 1368 | BL55: 2310 | BN55: 2799 | BP55: 2595 | BR55: 3199
A56: Operações de risco sacado | B56: 0 | D56: 0 | F56: 0 | H56: 0 | J56: 0 | L56: 0 | N56: 2505 | P56: 7945 | R56: 5347 | T56: 0 | V56: 0 | X56: 0 | Z56: 0 | AB56: 0 | AD56: 0 | AH56: 0 | AJ56: 0 | AL56: 2939 | AN56: 6941 | AP56: 19790 | AR56: 25736 | AT56: 11003 | AV56: 0 | AX56: 0 | AZ56: 0 | BB56: 0 | BD56: 0 | BF56: 0 | BH56: 0 | BJ56: 0 | BL56: 0 | BN56: 0 | BP56: 0 | BR56: 0
A57: Empréstimos e financiamentos | B57: 43774 | D57: =53757+2 -> 53759 | F57: 43836 | H57: 46112 | J57: 53735 | L57: 56805 | N57: 11932 | P57: 8334 | R57: 8854 | T57: 4515 | V57: 5134 | X57: 2164 | Z57: 929 | AB57: 656 | AD57: 4350 | AF57: 4727 | AH57: =9159+23705 -> 32864 | AJ57: =10693+21211 -> 31904 | AL57: =20327+17528 -> 37855 | AN57: =28883+11399 -> 40282 | AP57: 35653 | AR57: 40687 | AT57: 48643 | AV57: 60453 | AX57: 77019 | AZ57: 91419 | BB57: 95471 | BD57: 97974 | BF57: 267358 | BH57: 127847 | BJ57: 121775 | BL57: 109969 | BN57: 202682 | BP57: 203504 | BR57: 141755
A58: Debêntures não conversíveis em ações | B58: 0 | D58: 0 | F58: 0 | H58: 0 | J58: 0 | L58: 0 | N58: 629 | P58: 3981 | R58: 11513 | T58: 17790 | V58: 22764 | X58: 24430 | Z58: 24410 | AB58: 24449 | AD58: 24463 | AF58: 24484 | AH58: 0 | AJ58: 0 | AL58: 0 | AN58: 0 | AP58: 0 | AR58: 0 | AT58: 0 | AV58: 0 | AX58: 0 | AZ58: 0 | BB58: 0 | BD58: 0 | BF58: 0 | BH58: 0 | BJ58: 0 | BL58: 0 | BN58: 0 | BP58: 0 | BR58: 0
A59: Duplicatas descontadas a pagar | B59: 0 | D59: 0 | F59: 0 | H59: 0 | J59: 0 | L59: 0 | N59: 0 | P59: 0 | R59: 0 | T59: 0 | V59: 0 | X59: 0 | Z59: 0 | AB59: 0 | AD59: 0 | AF59: 0 | AH59: 0 | AJ59: 0 | AL59: 0 | AN59: 0 | AP59: 7691 | AR59: 2100 | AT59: 20 | AV59: 0 | AX59: 0 | AZ59: 0 | BB59: 0 | BD59: 0 | BF59: 0 | BH59: 0 | BJ59: 0 | BL59: 0 | BN59: 0
A60: Arrendamento financeiro a pagar - Direitos de uso CPC 06 | B60: 0 | D60: 0 | F60: 0 | H60: 0 | J60: 0 | L60: 1517 | N60: 1847 | P60: 1500 | R60: 1601 | T60: 1639 | V60: 1731 | X60: 1811 | Z60: 2085 | AB60: 2103 | AD60: 2184 | AF60: 2331 | AH60: 2343 | AJ60: 4013 | AL60: 4361 | AN60: 4588 | AP60: 4555 | AR60: 4438 | AT60: 4941 | AV60: 5031 | AX60: 5127 | AZ60: 4531 | BB60: 4043 | BD60: 5432 | BF60: 5817 | BH60: 5889 | BJ60: 6364 | BL60: 6450 | BN60: 7485 | BP60: 7179 | BR60: 6904
A61: Salários e Encargos Sociais | B61: 21510 | D61: 26582 | F61: 36642 | H61: 34914 | J61: 28385 | L61: 31788 | N61: 35377 | P61: 34811 | R61: 24967 | T61: 21521 | V61: 21683 | X61: 21661 | Z61: 17778 | AB61: 23144 | AD61: 33303 | AF61: 41306 | AH61: 32982 | AJ61: 40932 | AL61: 55515 | AN61: 71069 | AP61: 69116 | AR61: 74887 | AT61: 82899 | AV61: 97465 | AX61: 78670 | AZ61: 75311 | BB61: 77802 | BD61: 119224 | BF61: 100936 | BH61: 110759 | BJ61: 110951 | BL61: 118566 | BN61: 121016 | BP61: 126303 | BR61: 127529
A62: Imposto de renda e contribuição social | B62: 847 | D62: 901 | F62: 1010 | H62: 999 | J62: 1685 | L62: 1736 | N62: 1411 | P62: 1622 | R62: 1667 | T62: 1546 | V62: 2815 | X62: 1164 | Z62: 1417 | AB62: 1585 | AD62: 1858 | AF62: 1935 | AH62: 1850 | AJ62: 3843 | AL62: 4778 | AN62: 7171 | AP62: 7608 | AR62: 5559 | AT62: 5981 | AV62: 4340 | AX62: 6743 | AZ62: 0 | BB62: 0 | BD62: 0 | BF62: 0 | BH62: 0 | BJ62: 0 | BL62: 0 | BN62: 0 | BR62: 0
A63: Tributos a Pagar | B63: 3203 | D63: 3617 | F63: 2959 | H63: 2501 | J63: 2596 | L63: 3007 | N63: 3142 | P63: 2844 | R63: 2948 | T63: 3039 | V63: 3857 | X63: 2942 | Z63: 2904 | AB63: 2835 | AD63: 2895 | AF63: 3043 | AH63: 2730 | AJ63: 4000 | AL63: 7863 | AN63: 10740 | AP63: 8608 | AR63: 9305 | AT63: 9312 | AV63: 9594 | AX63: 10264 | AZ63: 9752 | BB63: 13350 | BD63: 27543 | BF63: 16443 | BH63: 14651 | BJ63: 14657 | BL63: 14533 | BN63: 18266 | BP63: 20860 | BR63: 17230
A64: Juros sobre capital próprio e dividendos a pagar | B64: 3992 | D64: 1996 | F64: 1996 | H64: 1996 | J64: 1996 | L64: 1692 | N64: 2111 | P64: 1808 | R64: 1808 | T64: 0 | V64: 0 | X64: 0 | Z64: 0 | AB64: 0 | AD64: 0 | AF64: 0 | AH64: 3443 | AJ64: 1507 | AL64: 7e-05 | AN64: 7e-05 | AP64: 41386 | AR64: 41386 | AT64: 0 | AV64: 1000 | AX64: 11756 | AZ64: 11756 | BB64: 4400 | BD64: 0 | BF64: 13590 | BH64: 13590 | BJ64: 217 | BL64: 217 | BN64: 41000 | BP64: 41000 | BR64: 15708
A65: Contas a pagar por aquisição societária | B65: 5904 | D65: 5860 | F65: 983 | H65: 6526 | J65: 6525 | L65: 6543 | N65: 6585 | P65: 8139 | R65: 7864 | T65: 4087 | V65: 0 | X65: 3312 | Z65: 1097 | AB65: 1282 | AD65: 1454 | AF65: 1961 | AH65: 1017 | AJ65: 8303 | AL65: 14815 | AN65: 9992 | AP65: 14473 | AR65: 16752 | AT65: 15241 | AV65: 17093 | AX65: 16298 | AZ65: 14961 | BB65: 24710 | BD65: 60100 | BF65: 67038 | BH65: 62990 | BJ65: 79724 | BL65: 80893 | BN65: 83303 | BP65: 85775 | BR65: 68750
A66: Instrumento derivativo financeiro - Swap | B66: 336 | D66: 16 | F66: 0 | H66: 0 | J66: 0 | L66: 0 | N66: 0 | P66: 0 | R66: 0 | T66: 0 | V66: 0 | X66: 0 | Z66: 0 | AB66: 0 | AD66: 0 | AF66: 0 | AH66: 450 | AJ66: 219 | AL66: 0 | AN66: 0 | AP66: 61 | AR66: 0 | AT66: 0 | AV66: 0 | AX66: 1858 | AZ66: 2454 | BB66: 1775 | BD66: 699 | BF66: 0 | BH66: 0 | BJ66: 3323 | BL66: 5646 | BN66: 2376 | BP66: 8764 | BR66: 8711
A67: Instrumentos financeiros derivativos | B67: 0 | D67: 0 | F67: 0 | H67: 0 | J67: 0 | L67: 0 | N67: 0 | P67: 0 | R67: 0 | T67: 0 | V67: 73 | X67: 0 | Z67: 0 | AB67: 0 | AD67: 0 | AF67: 0 | AH67: 0 | AJ67: 0 | AL67: 0 | AN67: 0 | AP67: 0 | AR67: 0 | AT67: 0 | AV67: 0 | AX67: 0 | AZ67: 0 | BB67: 0 | BD67: 0 | BF67: 0 | BH67: 0 | BJ67: 0 | BL67: 0 | BN67: 0 | BP67: 0 | BR67: 0
A68: Mútuo a pagar | B68: 0 | D68: 0 | F68: 1014 | H68: 2603 | J68: 2676 | L68: 7462 | N68: 9325 | P68: 9507 | R68: 9613 | T68: 0 | V68: 0 | X68: 0 | Z68: 0 | AB68: 0 | AD68: 0 | AF68: 0 | AH68: 0 | AJ68: 0 | AL68: 0 | AN68: 0 | AP68: 0 | AR68: 0 | AT68: 0 | AV68: 0 | AX68: 0 | AZ68: 0 | BB68: 0 | BD68: 0 | BF68: 0 | BH68: 0 | BJ68: 0 | BL68: 0 | BN68: 0 | BP68: 0 | BR68: 0
A69: Provisões | B69: 0 | D69: 1683 | F69: 2666 | H69: 2187 | J69: 3173 | L69: 5147 | N69: 3147 | P69: 5506 | R69: 7229 | T69: 6923 | V69: 4452 | X69: 3469 | Z69: 4255 | AB69: 5871 | AD69: 8403 | AF69: 10805 | AH69: 9773 | AJ69: 12426 | AL69: 12647 | AN69: 13175 | AP69: 15624 | AR69: 19703 | AT69: 20115 | AV69: 22102 | AX69: 29299 | AZ69: 26048 | BB69: 20826 | BD69: 23733 | BF69: 29883 | BH69: 29821 | BJ69: 15281 | BL69: 14186 | BN69: 26770 | BP69: 24868 | BR69: 21504
A70: Adiantamento de clientes | B70: 0 | D70: 0 | F70: 0 | H70: 0 | J70: 0 | L70: 0 | N70: 0 | P70: 0 | R70: 0 | T70: 0 | V70: 0 | X70: 0 | Z70: 0 | AB70: 0 | AD70: 0 | AF70: 0 | AH70: 0 | AJ70: 0 | AL70: 0 | AN70: 0 | AP70: 0 | AR70: 0 | AT70: 0 | AV70: 0 | AX70: 0 | AZ70: 0 | BB70: 0 | BD70: 0 | BF70: 0 | BH70: 0 | BJ70: 0
A71: Outros Passivos | B71: 465 | D71: =572+1 -> 573 | F71: =779+1 -> 780 | H71: 448 | J71: 793 | L71: 482 | N71: 1727 | P71: 2491 | R71: 2008 | T71: 303 | V71: 265 | X71: 224 | Z71: 255 | AB71: 184 | AD71: 209 | AF71: 166 | AH71: 1659 | AJ71: 1800 | AL71: 3374 | AN71: 9087 | AP71: 1174 | AR71: 12945 | AT71: 6876 | AV71: 1270 | AX71: 1461 | AZ71: 751 | BB71: 1145 | BD71: 1173 | BF71: 1174 | BH71: 2132 | BJ71: 1117 | BL71: 1629 | BN71: 8844 | BP71: 3923 | BR71: 2928
B72: =SUM(B54:B71) -> 89663 | D72: =SUM(D54:D71) -> 106524 | F72: =SUM(F54:F71) -> 101471 | H72: =SUM(H54:H71) -> 108174 | J72: =SUM(J54:J71) -> 114810 | L72: =SUM(L54:L71) -> 131132 | N72: =SUM(N54:N71) -> 92451 | P72: =SUM(P54:P71) -> 101252 | R72: =SUM(R54:R71) -> 95180 | T72: =SUM(T54:T71) -> 70044 | V72: =SUM(V54:V71) -> 69380 | X72: =SUM(X54:X71) -> 68301 | Z72: =SUM(Z54:Z71) -> 66608 | AB72: =SUM(AB54:AB71) -> 74266 | AD72: =SUM(AD54:AD71) -> 91576 | AF72: =SUM(AF54:AF71) -> 104317 | AH72: =SUM(AH54:AH71) -> 106361 | AJ72: =SUM(AJ54:AJ71) -> 127042 | AL72: =SUM(AL54:AL71) -> 170646 | AN72: =SUM(AN54:AN71) -> 202843 | AP72: =SUM(AP54:AP71) -> 259122 | AR72: =SUM(AR54:AR71) -> 289881 | AT72: =SUM(AT54:AT71) -> 238720 | AV72: =SUM(AV54:AV71) -> 247400 | AX72: =SUM(AX54:AX71) -> 277072 | AZ72: =SUM(AZ54:AZ71) -> 257940 | BB72: =SUM(BB54:BB71) -> 264726 | BD72: =SUM(BD54:BD71) -> 395917 | BF72: =SUM(BF54:BF71) -> 546806 | BH72: =SUM(BH54:BH71) -> 406194 | BJ72: =SUM(BJ54:BJ71) -> 391239 | BL72: =SUM(BL54:BL71) -> 385309 | BN72: =SUM(BN54:BN71) -> 573925 | BP72: =SUM(BP54:BP71) -> 570299 | BR72: =SUM(BR54:BR71) -> 470504
A73: NÃO CIRCULANTE
A74: Fornecedores | B74: 0 | D74: 0 | F74: 0 | H74: 0 | J74: 0 | L74: 0 | N74: 0 | P74: 144 | R74: 144 | T74: 144 | V74: 144 | X74: 144 | Z74: 0 | AB74: 0 | AD74: 0 | AF74: 0 | AH74: 0 | AJ74: 0 | AL74: 0 | AN74: 0 | AP74: 0 | AR74: 0 | AT74: 0 | AV74: 16 | AX74: 0 | AZ74: 0 | BB74: 0 | BD74: 0 | BF74: 0 | BH74: 0 | BJ74: 0 | BL74: 0 | BN74: 0 | BP74: 0 | BR74: 0
A75: Empréstimos e financiamentos | B75: 21702 | D75: 13952 | F75: 16906 | H75: 16338 | J75: 13902 | L75: 10296 | N75: 5713 | P75: 4419 | R75: 3226 | T75: 1367 | V75: 1321 | X75: 1307 | Z75: 1149 | AB75: 985 | AD75: 820 | AF75: 652 | AH75: =21394+6082 -> 27476 | AJ75: =23727+2468 -> 26195 | AL75: 25503 | AN75: 76085 | AP75: 100695 | AR75: 197867 | AT75: 205869 | AV75: 190960 | AX75: 271542 | AZ75: 245981 | BB75: 284092 | BD75: 330276 | BF75: 196225 | BH75: 519515 | BJ75: 581426 | BL75: 557592 | BN75: 607927 | BP75: 603850 | BR75: 796148
A76: Debêntures não conversíveis em ações | B76: 0 | D76: 0 | F76: 0 | H76: 0 | J76: 0 | L76: 0 | N76: 64869 | P76: 61654 | R76: 54218 | T76: 48084 | V76: 41873 | X76: 35769 | Z76: 29622 | AB76: 23558 | AD76: 17456 | AF76: 11350 | AH76: 0 | AJ76: 0 | AL76: 0 | AN76: 0 | AP76: 0 | AR76: 0 | AT76: 0 | AV76: 0 | AX76: 0 | AZ76: 0 | BB76: 0 | BD76: 0 | BF76: 0 | BH76: 0 | BJ76: 0 | BL76: 0 | BN76: 0 | BP76: 0 | BR76: 0
A77: Arrendamento financeiro a pagar - Direitos de uso CPC 06 | B77: 0 | D77: 0 | F77: 0 | H77: 0 | J77: 0 | L77: 7097 | N77: 7250 | P77: 6828 | R77: 6618 | T77: 6240 | V77: 5853 | X77: 5714 | Z77: 5944 | AB77: 5464 | AD77: 5000 | AF77: 4925 | AH77: 4371 | AJ77: 14286 | AL77: 17842 | AN77: 17039 | AP77: 16310 | AR77: 15570 | AT77: 16216 | AV77: 16106 | AX77: 20281 | AZ77: 18555 | BB77: 17719 | BD77: 19953 | BF77: 19108 | BH77: 18898 | BJ77: 20571 | BL77: 19804 | BN77: 23312 | BP77: 22057 | BR77: 21435
A78: Tributos a Pagar | B78: 0 | D78: 0 | F78: 0 | H78: 0 | J78: 0 | L78: 0 | N78: 0 | P78: 0 | R78: 0 | T78: 0 | V78: 0 | X78: 0 | Z78: 0 | AB78: 1002 | AD78: 1105 | AH78: 0 | AJ78: 56 | AL78: 54 | AN78: 81 | AP78: 77 | AR78: 75 | AT78: 42 | AV78: 63 | AX78: 61 | AZ78: 60 | BB78: 58 | BD78: 2230 | BF78: 0 | BH78: 0 | BJ78: 0 | BL78: 0 | BN78: 0 | BR78: 0
A79: Mutuo a pagar | B79: 0 | D79: 3015 | F79: 3939 | H79: 4176 | J79: 4303 | L79: 1813 | N79: 121 | P79: 0 | R79: 0 | T79: 0 | V79: 0 | X79: 0 | Z79: 0 | AB79: 0 | AD79: 0 | AF79: 0 | AH79: 0 | AJ79: 901 | AL79: 1975 | AN79: 960 | AP79: 992 | AR79: 1024 | AT79: 0 | AV79: 0 | AX79: 0 | AZ79: 0 | BB79: 983 | BD79: 1008 | BF79: 0 | BH79: 0 | BJ79: 0 | BL79: 0 | BN79: 0 | BR79: 0
A80: Contas a pagar por aquisição societária | B80: 4612 | D80: 4503 | F80: 8316 | H80: 2373 | J80: 2193 | L80: 2020 | N80: 1836 | P80: 0 | R80: 0 | T80: 0 | V80: 3894 | X80: 2611 | Z80: 3476 | AB80: 3312 | AD80: 3176 | AF80: 2723 | AH80: 2732 | AJ80: 2793 | AL80: 2868 | AN80: 2957 | AP80: 15044 | AR80: 22296 | AT80: 19244 | AV80: 20228 | AX80: 20076 | AZ80: 13191 | BB80: 19012 | BD80: 88054 | BF80: 98717 | BH80: 95117 | BJ80: 63106 | BL80: 64152 | BN80: 108473 | BP80: 44438 | BR80: 45913
A81: Outras contas a pagar por aquisição societária | BF81: 3773 | BH81: 3880 | BJ81: 4002 | BL81: 4143 | BN81: 4284 | BP81: 4423 | BR81: 4562
A82: Instrumentos financeiros derivativos | B82: 4068 | D82: 3333 | F82: 2257 | H82: 1895 | J82: 1855 | L82: 1831 | N82: 1397 | P82: 70 | R82: 69 | T82: 73 | V82: 0 | X82: 0 | Z82: 0 | AB82: 0 | AD82: 0 | AF82: 0 | AH82: 0 | AJ82: 0 | AL82: 0 | AN82: 1206 | AP82: 0 | AR82: 0 | AT82: 0 | AV82: 0 | AX82: 0 | AZ82: 0 | BB82: 0 | BD82: 0 | BF82: 0 | BH82: 0 | BJ82: 0 | BL82: 0 | BN82: 0 | BR82: 0
A83: Tributos diferidos | B83: 2098 | D83: 680 | F83: 0 | H83: 0 | J83: 0 | L83: 0 | N83: 0 | P83: 0 | R83: 0 | T83: 0 | V83: 0 | X83: 0 | Z83: 0 | AB83: 0 | AD83: 0 | AF83: 0 | AH83: 0 | AJ83: 0 | AL83: 0 | AN83: 0 | AP83: 0 | AR83: 0 | AT83: 0 | AV83: 0 | AX83: 0 | AZ83: 0 | BB83: 0 | BD83: 0 | BF83: 0 | BH83: 0 | BJ83: 0 | BL83: 0 | BN83: 0 | BP83: 0 | BR83: 0
A84: Provisão para riscos tributários, cíveis e trabalhistas | B84: 5489 | D84: 5516 | F84: 5268 | H84: 5075 | J84: 4794 | L84: 5051 | N84: 5499 | P84: 5327 | R84: 5258 | T84: 5096 | V84: 4837 | X84: 4822 | Z84: 4093 | AB84: 4108 | AD84: 4168 | AF84: 3917 | AH84: 4273 | AJ84: 4331 | AL84: 4478 | AN84: 5477 | AP84: 5706 | AR84: 6508 | AT84: 6590 | AV84: 7087 | AX84: 8953 | AZ84: 9576 | BB84: 8350 | BD84: 7620 | BF84: 7492 | BH84: 7372 | BJ84: 7772 | BL84: 7528 | BN84: 8380 | BP84: 9300 | BR84: 10336
A85: Outras provisões | B85: 0 | D85: 0 | F85: 0 | H85: 0 | J85: 0 | L85: 0 | N85: 0 | P85: 0 | R85: 0 | T85: 0 | V85: 0 | X85: 0 | Z85: 0 | AB85: 0 | AD85: 0 | AF85: 0 | AH85: 0 | AJ85: 0 | AL85: 0 | AN85: 0 | AP85: 0 | AR85: 0 | AT85: 0 | AV85: 0 | AX85: 127 | AZ85: 127 | BB85: 0 | BD85: 0 | BF85: 0 | BH85: 0 | BJ85: 0 | BL85: 0 | BN85: 0
A86: Outros passivos não circulantes | B86: 0 | D86: 0 | F86: 0 | H86: 0 | J86: 0 | L86: 0 | N86: 264 | P86: 236 | R86: 219 | T86: 202 | V86: 186 | X86: 169 | Z86: 152 | AB86: 135 | AD86: 118 | AF86: 101 | AH86: 84 | AJ86: 67 | AL86: 51 | AN86: 28 | AP86: 231 | AR86: 210 | AT86: 195 | AV86: 180 | AX86: 188 | AZ86: 172 | BB86: 263 | BD86: 250 | BF86: 2391 | BH86: 2302 | BJ86: 2186 | BL86: 2097 | BN86: 2008 | BP86: 1918 | BR86: 318
B87: =SUM(B74:B86) -> 37969 | D87: =SUM(D74:D86) -> 30999 | F87: =SUM(F74:F86) -> 36686 | H87: =SUM(H74:H86) -> 29857 | J87: =SUM(J74:J86) -> 27047 | L87: =SUM(L74:L86) -> 28108 | N87: =SUM(N74:N86) -> 86949 | P87: =SUM(P74:P86) -> 78678 | R87: =SUM(R74:R86) -> 69752 | T87: =SUM(T74:T86) -> 61206 | V87: =SUM(V74:V86) -> 58108 | X87: =SUM(X74:X86) -> 50536 | Z87: =SUM(Z74:Z86) -> 44436 | AB87: =SUM(AB74:AB86) -> 38564 | AD87: =SUM(AD74:AD86) -> 31843 | AF87: =SUM(AF74:AF86) -> 23668 | AH87: =SUM(AH74:AH86) -> 38936 | AJ87: =SUM(AJ74:AJ86) -> 48629 | AL87: =SUM(AL74:AL86) -> 52771 | AN87: =SUM(AN74:AN86) -> 103833 | AP87: =SUM(AP74:AP86) -> 139055 | AR87: =SUM(AR74:AR86) -> 243550 | AT87: =SUM(AT74:AT86) -> 248156 | AV87: =SUM(AV74:AV86) -> 234640 | AX87: =SUM(AX74:AX86) -> 321228 | AZ87: =SUM(AZ74:AZ86) -> 287662 | BB87: =SUM(BB74:BB86) -> 330477 | BD87: =SUM(BD74:BD86) -> 449391 | BF87: =SUM(BF74:BF86) -> 327706 | BH87: =SUM(BH74:BH86) -> 647084 | BJ87: =SUM(BJ74:BJ86) -> 679063 | BL87: =SUM(BL74:BL86) -> 655316 | BN87: =SUM(BN74:BN86) -> 754384 | BP87: =SUM(BP74:BP86) -> 685986 | BR87: =SUM(BR74:BR86) -> 878712
A88: PATRIMÔNIO LÍQUIDO
A89: Capital social | B89: 41867 | D89: 41867 | F89: 53367 | H89: 53367 | J89: 53367 | L89: 53367 | N89: 53367 | P89: 53367 | R89: 73367 | T89: 230879 | V89: 230774 | X89: 233049 | Z89: 233146 | AB89: 233146 | AD89: 233451 | AF89: 233451 | AH89: 233451 | AJ89: 233681 | AL89: 233681 | AN89: 233681 | AP89: 233681 | AR89: 233681 | AT89: 233681 | AV89: 233681 | AX89: 233681 | AZ89: 318397 | BB89: 318378 | BD89: 318378 | BF89: 318284 | BH89: 318284 | BJ89: 318284 | BL89: 468278 | BN89: 468180 | BP89: 468225 | BR89: 471327
A90: Reserva de capital | B90: 2298 | D90: 2298 | F90: 2298 | H90: 2298 | J90: 2298 | L90: 2298 | N90: 2298 | P90: 2298 | R90: 2298 | T90: 2298 | V90: 2298 | X90: 8104 | Z90: 8104 | AB90: 8104 | AD90: 5518 | AF90: 3728 | AH90: 8104 | AJ90: 8104 | AL90: 8104 | AN90: 8104 | AP90: 8104 | AR90: 8104 | AT90: 8104 | AV90: 8104 | AX90: 8104 | AZ90: 8104.3987 | BB90: 8104 | BD90: 18356 | BF90: 19790 | BH90: 21224 | BJ90: 21799 | BL90: 23110 | BN90: 24910 | BP90: 25941 | BR90: 27113
A91: (-) Ações em tesouraria | AH91: -6581 | AJ91: -6581 | AL91: -9303 | AN91: -11978 | AP91: -11978 | AR91: -11978 | AT91: -11978 | AV91: -11978 | AX91: -11978 | AZ91: -11978 | BB91: -11978 | BD91: 0 | BF91: 0 | BH91: 0 | BJ91: 0 | BL91: 0 | BN91: 0 | BP91: 0 | BR91: 0
A92: Ajuste avaliação patrimonial | X92: -11278 | Z92: -12090 | AB92: -12090 | AD92: -12090 | AF92: -12090 | AH92: -13346 | AJ92: -13346 | AL92: -13346 | AN92: -13346 | AP92: -32314 | AR92: -33621 | AT92: -33621 | AV92: -33621 | AX92: -33621 | AZ92: -33621 | BB92: -33621 | BD92: -33621 | BF92: -33621 | BH92: -33621 | BJ92: -35772 | BL92: -34107 | BN92: -34734 | BP92: -34438 | BR92: -100112
A93: Reservas de lucros | B93: 2453 | D93: 2453 | F93: 2453 | H93: 2453 | J93: 4772 | L93: 4772 | N93: 4772 | P93: 4772 | R93: 0 | T93: 0 | V93: 0 | X93: 0 | Z93: 0 | AF93: 0 | AH93: 7451.8056 | AJ93: 7452 | AL93: 7452 | AN93: 7452 | AP93: 18102 | AR93: 18102 | AT93: 18102.202 | AV93: 18102 | AX93: 28549 | AZ93: 28549 | BB93: 28549 | BD93: 28549 | BF93: 36289 | BH93: 36289 | BJ93: 36289 | BL93: 36289 | BN93: 24478 | BP93: 24478 | BR93: 24478
A94: Dividendos propostos | B94: 0 | D94: 0 | F94: 0 | H94: 0 | J94: 722 | L94: 722 | N94: 0 | P94: 0 | R94: 0 | T94: 0 | V94: 0 | X94: 0 | Z94: 0 | AF94: 0 | AH94: 0 | AJ94: 0 | AL94: 0 | AN94: 0 | AP94: 0 | AR94: 0 | AT94: 0 | AV94: 0 | AX94: 0 | AZ94: 0 | BB94: 0 | BD94: 0 | BF94: 0 | BH94: 0 | BJ94: 0 | BL94: 0 | BN94: 0 | BP94: 0 | BR94: 0
A95: Lucros (Prejuízo) acumulados do período | B95: 0 | D95: 1154 | F95: -2616 | H95: -3368 | J95: 0 | L95: 128 | N95: -1163 | P95: -3155 | R95: -1337 | T95: =-1337+4044 -> 2707 | V95: =-1337-12640 -> -13977 | X95: =-1337-17564 -> -18901 | Z95: -3473 | AB95: -4185 | AD95: 1952 | AF95: 5857 | AH95: 0 | AJ95: 5188 | AL95: 12586 | AN95: 33403 | AP95: 0 | AR95: 7070 | AT95: 13419 | AV95: 12896 | AX95: 0 | AZ95: 1571 | BB95: -3428 | BD95: 13157 | BF95: 14438 | BH95: 1803 | BJ95: -289 | BL95: -3383 | BN95: 0 | BP95: 56765 | BR95: 55366
A96: Patrimônio líquido atribuível aos proprietários da Controladora | B96: =SUM(B89:B95) -> 46618 | D96: =SUM(D89:D95) -> 47772 | F96: =SUM(F89:F95) -> 55502 | H96: =SUM(H89:H95) -> 54750 | J96: =SUM(J89:J95) -> 61159 | L96: =SUM(L89:L95) -> 61287 | N96: =SUM(N89:N95) -> 59274 | P96: =SUM(P89:P95) -> 57282 | R96: =SUM(R89:R95) -> 74328 | T96: =SUM(T89:T95) -> 235884 | V96: =SUM(V89:V95) -> 219095 | X96: =SUM(X89:X95) -> 210974 | Z96: =SUM(Z89:Z95) -> 225687 | AB96: =SUM(AB89:AB95) -> 224975 | AD96: =SUM(AD89:AD95) -> 228831 | AF96: =SUM(AF89:AF95) -> 230946 | AH96: =SUM(AH89:AH95) -> 229079.81 | AJ96: =SUM(AJ89:AJ95) -> 234498 | AL96: =SUM(AL89:AL95) -> 239174 | AN96: =SUM(AN89:AN95) -> 257316 | AP96: =SUM(AP89:AP95) -> 215595 | AR96: =SUM(AR89:AR95) -> 221358 | AT96: =SUM(AT89:AT95) -> 227707.2 | AV96: =SUM(AV89:AV95) -> 227184 | AX96: =SUM(AX89:AX95) -> 224735 | AZ96: =SUM(AZ89:AZ95) -> 311022.4 | BB96: =SUM(BB89:BB95) -> 306004 | BD96: =SUM(BD89:BD95) -> 344819 | BF96: =SUM(BF89:BF95) -> 355180 | BH96: =SUM(BH89:BH95) -> 343979 | BJ96: =SUM(BJ89:BJ95) -> 340311 | BL96: =SUM(BL89:BL95) -> 490187 | BN96: =SUM(BN89:BN95) -> 482834 | BP96: =SUM(BP89:BP95) -> 540971 | BR96: =SUM(BR89:BR95) -> 478172
A98: Participações não controladores | B98: 8156 | D98: 7457 | F98: 6365 | H98: 5925 | J98: 4970 | L98: 4337 | N98: 3642 | P98: 2691 | R98: 281 | T98: -493 | V98: -926 | X98: -1311 | Z98: -101 | AB98: -420 | AD98: -353 | AF98: -478 | AH98: 0 | AJ98: 271 | AL98: 12468 | AN98: 34266 | AP98: 6167 | AR98: 7962 | AT98: 11680 | AV98: 14837 | AX98: 13969 | AZ98: 15577 | BB98: 13792 | BD98: 17249 | BF98: 13908 | BH98: 16122 | BJ98: 18722 | BL98: 24876 | BN98: 79500 | BP98: 80798 | BR98: 75077
A99: Total do Patrimônio Líquido | B99: =B96+B98 -> 54774 | D99: =D96+D98 -> 55229 | F99: =F96+F98 -> 61867 | H99: =H96+H98 -> 60675 | J99: =J96+J98 -> 66129 | L99: =L96+L98 -> 65624 | N99: =N96+N98 -> 62916 | P99: =P96+P98 -> 59973 | R99: =R96+R98 -> 74609 | T99: =T96+T98 -> 235391 | V99: =V96+V98 -> 218169 | X99: =X96+X98 -> 209663 | Z99: =Z96+Z98 -> 225586 | AB99: =AB96+AB98 -> 224555 | AD99: =AD96+AD98 -> 228478 | AF99: =AF96+AF98 -> 230468 | AH99: =AH96+AH98 -> 229079.81 | AJ99: =AJ96+AJ98 -> 234769 | AL99: =AL96+AL98 -> 251642 | AN99: =AN96+AN98 -> 291582 | AP99: =AP96+AP98 -> 221762 | AR99: =AR96+AR98 -> 229320 | AT99: =AT96+AT98 -> 239387.2 | AV99: =AV96+AV98 -> 242021 | AX99: =AX96+AX98 -> 238704 | AZ99: =AZ96+AZ98 -> 326599.4 | BB99: =BB96+BB98 -> 319796 | BD99: =BD96+BD98 -> 362068 | BF99: =BF96+BF98 -> 369088 | BH99: =BH96+BH98 -> 360101 | BJ99: =BJ96+BJ98 -> 359033 | BL99: =BL96+BL98 -> 515063 | BN99: =BN96+BN98 -> 562334 | BP99: =BP96+BP98 -> 621769 | BR99: =BR96+BR98 -> 553249
A101: TOTAL DO PASSIVO E PATRIMÔNIO LÍQUIDO | B101: =B99+B87+B72 -> 182406 | D101: =D99+D87+D72 -> 192752 | F101: =F99+F87+F72 -> 200024 | H101: =H99+H87+H72 -> 198706 | J101: =J99+J87+J72 -> 207986 | L101: =L99+L87+L72 -> 224864 | N101: =N99+N87+N72 -> 242316 | P101: =P99+P87+P72 -> 239903 | R101: =R99+R87+R72 -> 239541 | T101: =T99+T87+T72 -> 366641 | V101: =V99+V87+V72 -> 345657 | X101: =X99+X87+X72 -> 328500 | Z101: =Z99+Z87+Z72 -> 336630 | AB101: =SUM(AB72+AB87+AB99) -> 337385 | AD101: =SUM(AD72+AD87+AD99) -> 351897 | AF101: =SUM(AF72+AF87+AF99) -> 358453 | AH101: =SUM(AH72+AH87+AH99) -> 374376.81 | AJ101: =SUM(AJ72+AJ87+AJ99) -> 410440 | AL101: =SUM(AL72+AL87+AL99) -> 475059 | AN101: =SUM(AN72+AN87+AN99) -> 598258 | AP101: =SUM(AP72+AP87+AP99) -> 619939 | AR101: =SUM(AR72+AR87+AR99) -> 762751 | AT101: =SUM(AT72+AT87+AT99) -> 726263.2 | AV101: =SUM(AV72+AV87+AV99) -> 724061 | AX101: =SUM(AX72+AX87+AX99) -> 837004 | AZ101: =SUM(AZ72+AZ87+AZ99) -> 872201.4 | BB101: =SUM(BB72+BB87+BB99) -> 914999 | BD101: =SUM(BD72+BD87+BD99) -> 1207376 | BF101: =SUM(BF72+BF87+BF99) -> 1243600 | BH101: =SUM(BH72+BH87+BH99) -> 1413379 | BJ101: =SUM(BJ72+BJ87+BJ99) -> 1429335 | BL101: =SUM(BL72+BL87+BL99) -> 1555688 | BN101: =SUM(BN72+BN87+BN99) -> 1890643 | BP101: =SUM(BP72+BP87+BP99) -> 1878054 | BR101: =SUM(BR72+BR87+BR99) -> 1902465
A104: Capital Empregado | B104: =+SUM(B17:B25)+B28+B29+B32+B33+SUM(B35:B46)-SUM(B54:B55)-SUM(B60:B64)-SUM(B69:B71)-B74-B77-SUM(B82:B86) -> 128594 | D104: =+SUM(D17:D25)+D28+D29+D32+D33+SUM(D35:D46)-SUM(D54:D55)-SUM(D60:D64)-SUM(D69:D71)-D74-D77-SUM(D82:D86) -> 133926 | F104: =+SUM(F17:F25)+F28+F29+F32+F33+SUM(F35:F46)-SUM(F54:F55)-SUM(F60:F64)-SUM(F69:F71)-F74-F77-SUM(F82:F86) -> 129721 | H104: =+SUM(H17:H25)+H28+H29+H32+H33+SUM(H35:H46)-SUM(H54:H55)-SUM(H60:H64)-SUM(H69:H71)-H74-H77-SUM(H82:H86) -> 130774 | J104: =+SUM(J17:J25)+J28+J29+J32+J33+SUM(J35:J46)-SUM(J54:J55)-SUM(J60:J64)-SUM(J69:J71)-J74-J77-SUM(J82:J86) -> 143826 | L104: =+SUM(L17:L25)+L28+L29+L32+L33+SUM(L35:L46)-SUM(L54:L55)-SUM(L60:L64)-SUM(L69:L71)-L74-L77-SUM(L82:L86) -> 144186 | N104: =+SUM(N17:N25)+N28+N29+N32+N33+SUM(N35:N46)-SUM(N54:N55)-SUM(N60:N64)-SUM(N69:N71)-N74-N77-SUM(N82:N86) -> 138877 | P104: =+SUM(P17:P25)+P28+P29+P32+P33+SUM(P35:P46)-SUM(P54:P55)-SUM(P60:P64)-SUM(P69:P71)-P74-P77-SUM(P82:P86) -> 136880 | R104: =+SUM(R17:R25)+R28+R29+R32+R33+SUM(R35:R46)-SUM(R54:R55)-SUM(R60:R64)-SUM(R69:R71)-R74-R77-SUM(R82:R86) -> 130584 | T104: =+SUM(T17:T25)+T28+T29+T32+T33+SUM(T35:T46)-SUM(T54:T55)-SUM(T60:T64)-SUM(T69:T71)-T74-T77-SUM(T82:T86) -> 151456 | V104: =+SUM(V17:V25)+V28+V29+V32+V33+SUM(V35:V46)-SUM(V54:V55)-SUM(V60:V64)-SUM(V69:V71)-V74-V77-SUM(V82:V86) -> 130004 | X104: =+SUM(X17:X25)+X28+X29+X32+X33+SUM(X35:X46)-SUM(X54:X55)-SUM(X60:X64)-SUM(X69:X71)-X74-X77-SUM(X82:X86) -> 143756 | Z104: =+SUM(Z17:Z25)+Z28+Z29+Z32+Z33+SUM(Z35:Z46)-SUM(Z54:Z55)-SUM(Z60:Z64)-SUM(Z69:Z71)-Z74-Z77-SUM(Z82:Z86) -> 175847 | AB104: =+SUM(AB17:AB25)+AB28+AB29+AB32+AB33+SUM(AB35:AB46)-SUM(AB54:AB55)-SUM(AB60:AB64)-SUM(AB69:AB71)-AB74-AB77-SUM(AB82:AB86) -> 201235 | AD104: =+SUM(AD17:AD25)+AD28+AD29+AD32+AD33+SUM(AD35:AD46)-SUM(AD54:AD55)-SUM(AD60:AD64)-SUM(AD69:AD71)-AD74-AD77-SUM(AD82:AD86) -> 210745 | AF104: =+SUM(AF17:AF25)+AF28+AF29+AF32+AF33+SUM(AF35:AF46)-SUM(AF54:AF55)-SUM(AF60:AF64)-SUM(AF69:AF71)-AF74-AF77-SUM(AF82:AF86) -> 203938 | AH104: =+SUM(AH17:AH25)+AH28+AH29+AH32+AH33+SUM(AH35:AH46)-SUM(AH54:AH55)-SUM(AH60:AH64)-SUM(AH69:AH71)-AH74-AH77-SUM(AH82:AH86) -> 215653 | AJ104: =+SUM(AJ17:AJ25)+AJ28+AJ29+AJ32+AJ33+SUM(AJ35:AJ46)-SUM(AJ54:AJ55)-SUM(AJ60:AJ64)-SUM(AJ69:AJ71)-AJ74-SUM(AJ77:AJ78)-SUM(AJ82:AJ86) -> 237360 | AL104: =+SUM(AL17:AL25)+AL28+AL29+AL32+AL33+SUM(AL35:AL46)-SUM(AL54:AL55)-SUM(AL60:AL64)-SUM(AL69:AL71)-AL74-SUM(AL77:AL78)-SUM(AL82:AL86) -> 278825.62 | AN104: =+SUM(AN17:AN25)+AN28+AN29+AN32+AN33+SUM(AN35:AN39)+SUM(AN41:AN46)-SUM(AN54:AN55)-SUM(AN60:AN64)-SUM(AN69:AN71)-AN74-SUM(AN77:AN78)-SUM(AN83:AN86) -> 321031 | AP104: =+SUM(AP17:AP25)+AP28+AP29+AP32+AP33+SUM(AP35:AP39)+SUM(AP41:AP46)-SUM(AP54:AP55)-SUM(AP59:AP64)-SUM(AP69:AP71)-AP74-SUM(AP77:AP78)-SUM(AP83:AP86) -> 291266.19 | AR104: =+SUM(AR17:AR25)+AR28+AR29+AR32+AR33+SUM(AR35:AR39)+SUM(AR41:AR46)-SUM(AR54:AR55)-SUM(AR59:AR64)-SUM(AR69:AR71)-AR74-SUM(AR77:AR78)-SUM(AR83:AR86) -> 340840 | AT104: =+SUM(AT17:AT25)+AT28+AT29+AT32+AT33+SUM(AT35:AT39)+SUM(AT41:AT46)-SUM(AT54:AT55)-SUM(AT59:AT64)-SUM(AT69:AT71)-AT74-SUM(AT77:AT78)-SUM(AT83:AT86) -> 458947 | AV104: =+SUM(AV17:AV25)+AV28+AV29+AV32+AV33+SUM(AV35:AV39)+SUM(AV41:AV46)-SUM(AV54:AV55)-SUM(AV59:AV64)-SUM(AV69:AV71)-AV74-SUM(AV77:AV78)-SUM(AV83:AV86) -> 435777 | AX104: =+SUM(AX17:AX25)+AX28+AX29+AX32+AX33+SUM(AX35:AX39)+SUM(AX41:AX46)-SUM(AX54:AX55)-SUM(AX59:AX64)-SUM(AX69:AX71)-AX74-SUM(AX77:AX78)-SUM(AX83:AX86) -> 487224 | AZ104: =+SUM(AZ17:AZ25)+AZ28+AZ29+AZ32+AZ33+SUM(AZ35:AZ39)+SUM(AZ41:AZ46)-SUM(AZ54:AZ55)-SUM(AZ59:AZ64)-SUM(AZ69:AZ71)-AZ74-SUM(AZ77:AZ78)-SUM(AZ83:AZ86) -> 507446.69 | BB104: =+SUM(BB17:BB25)+BB28+BB29+BB32+BB33+SUM(BB35:BB39)+SUM(BB41:BB46)-SUM(BB54:BB55)-SUM(BB59:BB64)-SUM(BB69:BB71)-BB74-SUM(BB77:BB78)-SUM(BB83:BB86) -> 552280 | BD104: =+SUM(BD17:BD25)+BD28+BD29+BD32+BD33+SUM(BD35:BD39)+SUM(BD41:BD46)-SUM(BD54:BD55)-SUM(BD59:BD64)-SUM(BD69:BD71)-BD74-SUM(BD77:BD78)-SUM(BD83:BD86) -> 744297 | BF104: =+SUM(BF17:BF25)+BF28+BF29+BF32+BF33+SUM(BF35:BF39)+SUM(BF41:BF46)-SUM(BF54:BF55)-SUM(BF59:BF64)-SUM(BF69:BF71)-BF74-SUM(BF77:BF78)-SUM(BF83:BF86) -> 752963 | BH104: =+SUM(BH17:BH25)+BH28+BH29+BH32+BH33+SUM(BH35:BH39)+SUM(BH41:BH46)-SUM(BH54:BH55)-SUM(BH59:BH64)-SUM(BH69:BH71)-BH74-SUM(BH77:BH78)-SUM(BH83:BH86) -> 801829 | BJ104: =+SUM(BJ17:BJ25)+BJ28+BJ29+BJ32+BJ33+SUM(BJ35:BJ39)+SUM(BJ41:BJ46)-SUM(BJ54:BJ55)-SUM(BJ59:BJ64)-SUM(BJ69:BJ71)-BJ74-SUM(BJ77:BJ78)-SUM(BJ83:BJ86) -> 838171 | BL104: =+SUM(BL17:BL25)+BL28+BL29+BL32+BL33+SUM(BL35:BL39)+SUM(BL41:BL46)-SUM(BL54:BL55)-SUM(BL59:BL64)-SUM(BL69:BL71)-BL74-SUM(BL77:BL78)-SUM(BL83:BL86) -> 837559 | BN104: =+SUM(BN17:BN25)+BN28+BN29+BN32+BN33+SUM(BN35:BN39)+SUM(BN41:BN46)-SUM(BN54:BN55)-SUM(BN59:BN64)-SUM(BN69:BN71)-BN74-SUM(BN77:BN78)-SUM(BN83:BN86) -> 1204307 | BP104: =+SUM(BP17:BP25)+BP28+BP29+BP32+BP33+SUM(BP35:BP39)+SUM(BP41:BP46)-SUM(BP54:BP55)-SUM(BP59:BP64)-SUM(BP69:BP71)-BP74-SUM(BP77:BP78)-SUM(BP83:BP86) -> 1249786 | BR104: =+SUM(BR17:BR25)+BR28+BR29+BR32+BR33+SUM(BR35:BR39)+SUM(BR41:BR46)-SUM(BR54:BR55)-SUM(BR59:BR64)-SUM(BR69:BR71)-BR74-SUM(BR77:BR78)-SUM(BR83:BR86) -> 1302678
A105: Contas a Receber (clientes) | B105: =B17+B18 -> 67185 | D105: =D17+D18 -> 76973 | F105: =F17+F18 -> 70422 | H105: =H17+H18 -> 66556 | J105: =J17+J18 -> 69815 | L105: =L17+L18 -> 71528 | N105: =N17+N18 -> 65509 | P105: =P17+P18 -> 59853 | R105: =R17+R18 -> 52607 | T105: =T17+T18 -> 69492 | V105: =V17+V18 -> 51624 | X105: =X17+X18 -> 54726 | Z105: =Z17+Z18 -> 63078 | AB105: =AB17+AB18 -> 79141 | AD105: =AD17+AD18 -> 103303 | AF105: =AF17+AF18 -> 105848 | AH105: =AH17+AH18 -> 108811 | AJ105: =AJ17+AJ18 -> 122120 | AL105: =AL17+AL18 -> 159082 | AN105: =AN17+AN18 -> 205139 | AP105: =AP17+AP18 -> 205273 | AR105: =AR17+AR18 -> 226922 | AT105: =AT17+AT18 -> 271795 | AV105: =AV17+AV18 -> 232718 | AX105: =AX17+AX18 -> 276728 | AZ105: =AZ17+AZ18 -> 239246 | BB105: =BB17+BB18 -> 223530 | BD105: =BD17+BD18 -> 356208 | BF105: =BF17+BF18 -> 319533 | BH105: =BH17+BH18 -> 380240 | BJ105: =BJ17+BJ18 -> 375667 | BL105: =BL17+BL18 -> 387825 | BN105: =BN17+BN18 -> 429397 | BP105: =BP17+BP18 -> 439802 | BR105: =BR17+BR18 -> 464579
A106: Contas a Pagar (fornecedores e funcionários) | B106: =B54+B55+B61 -> 31142 | D106: =D54+D55+D61 -> 38119 | F106: =F54+F55+F61 -> 46227 | H106: =H54+H55+H61 -> 44802 | J106: =J54+J55+J61 -> 41631 | L106: =L54+L55+L61 -> 46741 | N106: =N54+N55+N56+N61 -> 50595 | P106: =P54+P55+P61+P74 -> 47719 | R106: =R54+R55+R61+R74 -> 34872 | T106: =T54+T55+T61+T74 -> 30346 | V106: =V54+V55+V61+V74 -> 28433 | X106: =X54+X55+X61+X74 -> 28929 | Z106: =Z54+Z55+Z61+Z74 -> 29256 | AB106: =AB54+AB55+AB61+AB74 -> 35301 | AD106: =AD54+AD55+AD61+AD74 -> 45760 | AF106: =AF54+AF55+AF61+AF74 -> 54865 | AH106: =AH54+AH55+AH61+AH74 -> 50232 | AJ106: =AJ54+AJ55+AJ61+AJ74 -> 59027 | AL106: =AL54+AL55+AL61+AL74 -> 82014 | AN106: =AN54+AN55+AN61+AN74 -> 100867 | AP106: =AP54+AP55+AP61+AP74+AP59 -> 110190 | AR106: =AR54+AR55+AR61+AR74+AR59 -> 113370 | AT106: =AT54+AT55+AT61+AT74+AT59 -> 116608 | AV106: =AV54+AV55+AV61+AV74+AV59 -> 126533 | AX106: =AX54+AX55+AX61+AX74+AX59 -> 117247 | AZ106: =AZ54+AZ55+AZ61+AZ74+AZ59 -> 96268 | BB106: =BB54+BB55+BB61+BB74+BB59 -> 99006 | BD106: =BD54+BD55+BD61+BD74+BD59 -> 179263 | BF106: =BF54+BF55+BF61+BF74+BF59 -> 145503 | BH106: =BH54+BH55+BH61+BH74+BH59 -> 149274 | BJ106: =BJ54+BJ55+BJ61+BJ74+BJ59 -> 148781 | BL106: =BL54+BL55+BL61+BL74+BL59 -> 151786 | BN106: =BN54+BN55+BN61+BN74+BN59 -> 183199 | BP106: =BP54+BP55+BP61+BP74+BP59 -> 174426 | BR106: =BR54+BR55+BR61+BR74+BR59 -> 187014
A107: Capital de Giro (clientes, fornecedores e funcionários) | B107: =B105-B106 -> 36043 | D107: =D105-D106 -> 38854 | F107: =F105-F106 -> 24195 | H107: =H105-H106 -> 21754 | J107: =J105-J106 -> 28184 | L107: =L105-L106 -> 24787 | N107: =N105-N106 -> 14914 | P107: =P105-P106 -> 12134 | R107: =R105-R106 -> 17735 | T107: =T105-T106 -> 39146 | V107: =V105-V106 -> 23191 | X107: =X105-X106 -> 25797 | Z107: =Z105-Z106 -> 33822 | AB107: =AB105-AB106 -> 43840 | AD107: =AD105-AD106 -> 57543 | AF107: =AF105-AF106 -> 50983 | AH107: =AH105-AH106 -> 58579 | AJ107: =AJ105-AJ106 -> 63093 | AL107: =AL105-AL106 -> 77068 | AN107: =AN105-AN106 -> 104272 | AP107: =AP105-AP106 -> 95083 | AR107: =AR105-AR106 -> 113552 | AT107: =AT105-AT106 -> 155187 | AV107: =AV105-AV106 -> 106185 | AX107: =AX105-AX106 -> 159481 | AZ107: =AZ105-AZ106 -> 142978 | BB107: =BB105-BB106 -> 124524 | BD107: =BD105-BD106 -> 176945 | BF107: =BF105-BF106 -> 174030 | BH107: =BH105-BH106 -> 230966 | BJ107: =BJ105-BJ106 -> 226886 | BL107: =BL105-BL106 -> 236039 | BN107: =BN105-BN106 -> 246198 | BP107: =BP105-BP106 -> 265376 | BR107: =BR105-BR106 -> 277565
A109: Imobilizado + Intangível
A110: Saldo Inicial | D110: =B117 -> 74176 | F110: =D117 -> 75253 | H110: =F117 -> 75221 | J110: =H117 -> 73498 | L110: =J117 -> 74344 | N110: =L117 -> 84667 | P110: =N117 -> 85821 | R110: =P117 -> 85447 | T110: =R117 -> 81580 | V110: =T117 -> 78365 | X110: =V117 -> 75723 | Z110: =X117 -> 75984 | AB110: =Z117 -> 85373 | AD110: =AB117 -> 101481 | AF110: =AD117 -> 100857 | AH110: =AF117 -> 105918 | AJ110: =AH117 -> 107649 | AL110: =AJ117 -> 143116 | AN110: =AL117 -> 161677 | AP110: =AN117 -> 184785 | AR110: =AP117 -> 205785 | AT110: =AR117 -> 246722 | AV110: =AT117 -> 267728 | AX110: =AV117 -> 289246 | AZ110: =AX117 -> 315241 | BB110: =AZ117 -> 324184 | BD110: =BB117 -> 360280 | BF110: =BD117 -> 492387 | BH110: =BF117 -> 547253 | BJ110: =BH117 -> 521720 | BL110: =BJ117 -> 516298 | BN110: =BL117 -> 510957 | BP110: =BN117 -> 934262 | BR110: =BP117 -> 934652
A111: Aquisições, líquidas de baixas | D111: =D117-D110-D116 -> 5168 | F111: =F117-F110-F116 -> 4064 | H111: =H117-H110-H116 -> 2329.6617 | J111: =J117-J110-J116 -> 3287.3383 | L111: =L117-L110-L116-L114 -> 6374.2902 | N111: =N117-N110-N116-N114 -> 5435 | P111: =P117-P110-P116-P114-P115 -> 4875.4486 | R111: =R117-R110-R116-R114-R115 -> 821.26124 | T111: =T117-T110-T116-T114-T115 -> 1904 | V111: =V117-V110-V116-V114-V115-V112 -> 729 | X111: =X117-X110-X116-X114-X115-X112 -> 5915 | Z111: =Z117-Z110-Z116-Z114-Z115-Z112 -> 8056 | AB111: =AB117-AB110-AB116-AB114-AB115-AB112 -> 21032 | AD111: =AD117-AD110-AD116-AD114-AD115-AD112 -> 4818.102 | AF111: =AF117-AF110-AF116-AF114-AF115-AF112 -> 10711.557 | AH111: =AH117-AH110-AH116-AH114-AH113-AH115-AH112 -> 8004.5983 | AJ111: =AJ117-AJ110-AJ116-AJ114-AJ113-AJ115-AJ112 -> 10134.355 | AL111: =AL117-AL110-AL116-AL114-AL113-AL115-AL112 -> 15101 | AN111: =AN117-AN110-AN116-AN114-AN113-AN115-AN112 -> 29575 | AP111: =AP117-AP110-AP116-AP114-AP113-AP115-AP112 -> 25491.527 | AR111: =AR117-AR110-AR116-AR114-AR113-AR115-AR112 -> 23951.837 | AT111: =AT117-AT110-AT116-AT114-AT113-AT115-AT112 -> 24666.099 | AV111: =AV117-AV110-AV116-AV114-AV113-AV115-AV112 -> 25514 | AX111: =AX117-AX110-AX116-AX114-AX113-AX115-AX112 -> 27085 | AZ111: 19612 | BB111: 14244 | BD111: 19474 | BF111: 18456.333 | BH111: 6089 | BJ111: 9337 | BL111: 12935 | BN111: 21472.203 | BP111: 40257 | BR111: 20311
A112: Adiçoes por inclusao de controlada R&R/Poliend/BKI/Gmaia na consolidação (inclui outros ágios) | V112: =364+658+867 -> 1889 | X112: =-290+79 -> -211 | Z112: =441+148+6+5256-79 -> 5772 | AB112: 0 | AD112: 0 | AF112: 0 | AH112: 0 | AJ112: =1525+17817 -> 19342 | AL112: =5657+21206-AJ112 -> 7521 | AN112: 0 | AP112: =23346+3128+2545-AN112-AL112-AJ112 -> 2156 | AR112: 25566 | AT112: 3423 | AV112: =2494+30181+168-AR112-AT112 -> 3854 | AX112: =4049+33959+168-AR112-AT112-AV112 -> 5333 | AZ112: 1075 | BB112: 32995 | BD112: 120633 | BF112: =(175377+14386+14438)-BB112-AZ112-BD112 -> 49498 | BH112: -14438 | BJ112: 0 | BL112: -565 | BN112: 430644 | BP112: -3356 | BR112: -1170
A113: Ajuste por aumento de participação na controlada Smartcoat - diluição minoritários | AH113: =-1486-559 -> -2045 | AJ113: 0 | AL113: 0 | AN113: 0 | AP113: 0 | AR113: 0 | AT113: 0 | AV113: 0 | AX113: 0 | AZ113: 0 | BB113: 0 | BD113: 0 | BF113: 0 | BH113: 0 | BJ113: 0 | BL113: 0 | BN113: 0 | BP113: 0 | BR113: 0
A114: Adição Direito de uso - arrendamento CPC 06 - conf NE imobilizado | D114: 0 | F114: 0 | H114: 0 | J114: 0 | L114: 8647 | N114: 688 | P114: =965-N114 -> 277 | R114: =1184-P114-N114 -> 219 | T114: 0 | V114: 0 | X114: 376 | Z114: =1382-X114 -> 1006 | AB114: 0 | AD114: 0 | AF114: 0 | AH114: 681 | AJ114: 11936 | AL114: =14318-AJ114 -> 2382 | AN114: =14794-AL114-AJ114 -> 476 | AP114: =15112-AN114-AL114-AJ114 -> 318 | AR114: 456 | AT114: =2727-AR114 -> 2271 | AV114: =3865-AR114-AT114 -> 1138 | AX114: =10714-AR114-AT114-AV114 -> 6849 | AZ114: 622 | BB114: 101 | BD114: =5800-BB114-AZ114 -> 5077 | BF114: =6881-BD114-BB114-AZ114 -> 1081 | BH114: 1291 | BJ114: 4191 | BL114: 975 | BN114: 10526 | BP114: 325 | BR114: 1411
...

Sheet DRE Histórico_Consolidado
A2: PRINER SERVIÇOS INDUSTRIAIS S/A
A3: DEMONSTRAÇÕES DO RESULTADO CONSOLIDADO
A4: TRIMESTRES
A5: (Em milhares de reais - Exceto quando indicado de outra forma)
C9: 1T2017 | E9: 2T2017 | G9: 3T2017 | I9: 4T2017 | K9: 1T2018 | M9: 2T2018 | O9: 3T2018 | Q9: 4T2018 | S9: 1T2019 | U9: 2T2019 | W9: 3T2019 | Y9: 4T2019 | AA9: 1T2020 | AC9: 2T2020 | AE9: 3T2020 | AG9: 4T2020 | AI9: 1T2021 | AK9: 2T2021 | AM9: 3T2021 | AO9: 4T2021 | AQ9: 1T2022 | AS9: 2T2022 | AU9: 3T2022 | AW9: 4T2022 | AY9: 1T2023 | BA9: 2T2023 | BC9: 3T2023 | BE9: 4T2023 | BG9: 1T2024 | BI9: 2T2024 | BK9: 3T2024 pro forma | BM9: 4T2024 | BO9: 1T2025 | BQ9: 2T2025 | BS9: 3T2025 | BU9: 4T2025 | BW9: 1T2026 | BY9: 2T2026
A12: Receita líquida de vendas e serviços | C12: 52292 | E12: 54026 | G12: 61399 | I12: =236502-G12-E12-C12 -> 68785 | K12: 76096 | M12: 84326 | O12: 79884 | Q12: =327237-O12-M12-K12 -> 86931 | S12: 82880 | U12: 92456 | W12: 85388 | Y12: =348612-W12-U12-S12 -> 87888 | AA12: 71122 | AC12: 48186 | AE12: 54827 | AG12: =242213-AE12-AC12-AA12 -> 68078 | AI12: 78441 | AK12: 111524 | AM12: 123583 | AO12: =433141-AM12-AK12-AI12 -> 119593 | AQ12: 129288 | AS12: 183942 | AU12: 254439 | AW12: 245825 | AY12: 241262 | BA12: 253934 | BC12: 268957 | BE12: 282257 | BG12: 216431 | BI12: 205260 | BK12: 392676 | BM12: 419693 | BO12: 368845 | BQ12: 361894 | BS12: 359134 | BU12: 473750 | BW12: 421197 | BY12: 462618
A13: Custo dos produtos vendidos e serviços prestados | C13: -39486 | E13: -44543 | G13: -57243 | I13: =-203099-G13-E13-C13 -> -61827 | K13: -65521 | M13: -77319 | O13: -70948 | Q13: =-282214-O13-M13-K13 -> -68426 | S13: -72350 | U13: -79769 | W13: -74646 | Y13: =-299585-W13-U13-S13 -> -72820 | AA13: -61707 | AC13: -52435 | AE13: -45380 | AG13: =-215064-AE13-AC13-AA13 -> -55542 | AI13: -67030 | AK13: -90054 | AM13: -102421 | AO13: =-362687-AM13-AK13-AI13 -> -103182 | AQ13: -103765 | AS13: -144536 | AU13: -176368 | AW13: -190243 | AY13: -191671 | BA13: -199081 | BC13: -217445 | BE13: -222643 | BG13: -172916 | BI13: -166271 | BK13: -303825 | BM13: -317453 | BO13: -295005 | BQ13: -290091 | BS13: -285065 | BU13: -383114 | BW13: -357176 | BY13: -375171
A15: Lucro bruto | C15: =SUM(C12:C13) -> 12806 | E15: =SUM(E12:E13) -> 9483 | G15: =SUM(G12:G13) -> 4156 | I15: =SUM(I12:I13) -> 6958 | K15: =SUM(K12:K13) -> 10575 | M15: =SUM(M12:M13) -> 7007 | O15: =SUM(O12:O13) -> 8936 | Q15: =SUM(Q12:Q13) -> 18505 | S15: =SUM(S12:S13) -> 10530 | U15: =SUM(U12:U13) -> 12687 | W15: =SUM(W12:W13) -> 10742 | Y15: =SUM(Y12:Y13) -> 15068 | AA15: =SUM(AA12:AA13) -> 9415 | AC15: =SUM(AC12:AC13) -> -4249 | AE15: =SUM(AE12:AE13) -> 9447 | AG15: =SUM(AG12:AG13) -> 12536 | AI15: =SUM(AI12:AI13) -> 11411 | AK15: =SUM(AK12:AK13) -> 21470 | AM15: =SUM(AM12:AM13) -> 21162 | AO15: =SUM(AO12:AO13) -> 16411 | AQ15: =SUM(AQ12:AQ13) -> 25523 | AS15: =SUM(AS12:AS13) -> 39406 | AU15: =SUM(AU12:AU13) -> 78071 | AW15: =SUM(AW12:AW13) -> 55582 | AY15: =SUM(AY12:AY13) -> 49591 | BA15: =SUM(BA12:BA13) -> 54853 | BC15: =SUM(BC12:BC13) -> 51512 | BE15: =SUM(BE12:BE13) -> 59614 | BG15: =SUM(BG12:BG13) -> 43515 | BI15: =SUM(BI12:BI13) -> 38989 | BK15: =SUM(BK12:BK13) -> 88851 | BM15: =SUM(BM12:BM13) -> 102240 | BO15: =SUM(BO12:BO13) -> 73840 | BQ15: =SUM(BQ12:BQ13) -> 71803 | BS15: =SUM(BS12:BS13) -> 74069 | BU15: =SUM(BU12:BU13) -> 90636 | BW15: =SUM(BW12:BW13) -> 64021 | BY15: =SUM(BY12:BY13) -> 87447
A17: Despesas operacionais,
A18: Gerais e administrativas | C18: =-9041+27 -> -9014 | E18: -10452 | G18: -8349 | I18: =-41116-G18-E18-C18 -> -13301 | K18: =-8348-1 -> -8349 | M18: -4123 | O18: -5844 | Q18: =-30375-O18-M18-K18 -> -12059 | S18: -9440 | U18: -10900 | W18: -11224 | Y18: =-42064-W18-U18-S18 -> -10500 | AA18: 1144 | AC18: -10798 | AE18: -12461 | AG18: =-31998-AE18-AC18-AA18 -> -9883 | AI18: -11007 | AK18: -12675 | AM18: -14047 | AO18: =-49962-AM18-AK18-AI18 -> -12233 | AQ18: -14971 | AS18: -19973 | AU18: -27577 | AW18: -31603 | AY18: -25536 | BA18: -30564 | BC18: -30896 | BE18: -41176 | BG18: -29528 | BI18: -32401 | BK18: -43794 | BM18: =-162113-BK18-BI18-BG18 -> -56390 | BO18: -52195 | BQ18: -50265 | BS18: -50130 | BU18: -62096 | BW18: 8414 | BY18: -52827
A20: Resultado Equivalência Patrimônial | C20: =201-27 -> 174 | E20: 61 | G20: 212 | I20: =186-G20-E20-C20 -> -261 | K20: 607 | M20: 438 | O20: 116 | Q20: =448-O20-M20-K20 -> -713 | S20: -163 | U20: =125-S20 -> 288 | W20: -256 | Y20: =797-W20-U20-S20 -> 928 | AA20: 217 | AC20: 0 | AE20: 0 | AG20: =217-AE20-AC20-AA20 -> 0 | AI20: 0 | AK20: 0 | AM20: 0 | AO20: 0 | AQ20: 0 | AS20: 0 | AU20: 0 | AW20: 0 | AY20: 0 | BA20: 0 | BC20: 0 | BE20: 0 | BG20: 0 | BI20: 0 | BK20: 0 | BM20: 0 | BO20: 0 | BQ20: 0 | BS20: 0 | BU20: 0 | BW20: 0 | BY20: 0
A22: Lucro operacional antes do resultado financeiro | C22: =SUM(C15:C20) -> 3966 | E22: =SUM(E15:E21) -> -908 | G22: =SUM(G15:G21) -> -3981 | I22: =SUM(I15:I21) -> -6604 | K22: =SUM(K15:K20) -> 2833 | M22: =SUM(M15:M21) -> 3322 | O22: =SUM(O15:O21) -> 3208 | Q22: =SUM(Q15:Q21) -> 5733 | S22: =SUM(S15:S21) -> 927 | U22: =SUM(U15:U21) -> 2075 | W22: =SUM(W15:W21) -> -738 | Y22: =SUM(Y15:Y21) -> 5496 | AA22: =SUM(AA15:AA21) -> 10776 | AC22: =SUM(AC15:AC21) -> -15047 | AE22: =SUM(AE15:AE21) -> -3014 | AG22: =SUM(AG15:AG21) -> 2653 | AI22: =SUM(AI15:AI20) -> 404 | AK22: =SUM(AK15:AK20) -> 8795 | AM22: =SUM(AM15:AM20) -> 7115 | AO22: =SUM(AO15:AO20) -> 4178 | AQ22: =SUM(AQ15:AQ20) -> 10552 | AS22: =SUM(AS15:AS20) -> 19433 | AU22: =SUM(AU15:AU20) -> 50494 | AW22: =SUM(AW15:AW20) -> 23979 | AY22: =SUM(AY15:AY20) -> 24055 | BA22: =SUM(BA15:BA20) -> 24289 | BC22: =SUM(BC15:BC20) -> 20616 | BE22: =SUM(BE15:BE20) -> 18438 | BG22: =SUM(BG15:BG20) -> 13987 | BI22: =SUM(BI15:BI20) -> 6588 | BK22: =SUM(BK15:BK20) -> 45057 | BM22: =SUM(BM15:BM20) -> 45850 | BO22: =SUM(BO15:BO20) -> 21645 | BQ22: =SUM(BQ15:BQ20) -> 21538 | BS22: =SUM(BS15:BS20) -> 23939 | BU22: =SUM(BU15:BU20) -> 28540 | BW22: =SUM(BW15:BW20) -> 72435 | BY22: =SUM(BY15:BY20) -> 34620
A24: Resultado financeiro
A25: Receitas financeiras | C25: 544 | E25: 555 | G25: 776 | I25: =2383-G25-E25-C25 -> 508 | K25: 895 | M25: =1644 -> 1644 | O25: 2601 | Q25: =6331-O25-M25-K25 -> 1191 | S25: 1566 | U25: =2259-S25 -> 693 | W25: 1089 | Y25: =4465-W25-U25-S25 -> 1117 | AA25: 1939 | AC25: 2932 | AE25: -120 | AG25: =4900-AE25-AC25-AA25 -> 149 | AI25: 997 | AK25: 1126 | AM25: 853 | AO25: =4211-AM25-AK25-AI25 -> 1235 | AQ25: 2039 | AS25: 1808 | AU25: 2867 | AW25: 3051 | AY25: 4301 | BA25: 3404 | BC25: 2376 | BE25: 3962 | BG25: 4503 | BI25: 4554 | BK25: 6423 | BM25: =23376-BK25-BI25-BG25 -> 7896 | BO25: 7978 | BQ25: 13196 | BS25: 18987 | BU25: 14009 | BW25: 23011 | BY25: 13986
A26: Despesas financeiras | C26: -1412 | E26: -1952 | G26: -3282 | I26: =-8518-G26-E26-C26 -> -1872 | K26: -3323 | M26: -4385 | O26: -4672 | Q26: =-15462-O26-M26-K26 -> -3082 | S26: -4069 | U26: -4656 | W26: -4742 | Y26: =-18050-W26-U26-S26 -> -4583 | AA26: -4511 | AC26: -3816 | AE26: -1120 | AG26: =-11410-AE26-AC26-AA26 -> -1963 | AI26: -1858 | AK26: -1682 | AM26: -2211 | AO26: =-8524-AM26-AK26-AI26 -> -2773 | AQ26: -3462 | AS26: -5610 | AU26: -9335 | AW26: -11636 | AY26: -11808 | BA26: -12665 | BC26: -14799 | BE26: -19759 | BG26: -15792 | BI26: -14869 | BK26: -22078 | BM26: =-75456-BK26-BI26-BG26 -> -22717 | BO26: -23776 | BQ26: -33992 | BS26: -39564 | BU26: -44819 | BW26: -40169 | BY26: -49291
A28: Lucro antes do imposto de renda e da contribuição social | C28: =SUM(C22:C26) -> 3098 | E28: =SUM(E22:E27) -> -2305 | G28: =SUM(G22:G27) -> -6487 | I28: =SUM(I22:I27) -> -7968 | K28: =SUM(K22:K26) -> 405 | M28: =SUM(M22:M27) -> 581 | O28: =SUM(O22:O27) -> 1137 | Q28: =SUM(Q22:Q27) -> 3842 | S28: =SUM(S22:S27) -> -1576 | U28: =SUM(U22:U27) -> -1888 | W28: =SUM(W22:W27) -> -4391 | Y28: =SUM(Y22:Y27) -> 2030 | AA28: =SUM(AA22:AA27) -> 8204 | AC28: =SUM(AC22:AC27) -> -15931 | AE28: =SUM(AE22:AE27) -> -4254 | AG28: =SUM(AG22:AG27) -> 839 | AI28: =SUM(AI22:AI26) -> -457 | AK28: =SUM(AK22:AK26) -> 8239 | AM28: =SUM(AM22:AM26) -> 5757 | AO28: =SUM(AO22:AO26) -> 2640 | AQ28: =SUM(AQ22:AQ26) -> 9129 | AS28: =SUM(AS22:AS26) -> 15631 | AU28: =SUM(AU22:AU26) -> 44026 | AW28: =SUM(AW22:AW26) -> 15394 | AY28: =SUM(AY22:AY26) -> 16548 | BA28: =SUM(BA22:BA26) -> 15028 | BC28: =SUM(BC22:BC26) -> 8193 | BE28: =SUM(BE22:BE26) -> 2641 | BG28: =SUM(BG22:BG26) -> 2698 | BI28: =SUM(BI22:BI26) -> -3727 | BK28: =SUM(BK22:BK26) -> 29402 | BM28: =SUM(BM22:BM26) -> 31029 | BO28: =SUM(BO22:BO26) -> 5847 | BQ28: =SUM(BQ22:BQ26) -> 742 | BS28: =SUM(BS22:BS26) -> 3362 | BU28: =SUM(BU22:BU26) -> -2270 | BW28: =SUM(BW22:BW26) -> 55277 | BY28: =SUM(BY22:BY26) -> -685
A30: Correntes | C30: -799 | E30: -1053 | G30: 751 | I30: =-947-G30-E30-C30 -> 154 | K30: -1127 | M30: -795 | O30: -1001 | Q30: =-4613-O30-M30-K30 -> -1690 | S30: -1379 | U30: =-2812-S30 -> -1433 | W30: -1623 | Y30: =-6207-W30-U30-S30 -> -1772 | AA30: -1586 | AC30: -1262 | AE30: -1110 | AG30: =-5390-AE30-AC30-AA30 -> -1432 | AI30: -1585 | AK30: -3036 | AM30: -3113 | AO30: =-7870-AM30-AK30-AI30 -> -136 | AQ30: -4118 | AS30: -5001 | AU30: -8629 | AW30: -7343 | AY30: -9646 | BA30: -10201 | BC30: -7978 | BE30: -10473 | BG30: -4513 | BI30: -5168 | BK30: -21212 | BM30: =-42123-BK30-BI30-BG30 -> -11230 | BO30: -11236 | BQ30: -6853 | BS30: -7041 | BU30: -6779 | BW30: -8274 | BY30: -6003
A31: Diferidos | C31: -27 | E31: 2005 | G31: 1673 | I31: =7221-G31-E31-C31 -> 3570 | K31: 1442 | M31: 372 | O31: -1328 | Q31: =3788-O31-M31-K31 -> 3302 | S31: 2450 | U31: 1335 | W31: 3071 | Y31: =1234-W31-U31-S31 -> -5622 | AA31: -3348 | AC31: -959 | AE31: 434 | AG31: =13436-AE31-AC31-AA31 -> 17309 | AI31: 1011 | AK31: 1001 | AM31: 1137 | AO31: =6190-AM31-AK31-AI31 -> 3041 | AQ31: 219 | AS31: 316 | AU31: 984 | AW31: 4326 | AY31: 1963 | BA31: 4122 | BC31: 2124 | BE31: 12758 | BG31: 4650 | BI31: 6199 | BK31: 12577 | BM31: =24976-BK31-BI31-BG31 -> 1550 | BO31: 9406 | BQ31: 6619 | BS31: 6739 | BU31: 9868 | BW31: 5712 | BY31: 5658
A33: Lucro Líquido do exercício | C33: =SUM(C28:C31) -> 2272 | E33: =SUM(E28:E31) -> -1353 | G33: =SUM(G28:G31) -> -4063 | I33: =SUM(I28:I31) -> -4244 | K33: =SUM(K28:K31) -> 720 | M33: =SUM(M28:M31) -> 158 | O33: =SUM(O28:O31) -> -1192 | Q33: =SUM(Q28:Q31) -> 5454 | S33: =SUM(S28:S31) -> -505 | U33: =SUM(U28:U31) -> -1986 | W33: =SUM(W28:W31) -> -2943 | Y33: =SUM(Y28:Y31) -> -5364 | AA33: =SUM(AA28:AA31) -> 3270 | AC33: =SUM(AC28:AC31) -> -18152 | AE33: =SUM(AE28:AE31) -> -4930 | AG33: =SUM(AG28:AG31) -> 16716 | AI33: =SUM(AI28:AI31) -> -1031 | AK33: =SUM(AK28:AK31) -> 6204 | AM33: =SUM(AM28:AM31) -> 3781 | AO33: =SUM(AO28:AO31) -> 5545 | AQ33: =SUM(AQ28:AQ31) -> 5230 | AS33: =SUM(AS28:AS31) -> 10946 | AU33: =SUM(AU28:AU31) -> 36381 | AW33: =SUM(AW28:AW31) -> 12377 | AY33: =SUM(AY28:AY31) -> 8865 | BA33: =SUM(BA28:BA31) -> 8949 | BC33: =SUM(BC28:BC31) -> 2339 | BE33: =SUM(BE28:BE31) -> 4926 | BG33: =SUM(BG28:BG31) -> 2835 | BI33: =SUM(BI28:BI31) -> -2696 | BK33: =SUM(BK28:BK31) -> 20767 | BM33: =SUM(BM28:BM31) -> 21349 | BO33: =SUM(BO28:BO31) -> 4017 | BQ33: =SUM(BQ28:BQ31) -> 508 | BS33: =SUM(BS28:BS31) -> 3060 | BU33: =SUM(BU28:BU31) -> 819 | BW33: =SUM(BW28:BW31) -> 52715 | BY33: =SUM(BY28:BY31) -> -1030
A36: EBITDA | C36: =C22-C42-C49 -> 6271 | E36: =E22-E42-E49 -> 1447.4 | G36: =G22-G42-G49 -> -467 | I36: =I22-I42-I49 -> -2574.7 | K36: =K22-K42-K49 -> 6924 | M36: =M22-M42-M49 -> 7418 | O36: =O22-O42-O49 -> 7260.6617 | Q36: =Q22-Q42-Q49 -> 8174.3383 | S36: =S22-S42-S49 -> 5625.2902 | U36: =U22-U42-U49 -> 7044 | W36: =W22-W42-W49 -> 4289.4486 | Y36: =Y22-Y42-Y49 -> 10506.261 | AA36: =AA22-AA42-AA49 -> 15895 | AC36: =AC22-AC42-AC49 -> -9787 | AE36: =AE22-AE42-AE49 -> 2805 | AG36: =AG22-AG42-AG49 -> 8098 | AI36: =AI22-AI42-AI49 -> 5312 | AK36: =AK22-AK42-AK49 -> 14237.102 | AM36: =AM22-AM42-AM49 -> 12765.557 | AO36: =AO22-AO42-AO49 -> 9087.5983 | AQ36: =AQ22-AQ42-AQ49 -> 16497.355 | AS36: =AS22-AS42-AS49 -> 25876 | AU36: =AU22-AU42-AU49 -> 57437 | AW36: =AW22-AW42-AW49 -> 30944.527 | AY36: =AY22-AY42-AY49 -> 32780.837 | BA36: =BA22-BA42-BA49 -> 33643.099 | BC36: =BC22-BC42-BC49 -> 29615 | BE36: =BE22-BE42-BE49 -> 30420 | BG36: =BG22-BG42-BG49 -> 24805 | BI36: =BI22-BI42-BI49 -> 17692 | BK36: =BK22-BK42-BK49 -> 58131 | BM36: =BM22-BM42-BM49 -> 59986.333 | BO36: =BO22-BO42-BO49 -> 40109 | BQ36: =BQ22-BQ42-BQ49 -> 40018 | BS36: =BS22-BS42-BS49 -> 42564 | BU36: =BU22-BU42-BU49 -> 61956.203 | BW36: =BW22-BW42-BW49 -> 109271 | BY36: =BY22-BY42-BY49 -> 71042
A37: EBITDA LTM | I37: =C36+E36+G36+I36 -> 4676.7 | K37: =E36+G36+I36+K36 -> 5329.7 | M37: =G36+I36+K36+M36 -> 11300.3 | O37: =I36+K36+M36+O36 -> 19027.962 | Q37: =K36+M36+O36+Q36 -> 29777 | S37: =M36+O36+Q36+S36 -> 28478.29 | U37: =O36+Q36+S36+U36 -> 28104.29 | W37: =Q36+S36+U36+W36 -> 25133.077 | Y37: =S36+U36+W36+Y36 -> 27465 | AA37: =U36+W36+Y36+AA36 -> 37734.71 | AC37: =W36+Y36+AA36+AC36 -> 20903.71 | AE37: =Y36+AA36+AC36+AE36 -> 19419.261 | AG37: =AA36+AC36+AE36+AG36 -> 17011 | AI37: =AC36+AE36+AG36+AI36 -> 6428 | AK37: =AE36+AG36+AI36+AK36 -> 30452.102 | AM37: =AG36+AI36+AK36+AM36 -> 40412.659 | AO37: =AI36+AK36+AM36+AO36 -> 41402.258 | AQ37: =AK36+AM36+AO36+AQ36 -> 52587.612 | AS37: =AM36+AO36+AQ36+AS36 -> 64226.51 | AU37: =AO36+AQ36+AS36+AU36 -> 108897.95 | AW37: =AQ36+AS36+AU36+AW36 -> 130754.88 | AY37: =AS36+AU36+AW36+AY36 -> 147038.36 | BA37: =AU36+AW36+AY36+BA36 -> 154805.46 | BC37: =AW36+AY36+BA36+BC36 -> 126983.46 | BE37: =AY36+BA36+BC36+BE36 -> 126458.94 | BG37: =BA36+BC36+BE36+BG36 -> 118483.1 | BI37: =BC36+BE36+BG36+BI36 -> 102532 | BK37: =BE36+BG36+BI36+BK36 -> 131048 | BM37: =BG36+BI36+BK36+BM36 -> 160614.33 | BO37: =BI36+BK36+BM36+BO36 -> 175918.33 | BQ37: =BK36+BM36+BO36+BQ36 -> 198244.33 | BS37: =BM36+BO36+BQ36+BS36 -> 182677.33 | BU37: =BO36+BQ36+BS36+BU36 -> 184647.2 | BW37: =BQ36+BS36+BU36+BW36 -> 253809.2 | BY37: =BS36+BU36+BW36+BY36 -> 284833.2
A38: Dívida Líquida/EBITDA contábil LTM | I38: =-'BP Histórico_Consolidado'!B150/'DRE Histórico_Consolidado'!I37 -> 15.784634 | K38: =-'BP Histórico_Consolidado'!D150/'DRE Histórico_Consolidado'!K37 -> 14.765747 | M38: =-'BP Histórico_Consolidado'!F150/'DRE Histórico_Consolidado'!M37 -> 6.0046193 | O38: =-'BP Histórico_Consolidado'!H150/'DRE Histórico_Consolidado'!O37 -> 3.6839994 | Q38: =-'BP Histórico_Consolidado'!J150/'DRE Histórico_Consolidado'!Q37 -> 2.6010679 | S38: =-'BP Histórico_Consolidado'!L150/'DRE Histórico_Consolidado'!S37 -> 2.7497437 | U38: =-'BP Histórico_Consolidado'!N150/'DRE Histórico_Consolidado'!U37 -> 2.6043355 | W38: =-'BP Histórico_Consolidado'!P150/'DRE Histórico_Consolidado'!W37 -> 2.7438741 | Y38: =-'BP Histórico_Consolidado'!R150/'DRE Histórico_Consolidado'!Y37 -> 1.8433643 | AA38: =-'BP Histórico_Consolidado'!T150/'DRE Histórico_Consolidado'!AA37 -> -1.9005579 | AC38: =-'BP Histórico_Consolidado'!V150/'DRE Histórico_Consolidado'!AC37 -> -3.6366751 | AE38: =-'BP Histórico_Consolidado'!X150/'DRE Histórico_Consolidado'!AE37 -> -3.5283526 | AG38: =-'BP Histórico_Consolidado'!Z150/'DRE Histórico_Consolidado'!AG37 -> -3.077832 | AI38: =-'BP Histórico_Consolidado'!AB150/'DRE Histórico_Consolidado'!AI37 -> -4.1924393 | AK38: =-'BP Histórico_Consolidado'!AD150/'DRE Histórico_Consolidado'!AK37 -> -0.70533719 | AM38: =-'BP Histórico_Consolidado'!AF150/'DRE Histórico_Consolidado'!AM37 -> -0.72232317 | AO38: =-'BP Histórico_Consolidado'!AH150/'DRE Histórico_Consolidado'!AO37 -> -0.38942523 | AQ38: =-'BP Histórico_Consolidado'!AJ150/'DRE Histórico_Consolidado'!AQ37 -> -0.0027953351 | AS38: =-'BP Histórico_Consolidado'!AL150/'DRE Histórico_Consolidado'!AS37 -> 0.33405209 | AU38: =-'BP Histórico_Consolidado'!AN150/'DRE Histórico_Consolidado'!AU37 -> 0.20263925 | AW38: =-'BP Histórico_Consolidado'!AP150/'DRE Histórico_Consolidado'!AW37 -> 0.35798281 | AY38: =-'BP Histórico_Consolidado'!AR150/'DRE Histórico_Consolidado'!AY37 -> 0.56324756 | BA38: =-'BP Histórico_Consolidado'!AT150/'DRE Histórico_Consolidado'!BA37 -> 1.3276857 | BC38: =-'BP Histórico_Consolidado'!AV150/'DRE Histórico_Consolidado'!BC37 -> 1.501542 | BE38: =-'BP Histórico_Consolidado'!AX150/'DRE Histórico_Consolidado'!BE37 -> 1.9404006 | BG38: =-'BP Histórico_Consolidado'!AZ150/'DRE Histórico_Consolidado'!BG37 -> 1.4993531 | BI38: =-'BP Histórico_Consolidado'!BB150/'DRE Histórico_Consolidado'!BI37 -> 2.2356728 | BK38: =-'BP Histórico_Consolidado'!BD150/'DRE Histórico_Consolidado'!BK37 -> 2.8914367 | BM38: =-'BP Histórico_Consolidado'!BF150/'DRE Histórico_Consolidado'!BM37 -> 2.3690601 | BO38: =-'BP Histórico_Consolidado'!BH150/'DRE Histórico_Consolidado'!BO37 -> 2.4914572 | BQ38: =-'BP Histórico_Consolidado'!BJ150/'DRE Histórico_Consolidado'!BQ37 -> 2.3992332 | BS38: =-'BP Histórico_Consolidado'!BL150/'DRE Histórico_Consolidado'!BS37 -> 1.7458105 | BU38: =-'BP Histórico_Consolidado'!BN150/'DRE Histórico_Consolidado'!BU37 -> 3.4569979 | BW38: =-'BP Histórico_Consolidado'!BP150/'DRE Histórico_Consolidado'!BW37 -> 2.4597059 | BY38: =-'BP Histórico_Consolidado'!BR150/'DRE Histórico_Consolidado'!BY37 -> 2.6177882
A40: Custo dos produtos vendidos
A41: Custo de Execução de Obras (incluir provisão para mobilização e desmobilização) | C41: -36343 | E41: -41184 | G41: -52981 | I41: -56866 | K41: =-59650-128 -> -59778 | M41: =-130605-687-K41 -> -71514 | O41: =-196773.19459-855.09617-M41-K41 -> -66336.291 | Q41: =-266123+907-O41-M41-K41 -> -67587.709 | S41: -64305.681 | U41: =-26067-25294-15975 -> -67336 | W41: =-200422-U41-S41 -> -68780.319 | Y41: =-261087-6420-W41-U41-S41 -> -67085 | AA41: =-38543-17049 -> -55592 | AC41: =-99592+2969-570-AA41 -> -41601 | AE41: =-134271-1238-AC41-AA41 -> -38316 | AG41: =-180970-2437-543-AE41-AC41-AA41 -> -48441 | AI41: -60103 | AK41: -81356 | AM41: -92830.416 | AO41: -94715.786 | AQ41: =-90434.65885 -> -90434.659 | AS41: -117263 | AU41: =-123378-1 -> -123379 | AW41: -135194.95 | AY41: -145141.6 | BA41: -153604.94 | BC41: -176967 | BE41: -181958.37 | BG41: -138293.25 | BI41: -125509 | BK41: -155852.65 | BM41: -178281 | BO41: -166416.49 | BQ41: -177041 | BS41: -175350.15 | BU41: -223506.82 | BW41: -211200 | BY41: -235402.1
A42: Depreciação de Equipamentos Locados | C42: -1874 | E42: =-1924+0.3 -> -1923.7 | G42: -2834 | I42: =-3255+19 -> -3236 | K42: -3305 | M42: -3373 | O42: =-10037.68703-M42-K42 -> -3359.687 | Q42: =-11785-O42-M42-K42 -> -1747.313 | S42: =-3902663.82/1000 -> -3902.6638 | U42: =-1330-1400-1384 -> -4114 | W42: =-11732.479436-511.25932-U42-S42 -> -4227.0749 | Y42: =-15741-678-W42-U42-S42 -> -4175.2612 | AA42: =-2894-1449 -> -4343 | AC42: =-4396-1 -> -4397 | AE42: =-13620-AC42-AA42 -> -4880 | AG42: =-18103-AE42-AC42-AA42 -> -4483 | AI42: -3904 | AK42: -4422 | AM42: -4561.5572 | AO42: -4142.1094 | AQ42: =-4880.17073-8.40686 -> -4888.5776 | AS42: -5217 | AU42: -5605 | AW42: -5499.4224 | AY42: -5497.9371 | BA42: -6105.0252 | BC42: -6408 | BE42: -7582 | BG42: -7223 | BI42: -7604 | BK42: -8420 | BM42: -8537 | BO42: -9018 | BQ42: -8791 | BS42: -8973 | BU42: -20537.168 | BW42: -24659 | BY42: -24632
A43: Outros Custos | C43: =C44-C41-C42 -> -1269 | E43: =E44-E41-E42 -> -1435.3 | G43: =G44-G41-G42 -> -1428 | I43: =I44-I41-I42 -> -1725 | K43: =K44-K41-K42 -> -2438 | M43: =M44-M41-M42 -> -2432 | O43: =O44-O41-O42 -> -1252.0222 | Q43: =Q44-Q41-Q42 -> 909.02221 | S43: =S44-S41-S42 -> -4141.6549 | U43: =U44-U41-U42 -> -8319 | W43: =W44-W41-W42 -> -1638.6063 | Y43: =Y44-Y41-Y42 -> -1559.7388 | AA43: =AA44-AA41-AA42 -> -1772 | AC43: =AC44-AC41-AC42 -> -6437 | AE43: =AE44-AE41-AE42 -> -2184 | AG43: =AG44-AG41-AG42 -> -2618 | AI43: =AI44-AI41-AI42 -> -3023 | AK43: =AK44-AK41-AK42 -> -4276 | AM43: -5029.4671 | AO43: -4324.9368 | AQ43: -8441.7636 | AS43: -22057 | AU43: -47384 | AW43: -49547.164 | AY43: -41031.744 | BA43: -39371.64 | BC43: -34070 | BE43: -33100.386 | BG43: -27399.638 | BI43: -33158 | BK43: -139548.09 | BM43: -130635 | BO43: -119570.07 | BQ43: -104259 | BS43: -100741.71 | BU43: -139070.12 | BW43: -121317 | BY43: -115137.1
A44: Total | C44: =C13 -> -39486 | E44: =E13 -> -44543 | G44: =G13 -> -57243 | I44: =I13 -> -61827 | K44: =K13 -> -65521 | M44: =M13 -> -77319 | O44: =O13 -> -70948 | Q44: =Q13 -> -68426 | S44: =S13 -> -72350 | U44: =U13 -> -79769 | W44: =W13 -> -74646 | Y44: =Y13 -> -72820 | AA44: =AA13 -> -61707 | AC44: =AC13 -> -52435 | AE44: =AE13 -> -45380 | AG44: =AG13 -> -55542 | AI44: =AI13 -> -67030 | AK44: =AK13 -> -90054 | AM44: -102421.44 | AO44: =SUM(AO41:AO43) -> -103182.83 | AQ44: =SUM(AQ41:AQ43) -> -103765 | AS44: =SUM(AS41:AS43) -> -144537 | AU44: =SUM(AU41:AU43) -> -176368 | AW44: =SUM(AW41:AW43) -> -190241.53 | AY44: =SUM(AY41:AY43) -> -191671.29 | BA44: =SUM(BA41:BA43) -> -199081.61 | BC44: =SUM(BC41:BC43) -> -217445 | BE44: =SUM(BE41:BE43) -> -222640.76 | BG44: =SUM(BG41:BG43) -> -172915.89 | BI44: =SUM(BI41:BI43) -> -166271 | BK44: =SUM(BK41:BK43) -> -303820.75 | BM44: =SUM(BM41:BM43) -> -317453 | BO44: =SUM(BO41:BO43) -> -295004.55 | BQ44: =SUM(BQ41:BQ43) -> -290091 | BS44: =SUM(BS41:BS43) -> -285064.86 | BU44: =SUM(BU41:BU43) -> -383114.11 | BW44: =SUM(BW41:BW43) -> -357176 | BY44: =SUM(BY41:BY43) -> -375171.2
A46: Despesas Gerais e Administrativas
A47: Despesas Diversas | C47: =C53-C52-C51-C50-C49-C48 -> -7372.293 | E47: =E53-E52-E51-E50-E49-E48 -> -8273.5274 | G47: =G53-G52-G51-G50-G49-G48 -> -6493.8388 | I47: =I53-I52-I51-I50-I49-I48 -> -10302.848 | K47: =K53-K52-K51-K50-K49-K48 -> -8587 | M47: =M53-M52-M51-M50-M49-M48 -> -5574 | O47: =O53-O52-O51-O50-O49-O48 -> -12009.516 | Q47: =Q53-Q52-Q51-Q50-Q49-Q48 -> -10988.484 | S47: =S53-S52-S51-S50-S49-S48 -> -8832.1886 | U47: =U53-U52-U51-U50-U49-U48 -> -10885.201 | W47: =W53-W52-W51-W50-W49-W48 -> -10988.982 | Y47: =Y53-Y52-Y51-Y50-Y49-Y48 -> -9509.6282 | AA47: =AA53-AA52-AA51-AA50-AA49-AA48 -> -8447 | AC47: =AC53-AC52-AC51-AC50-AC49-AC48 -> -9040.5875 | AE47: =AE53-AE52-AE51-AE50-AE49-AE48 -> -6588.4125 | AG47: =AG53-AG52-AG51-AG50-AG49-AG48 -> -9085 | AI47: =AI53-AI52-AI51-AI50-AI49-AI48 -> -10005 | AK47: =AK53-AK52-AK51-AK50-AK49-AK48 -> -11471.439 | AM47: =AM53-AM52-AM51-AM50-AM49-AM48 -> -13749 | AO47: =AO53-AO52-AO51-AO50-AO49-AO48 -> -11487.03 | AQ47: =AQ53-AQ52-AQ50-AQ49-AQ48-AQ51 -> -13096.834 | AS47: =AS53-AS52-AS50-AS49-AS48-AS51 -> -17196 | AU47: =AU53-AU52-AU50-AU49-AU48-AU51 -> -25521 | AW47: =AW53-AW52-AW50-AW49-AW48-AW51 -> -29728.742 | AY47: =AY53-AY52-AY50-AY49-AY48-AY51 -> -21142.797 | BA47: =BA53-BA52-BA50-BA49-BA48-BA51 -> -27508.178 | BC47: =BC53-BC52-BC50-BC49-BC48-BC51 -> -28128 | BE47: =BE53-BE52-BE50-BE49-BE48-BE51 -> -37030.71 | BG47: =BG53-BG52-BG50-BG49-BG48-BG51 -> -25956.543 | BI47: =BI53-BI52-BI50-BI49-BI48-BI51 -> -27693 | BK47: =BK53-BK52-BK50-BK49-BK48-BK51 -> -38096.734 | BM47: =BM53-BM52-BM50-BM49-BM48-BM51 -> -51596.134 | BO47: =BO53-BO52-BO50-BO49-BO48-BO51 -> -43549.354 | BQ47: =BQ53-BQ52-BQ50-BQ49-BQ48-BQ51 -> -35352 | BS47: =BS53-BS52-BS50-BS49-BS48-BS51 -> -39157.043 | BU47: =BU53-BU52-BU50-BU49-BU48-BU51 -> -43984.572 | BW47: =BW53-BW52-BW50-BW49-BW48-BW51 -> 24530.714 | BY47: =BY53-BY52-BY50-BY49-BY48-BY51 -> -39183.078
A48: Despesas com Aquisições, Novos Negócios, B3 eCVM - Expansão e desenvolvimento | C48: -107 | E48: -529 | G48: -1148 | I48: -345 | K48: -186 | M48: =-338-K48 -> -152 | O48: -46.91886 | Q48: =-438-O48-M48-K48 -> -53.08114 | S48: -75.92668 | U48: =-129.9841-S48 -> -54.05742 | W48: =-501.91867-U48-S48 -> -371.93457 | Y48: =-780-W48-U48-S48 -> -278.08133 | AA48: -57 | AC48: =-282.49882-AA48 -> -225.49882 | AE48: =-649-AC48-AA48 -> -366.50118 | AG48: =-1058-AE48-AC48-AA48 -> -409 | AI48: -135 | AK48: -141.294 | AM48: -216 | AO48: =-421049.59/1000 -> -421.04959 | AQ48: -521.14057 | AS48: -1163 | AU48: -351 | AW48: -413.40135 | AY48: -913.80309 | BA48: -378.548 | BC48: -657 | BE48: -439.28996 | BG48: -379.45728 | BI48: -686 | BK48: -1112.2616 | BM48: 2191.5723 | BO48: 3815.2724 | BQ48: -4258 | BS48: -429.16409 | BU48: -2827.0715 | BW48: -2605.7137 | BY48: -83.92184
A49: Depreciação e Amortização | C49: -431 | E49: =-432+0.3 -> -431.7 | G49: -680 | I49: =-2336-G49-E49-C49 -> -793.3 | K49: -786 | M49: -723 | O49: =-2201.97466-M49-K49 -> -692.97466 | Q49: =-2896-O49-M49-K49 -> -694.02534 | S49: =(-442289.95-353336.4)/1000 -> -795.62635 | U49: =-273-310-272 -> -855 | W49: =-1935-516-U49-S49 -> -800.37365 | Y49: =-2328-958-W49-U49-S49 -> -835 | AA49: =-517-259 -> -776 | AC49: -863 | AE49: =-2578-AA49-AC49 -> -939 | AG49: =-3540-AE49-AC49-AA49 -> -962 | AI49: -1004 | AK49: -1020.102 | AM49: -1089 | AO49: -767.4889 | AQ49: -1056.7771 | AS49: -1226 | AU49: -1338 | AW49: -1466.1046 | AY49: -3227.8998 | BA49: -3249.0736 | BC49: -2591 | BE49: -4400 | BG49: -3595 | BI49: -3500 | BK49: -4654 | BM49: -5599.3325 | BO49: -9446 | BQ49: -9689 | BS49: -9652 | BU49: -12879.035 | BW49: -12177 | BY49: -11790
A50: Provisão para Devedores Duvidosos | C50: -934 | E50: -1033 | G50: 322 | I50: 3 | K50: 20 | M50: =-1878-K50 -> -1898 | O50: =4330.40926-M50-K50 -> 6208.4093 | Q50: =4007-O50-M50-K50 -> -323.40926 | S50: =370741.63/1000 -> 370.74163 | U50: =1654-S50 -> 1283.2584 | W50: =1938.2905-U50-S50 -> 284.2905 | Y50: =1798-W50-U50-S50 -> -140.2905 | AA50: =3232-568 -> 2664 | AC50: =1995.08631-AA50 -> -668.91369 | AE50: =3234-AC50-AA50 -> 1238.9137 | AG50: =3807-AE50-AC50-AA50 -> 573 | AI50: 137 | AK50: -42.16525 | AM50: 1007 | AO50: 442.56804 | AQ50: -296.24832 | AS50: -388 | AU50: -367 | AW50: 5.24832 | AY50: -251.50014 | BA50: 571.79954 | BC50: 480 | BE50: 694 | BG50: 403 | BI50: -522 | BK50: 68.99582 | BM50: 47.89441 | BO50: -1580.9185 | BQ50: -391 | BS50: 380.20706 | BU50: -605.3212 | BW50: -303 | BY50: -598
A51: AVJ de opções de compra e venda de adquiridas | C51: =8636.39/1000 -> 8.63639 | E51: =4188.72/1000-C51 -> -4.44767 | G51: =-162665.88/1000-E51-C51 -> -166.8546 | I51: =(104223.4-1927642.5)/1000-G51-E51-C51 -> -1660.7532 | K51: 1190 | M51: 4224 | O51: 697 | Q51: 0 | S51: -107 | U51: -389 | W51: 653 | Y51: 263 | AA51: 7760 | AC51: 0 | AE51: 0 | AG51: 0 | AI51: 0 | AK51: 0 | AM51: 0 | AO51: 0 | AQ51: 0 | AS51: 0 | AU51: 0 | AW51: 0 | AY51: 0 | BA51: 0 | BC51: 0 | BE51: 0 | BG51: 0 | BI51: 0 | BK51: 0 | BM51: 0 | BO51: 0 | BQ51: 0 | BS51: 0 | BU51: 0 | BW51: 0 | BY51: 0
A52: Reserva de capital (Stock Options) | C52: -178.34339 | E52: -180.32497 | G52: -182.30657 | I52: -202.09916 | K52: 0 | M52: 0 | O52: 0 | Q52: 0 | S52: 0 | U52: 0 | W52: 0 | Y52: 0 | AA52: 0 | AC52: 0 | AE52: =-6659+853 -> -5806 | AG52: =-6659+853-AE52 -> 0 | AI52: 0 | AK52: 0 | AM52: 0 | AO52: 0 | AQ52: 0 | AS52: 0 | AU52: 0 | AW52: 0 | AY52: 0 | BA52: 0 | BC52: 0 | BE52: 0 | BG52: 0 | BI52: 0 | BK52: 0 | BM52: -1434 | BO52: -1434 | BQ52: -575 | BS52: -1272 | BU52: -1800 | BW52: -1031 | BY52: -1172
A53: Total | C53: =C18 -> -9014 | E53: =E18 -> -10452 | G53: =G18 -> -8349 | I53: =I18 -> -13301 | K53: =K18 -> -8349 | M53: =M18 -> -4123 | O53: =O18 -> -5844 | Q53: =Q18 -> -12059 | S53: =S18 -> -9440 | U53: =U18 -> -10900 | W53: =W18 -> -11224 | Y53: =Y18 -> -10500 | AA53: =AA18 -> 1144 | AC53: =AC18 -> -10798 | AE53: =AE18 -> -12461 | AG53: =AG18 -> -9883 | AI53: =AI18 -> -11007 | AK53: =AK18 -> -12675 | AM53: =AM18 -> -14047 | AO53: =AO18 -> -12233 | AQ53: =AQ18 -> -14971 | AS53: =AS18 -> -19973 | AU53: =AU18 -> -27577 | AW53: =AW18 -> -31603 | AY53: =AY18 -> -25536 | BA53: =BA18 -> -30564 | BC53: =BC18 -> -30896 | BE53: =BE18 -> -41176 | BG53: =BG18 -> -29528 | BI53: =BI18 -> -32401 | BK53: =BK18 -> -43794 | BM53: =BM18 -> -56390 | BO53: =BO18 -> -52195 | BQ53: =BQ18 -> -50265 | BS53: =BS18 -> -50130 | BU53: =BU18 -> -62096 | BW53: =BW18 -> 8414 | BY53: =BY18 -> -52827
A59: Resultados Financeiros
A60: Receitas de aplicações financeiras | C60: 376 | E60: 444 | G60: 261 | I60: 94 | K60: 85 | M60: 85 | O60: 32 | Q60: =215-O60-M60-K60 -> 13 | S60: 41 | U60: 149 | W60: 246 | Y60: =674-W60-U60-S60 -> 238 | AA60: 856 | AC60: 1046 | AE60: 665 | AG60: =2435-AE60-AC60-AA60 -> -132 | AI60: 601 | AK60: =524173.4/1000 -> 524.1734 | AM60: 927 | AO60: 1341.5409 | AQ60: 1425.2008 | AS60: 1054.2341 | AU60: 1814 | AW60: 2608.5651 | AY60: 3386 | BA60: 2621 | BC60: 1601 | BE60: 1696 | BG60: 3245 | BI60: 3237 | BK60: 4821 | BM60: 4062 | BO60: 5428 | BQ60: 9532 | BS60: 14558 | BU60: 12274.92
A61: Juros de financiamentos (incluindo IOF) | C61: =-458-10 -> -468 | E61: =-659-402 -> -1061 | G61: =-1325-62 -> -1387 | I61: -1335 | K61: =-1632-197 -> -1829 | M61: =-1574-173 -> -1747 | O61: =-1409-197 -> -1606 | Q61: =-6084-867-O61-M61-K61 -> -1769 | S61: -1793 | U61: =-1398-220 -> -1618 | W61: =-424-148 -> -572 | Y61: =-3772-722-W61-U61-S61 -> -511 | AA61: =-269-176 -> -445 | AC61: =-89-144 -> -233 | AE61: =-83-123 -> -206 | AG61: =-538-586-AE61-AC61-AA61 -> -240 | AI61: =-81-190 -> -271 | AK61: =-243159/1000 -> -243.159 | AM61: -222 | AO61: -535.26015 | AQ61: -1070.2921 | AS61: =-1366.02641-250 -> -1616.0264 | AU61: -4160 | AW61: -4679.6815 | AY61: -6403 | BA61: -9120.119 | BC61: -9595 | BE61: -11691 | BG61: -11348 | BI61: -11431 | BK61: -13911 | BM61: -14611 | BO61: -16374 | BQ61: -18038 | BS61: -20938 | BU61: -26218.805
A62: Juros sobre debêntures e custos da transação | C62: 0 | E62: 0 | G62: 0 | I62: 0 | K62: 0 | M62: 0 | O62: 0 | Q62: 0 | S62: 0 | U62: =-1006-106 -> -1112 | W62: =-1800-157 -> -1957 | Y62: =-4382-528-W62-U62-S62 -> -1841 | AA62: =-1402-157 -> -1559 | AC62: =-1235-184 -> -1419 | AE62: =-1058-163 -> -1221 | AG62: =-4554-667-AE62-AC62-AA62 -> -1022 | AI62: =-863-163 -> -1026 | AK62: =-1013179.7/1000 -> -1013.1797 | AM62: -1092 | AO62: -1131.9274 | AQ62: -1101.3163 | AS62: -982.47474 | AU62: -802 | AW62: -522.20892 | AY62: -340 | BA62: -80.10115 | BC62: 0 | BE62: 0 | BG62: 0 | BI62: 0 | BK62: 0 | BM62: 0 | BO62: -122 | BQ62: -7832 | BS62: -8910 | BU62: -8472.2524
A63: Resultado de swap, inclui variação cambial passiva | C63: =-90-116 -> -206 | E63: =-105+41 -> -64 | G63: =-1105+204 -> -901 | I63: =1233-1152 -> 81 | K63: -515 | M63: =1859-1762 -> 97 | O63: =1062-1758 -> -696 | Q63: =1663-4187+578-O63-M63-K63 -> -832 | S63: -966 | U63: =265-24 -> 241 | W63: -289 | Y63: =-1085-715+438-W63-U63-S63 -> -348 | AA63: =-621-6 -> -627 | AC63: =621+1170-2195-AC64 -> -375 | AE63: =-1170-671+1776-AE64 -> -46 | AG63: =-670-574-AE63-AC63-AA63-SUM(AA64:AG64) -> -58 | AI63: =-22-AI64 -> -1 | AK63: =-29169.64/1000 -> -29.16964 | AM63: =-364-116-AM64 -> -425 | AO63: 35.13105 | AQ63: -38.83198 | AS63: =-4.26577 -> -4.26577 | AU63: =-1+17 -> 16 | AW63: 288.09775 | AY63: 183 | BA63: -307.00458 | BC63: 196 | BE63: -2493 | BG63: -610 | BI63: 693 | BK63: 1043 | BM63: 3331 | BO63: 1605 | BQ63: 1188 | BS63: 7 | BU63: 1486.5583
A64: Dívida da aquisição | C64: -673 | E64: -600 | G64: -207 | I64: -179 | K64: -212 | M64: -149 | O64: -140 | Q64: =-578-O64-M64-K64 -> -77 | S64: -129 | U64: -130 | W64: =-387-U64-S64 -> -128 | Y64: =-438-W64-U64-S64 -> -51 | AA64: -69 | AC64: =-98-AA64 -> -29 | AE64: =-117-AC64-AA64 -> -19 | AG64: =-138-AE64-AC64-AA64 -> -21 | AI64: -21 | AK64: =-35.89094 -> -35.89094 | AM64: -55 | AO64: -65.4656 | AQ64: -151.86498 | AS64: -378.0731 | AU64: =-501+5 -> -496 | AW64: -387.06192 | AY64: -665 | BA64: -853 | BC64: -1044 | BE64: -411 | BG64: -794 | BI64: -585 | BK64: -5566 | BM64: -4099 | BO64: -4416 | BQ64: -4639 | BS64: -4588 | BU64: -25.88741
A65: Juros de clientes (inclui atualização monetária de recuperação INSS Smartcoat) | C65: 66 | E65: 31 | G65: 381 | I65: 333 | K65: 149 | M65: 181 | O65: =449 -> 449 | Q65: =1253-O65-M65-K65 -> 474 | S65: 70 | U65: 93 | W65: 56 | Y65: =434-W65-U65-S65 -> 215 | AA65: 50 | AC65: 121 | AE65: 206 | AG65: =502-AE65-AC65-AA65 -> 125 | AI65: 90 | AK65: =-(-302525.79+90203.66)/1000 -> 212.32213 | AM65: 105 | AO65: 41.79278 | AQ65: 41.4711 | AS65: 144.22516 | AU65: 644.37875 | AW65: 31.92499 | AY65: 7 | BA65: 7.79599 | BC65: 71 | BE65: 173 | BG65: 205 | BI65: 41 | BK65: 354 | BM65: 0 | BO65: 0 | BQ65: 0 | BS65: 0 | BU65: 43.89132
A66: Cessão de direitos creditórios/Encargos Duplicatas Descontadas | C66: 0 | E66: 0 | G66: 0 | I66: 0 | K66: 0 | M66: -21 | O66: =-25-4-439 -> -468 | Q66: =-782-O66-M66-K66 -> -293 | S66: -372 | U66: -737 | W66: -1077 | Y66: =-3242-W66-U66-S66 -> -1056 | AA66: -384 | AC66: -71 | AE66: -58 | AG66: =-590-AE66-AC66-AA66 -> -77 | AI66: -116 | AK66: =-58.7344 -> -58.7344 | AM66: -128 | AO66: -552.52049 | AQ66: -587.94157 | AS66: -1904.373 | AU66: -2946 | AW66: -4654.6855 | AY66: -2975 | BA66: -561.73076 | BC66: -2910 | BE66: -1943 | BG66: -296 | BI66: -697 | BK66: -594 | BM66: -1147 | BO66: -226 | BQ66: -523 | BS66: -353 | BU66: -859.48187
A67: Juros e multas s/ títulos (fornecedores e tributos) | C67: -1 | E67: -26 | G67: -277 | I67: -187 | K67: -435 | M67: -636 | O67: -343 | Q67: =-1740-O67-M67-K67 -> -326 | S67: -141 | U67: -664 | W67: -169 | Y67: =-1085-W67-U67-S67 -> -111 | AA67: -274 | AC67: -66 | AE67: -103 | AG67: =-602-AE67-AC67-AA67 -> -159 | AI67: -116 | AK67: =-25957/1000 -> -25.957 | AM67: -413 | AO67: -258.26842 | AQ67: -129.89243 | AS67: =-54.50935+36 -> -18.50935 | AU67: -134 | AW67: -138.59822 | AY67: -126 | BA67: -128.65296 | BC67: -104 | BE67: -200 | BG67: -136 | BI67: -201 | BK67: -217 | BM67: -516 | BO67: -378 | BQ67: -351 | BS67: -260 | BU67: -126.50426
A68: Outros, (inclui variação cambial ativa) | C68: 38 | E68: -121 | G68: -376 | I68: -171 | K68: 329 | M68: -551 | O68: 701 | Q68: =1398-O68-M68-K68 -> 919 | S68: 787 | U68: -185 | W68: 237 | Y68: =2915+45+27+370-388-2-1035-711-383-W68-U68-S68 -> -1 | AA68: =1033-731-105-185-41-91 -> -120 | AC68: =552+43-173-177-103 -> 142 | AE68: =155+24-177-195-176-89 -> -458 | AG68: =81+1882-731-726-589-316-199-41-27-AE68-AC68-AA68 -> -230 | AI68: =288-23-0-167-0-87-30+18 -> -1 | AK68: =SUM(AK25:AK26)-SUM(AK60:AK67) -> 113.59515 | AM68: =SUM(AM25:AM26)-SUM(AM60:AM67) -> -55 | AO68: -413.10569 | AQ68: 190.15363 | AS68: =-310.96403+250-36 -> -96.96403 | AU68: =328+63-140-1-35-408-133-68-10 -> -404 | AW68: -1131.1896 | AY68: -574 | BA68: -839.23785 | BC68: -638 | BE68: -928 | BG68: -1555 | BI68: -1372 | BK68: -1585 | BM68: -1841 | BO68: -1315 | BQ68: -133 | BS68: -93 | BU68: -8911.5417
A69: Total | C69: =SUM(C60:C68) -> -868 | E69: =SUM(E60:E68) -> -1397 | G69: =SUM(G60:G68) -> -2506 | I69: =SUM(I60:I68) -> -1364 | K69: =SUM(K60:K68) -> -2428 | M69: =SUM(M60:M68) -> -2741 | O69: =SUM(O60:O68) -> -2071 | Q69: =SUM(Q60:Q68) -> -1891 | S69: =SUM(S60:S68) -> -2503 | U69: =SUM(U60:U68) -> -3963 | W69: =SUM(W60:W68) -> -3653 | Y69: =SUM(Y60:Y68) -> -3466 | AA69: =SUM(AA60:AA68) -> -2572 | AC69: =SUM(AC60:AC68) -> -884 | AE69: =SUM(AE60:AE68) -> -1240 | AG69: =SUM(AG60:AG68) -> -1814 | AI69: =SUM(AI60:AI68) -> -861 | AK69: =SUM(AK60:AK68) -> -556 | AM69: =SUM(AM60:AM68) -> -1358 | AO69: =SUM(AO60:AO68) -> -1538.083 | AQ69: =SUM(AQ60:AQ68) -> -1423.3138 | AS69: =SUM(AS60:AS68) -> -3802.2271 | AU69: =SUM(AU60:AU68) -> -6467.6213 | AW69: =SUM(AW60:AW68) -> -8584.8378 | AY69: =SUM(AY60:AY68) -> -7507 | BA69: =SUM(BA60:BA68) -> -9261.0503 | BC69: =SUM(BC60:BC68) -> -12423 | BE69: =SUM(BE60:BE68) -> -15797 | BG69: =SUM(BG60:BG68) -> -11289 | BI69: =SUM(BI60:BI68) -> -10315 | BK69: =SUM(BK60:BK68) -> -15655 | BM69: =SUM(BM60:BM68) -> -14821 | BO69: =SUM(BO60:BO68) -> -15798 | BQ69: =SUM(BQ60:BQ68) -> -20796 | BS69: =SUM(BS60:BS68) -> -20577 | BU69: =SUM(BU60:BU68) -> -30809.104
A70: Checagem | C70: =C25+C26 -> -868 | E70: =E25+E26 -> -1397 | G70: =G25+G26 -> -2506 | I70: =I25+I26 -> -1364 | K70: =K25+K26 -> -2428 | M70: =M25+M26 -> -2741 | O70: =O25+O26 -> -2071 | Q70: =Q25+Q26 -> -1891 | S70: =S25+S26 -> -2503 | U70: =U25+U26 -> -3963 | W70: =W25+W26 -> -3653 | Y70: =Y25+Y26 -> -3466 | AA70: =AA25+AA26 -> -2572 | AC70: =AC25+AC26 -> -884 | AE70: =AE25+AE26 -> -1240 | AG70: =AG25+AG26 -> -1814 | AI70: =AI25+AI26 -> -861 | AK70: =AK25+AK26 -> -556 | AM70: =AM25+AM26 -> -1358 | AO70: =AO25+AO26 -> -1538 | AQ70: =AQ25+AQ26 -> -1423 | AS70: =AS25+AS26 -> -3802 | AU70: =AU25+AU26 -> -6468 | AW70: =AW25+AW26 -> -8585 | AY70: =AY25+AY26 -> -7507 | BA70: =BA25+BA26 -> -9261 | BC70: =BC25+BC26 -> -12423 | BE70: =BE25+BE26 -> -15797 | BG70: =BG25+BG26 -> -11289 | BI70: =BI25+BI26 -> -10315 | BK70: =BK25+BK26 -> -15655 | BM70: =BM25+BM26 -> -14821 | BO70: =BO25+BO26 -> -15798 | BQ70: =BQ25+BQ26 -> -20796 | BS70: =BS25+BS26 -> -20577 | BU70: =BU25+BU26 -> -30810
C72: =C70-C69 -> 0 | E72: =E70-E69 -> 0 | G72: =G70-G69 -> 0 | I72: =I70-I69 -> 0 | K72: =K70-K69 -> 0 | M72: =M70-M69 -> 0 | O72: =O70-O69 -> 0 | Q72: =Q70-Q69 -> 0 | S72: =S70-S69 -> 0 | U72: =U70-U69 -> 0 | W72: =W70-W69 -> 0 | Y72: =Y70-Y69 -> 0 | AA72: =AA70-AA69 -> 0 | AC72: =AC70-AC69 -> 0 | AE72: =AE70-AE69 -> 0 | AG72: =AG70-AG69 -> 0 | AI72: =AI70-AI69 -> 0 | AK72: =AK70-AK69 -> 0 | AM72: =AM70-AM69 -> 0 | AO72: =AO70-AO69 -> 0.08301 | AQ72: =AQ70-AQ69 -> 0.31384 | AS72: =AS70-AS69 -> 0.22713 | AU72: =AU70-AU69 -> -0.37875 | AW72: =AW70-AW69 -> -0.16222 | AY72: =AY70-AY69 -> 0 | BA72: =BA70-BA69 -> 0.05029 | BC72: =BC70-BC69 -> 0 | BE72: =BE70-BE69 -> 0 | BG72: =BG70-BG69 -> 0 | BI72: =BI70-BI69 -> 0 | BK72: =BK70-BK69 -> 0 | BM72: =BM70-BM69 -> 0 | BO72: =BO70-BO69 -> 0 | BQ72: =BQ70-BQ69 -> 0 | BS72: =BS70-BS69 -> 0 | BU72: =BU70-BU69 -> -0.89617107

Sheet DFC Histórico_Consolidado
B2: PRINER SERVIÇOS INDUSTRIAIS S/A | BC2: Contábil | BE2: Contábil | BG2: Contábil | BI2: Contábil | BK2: Contábil | BM2: Contábil | BO2: Contábil | BQ2: Contábil
B3: FLUXO DE CAIXA CONSOLIDADO (Em milhares de reais)
B4: Fluxo de Caixa Consolidado | C4: 1T2018 | E4: 2T2018 | G4: 3T2018 | I4: 4T2018 | K4: 1T2019 | M4: 2T2019 | O4: 3T2019 | Q4: 4T2019 | S4: 1T2020 | U4: 2T2020 | W4: 3T2020 | Y4: 4T2020 | AA4: 1T2021 | AC4: 2T2021 | AE4: 3T2021 | AG4: 4T2021 | AI4: 1T2022 | AK4: 2T2022 | AM4: 3T2022 | AO4: 4T2022 | AQ4: 1T2023 | AS4: 2T2023 | AU4: 3T2023 | AW4: 4T2023 | AY4: 1T2024 | BA4: 2T2024 | BC4: 3T2024 | BE4: 4T2024 | BG4: 1T2025 | BI4: 2T2025 | BK4: 3T2025 | BM4: 4T2025 | BO4: 1T2026 | BQ4: 2T2026
B6: FLUXOS DE CAIXA DAS ATIVIDADES OPERACIONAIS
B8: Lucro (Prejuízo) líquido do período antes dos impostos | C8: 405 | E8: 581 | G8: 1137 | I8: 3842 | K8: -1576 | M8: -1888 | O8: -4391 | Q8: 2030 | S8: 8204 | U8: -15931 | W8: -4254 | Y8: 839 | AA8: -457 | AC8: 8239 | AE8: 5757 | AG8: 2640 | AI8: 9129 | AK8: 15631 | AM8: 44026 | AO8: 15394 | AQ8: 16548 | AS8: ='DRE Histórico_Consolidado'!BA28 -> 15028 | AU8: ='DRE Histórico_Consolidado'!BC28 -> 8193 | AW8: 2642 | AY8: 2698 | BA8: -3728 | BC8: 7878 | BE8: 31030 | BG8: 5847 | BI8: 743 | BK8: 3361 | BM8: -2270 | BO8: 55277
B9: Ajustes
B10: Depreciação e amortização | C10: 4091 | E10: 4096 | G10: 4052.6617 | I10: 2441.3383 | K10: 4698.2902 | M10: 4969 | O10: 5027.4486 | Q10: 5010.2612 | S10: 5119 | U10: 5260 | W10: 5819 | Y10: 5445 | AA10: 4908 | AC10: 5442.102 | AE10: 5650.5572 | AG10: 4909.5983 | AI10: 5945.3547 | AK10: 6443 | AM10: 6943 | AO10: 6965.527 | AQ10: 8725.8369 | AS10: 9352 | AU10: 9000 | AW10: 11983.163 | AY10: 10818 | BA10: 11104 | BC10: 12678 | BE10: 14136 | BG10: 18464 | BI10: 18480 | BK10: 18627 | BM10: 33416 | BO10: 36836
B11: Perda (ganho) na baixa de imobilizado e intangíveis | C11: -53 | E11: -267 | G11: 5 | I11: 416 | K11: -2 | M11: -75 | O11: -37 | Q11: -92 | S11: -175 | U11: 376 | W11: -390 | Y11: 426 | AA11: -91 | AC11: -96 | AE11: -1 | AG11: -84 | AI11: -409 | AK11: 24 | AM11: -365 | AO11: 116 | AQ11: -14 | AS11: -240 | AU11: -465 | AW11: -670 | AY11: -551 | BA11: -48 | BC11: -1010 | BE11: -540 | BG11: -2889 | BI11: -2442 | BK11: 22 | BM11: -580 | BO11: -2063
B12: Encargos financeiros - Arrendamento mercantil (CPC 06) | C12: 0 | E12: 0 | G12: 0 | I12: 0 | K12: 0 | M12: 0 | O12: 0 | Q12: 0 | S12: 0 | U12: 0 | W12: 0 | Y12: 0 | AA12: 0 | AC12: 0 | AE12: 0 | AG12: 0 | AI12: 0 | AK12: 0 | AM12: 0 | AO12: 0 | AQ12: 458 | AS12: 497 | AU12: 491 | AW12: 555 | AY12: 543 | BA12: 506 | BC12: 582 | BE12: 584 | BG12: 569 | BI12: 607 | BK12: 586 | BM12: 696 | BO12: 668
B13: Baixa de arrendamento mercantil (CPC 06) | C13: 0 | E13: 0 | G13: 0 | I13: 0 | K13: 0 | M13: 0 | O13: 0 | Q13: 0 | S13: 0 | U13: 0 | W13: 0 | Y13: 0 | AA13: 0 | AC13: 0 | AE13: 0 | AG13: 0 | AI13: 0 | AK13: 0 | AM13: 0 | AO13: 0 | AQ13: -55 | AS13: =#REF!-AQ13 -> #REF! | AU13: 0 | AW13: 0 | AY13: 0 | BA13: 0 | BC13: 0 | BE13: 0 | BG13: 0 | BI13: 0 | BK13: -764 | BM13: -993 | BO13: 0
B14: Perda de estoque | C14: 0 | E14: 0 | G14: 0 | I14: 0 | K14: 0 | M14: 0 | O14: 0 | Q14: 0 | S14: 0 | U14: 0 | W14: 0 | Y14: 0 | AA14: 0 | AC14: 0 | AE14: 0 | AG14: 0 | AI14: 0 | AK14: 0 | AM14: 0 | AO14: 0 | AQ14: 8 | AS14: =#REF!-AQ14 -> #REF! | AU14: 0 | AW14: 0 | AY14: 0 | BA14: 0 | BC14: 0 | BE14: 0 | BG14: 0 | BI14: 0 | BK14: 0 | BM14: 101 | BO14: 0
B15: Equivalência patrimonial | C15: -607 | E15: -438 | G15: -116 | I15: 713 | K15: 163 | M15: -288 | O15: 256 | Q15: -928 | S15: -217 | U15: 0 | W15: 0 | Y15: 0 | AA15: 0 | AC15: 0 | AE15: 0 | AG15: 0 | AI15: 0 | AK15: 0 | AM15: 0 | AO15: 0 | AQ15: 0 | AS15: =#REF!-AQ15 -> #REF! | AU15: 0 | AW15: 0 | AY15: 0 | BA15: 0 | BC15: 0 | BE15: 0 | BG15: 0 | BI15: 0 | BK15: 0 | BM15: 0 | BO15: 0
B16: Juros, variação monetária sobre empréstimos, atualização de derivativos e aquisição societária | C16: 597 | E16: -2389 | G16: 1125 | I16: 2179 | K16: 2252 | M16: 2960 | O16: 1647 | Q16: 2005 | S16: -4990 | U16: 1783 | W16: 1581 | Y16: 1495 | AA16: 1133 | AC16: 1109 | AE16: 1643 | AG16: 1728 | AI16: 2029 | AK16: 2606 | AM16: 5367 | AO16: 5588 | AQ16: =5856-17-348+660 -> 6151 | AS16: 9543 | AU16: 10094 | AW16: 10467 | AY16: =11180+596+794 -> 12570 | BA16: 11219 | BC16: 17755 | BE16: 15307 | BG16: =16432-1636+4416 -> 19212 | BI16: 28494 | BK16: 31702 | BM16: 44073 | BO16: =32502-6434+6350-5182 -> 27236
B17: Ganho por compra vantajosa | C17: 0 | E17: -700 | G17: 0 | I17: 0 | K17: 0 | M17: 0 | O17: 0 | Q17: 0 | S17: 0 | U17: 0 | W17: 0 | Y17: 0 | AA17: 0 | AC17: 0 | AE17: 0 | AG17: 0 | AI17: 0 | AK17: 0 | AM17: 0 | AO17: 0 | AQ17: 0 | AS17: 0 | AU17: 0 | AW17: 0 | AY17: 0 | BA17: 0 | BC17: 0 | BE17: 0 | BG17: 0 | BI17: 0 | BK17: 0 | BM17: 0 | BO17: 0
B18: Provisão para riscos | C18: 27 | E18: -248 | G18: -193 | I18: -281 | K18: 257 | M18: 448 | O18: -172 | Q18: -68 | S18: -162 | U18: -260 | W18: -15 | Y18: -728 | AA18: 15 | AC18: 59 | AE18: -250 | AG18: 648 | AI18: 58 | AK18: 147 | AM18: 911 | AO18: 269 | AQ18: 675 | AS18: 32 | AU18: 498 | AW18: 1866 | AY18: 623 | BA18: -1225 | BC18: -789 | BE18: -128 | BG18: -120 | BI18: 400 | BK18: -244 | BM18: 81 | BO18: 920
B19: Perda estimada com créditos de liquidação duvidosa | C19: -164 | E19: -1333 | G19: -2833 | I19: 323 | K19: -371 | M19: -1283 | O19: -284 | Q19: 140 | S19: -2664 | U19: 669 | W19: -1239 | Y19: -573 | AA19: -137 | AC19: 42 | AE19: -1006 | AG19: -460 | AI19: 296 | AK19: 388 | AM19: 367 | AO19: -5 | AQ19: 252 | AS19: -572 | AU19: -480 | AW19: -694 | AY19: -403 | BA19: 521 | BC19: -69 | BE19: -48 | BG19: 1581 | BI19: 391 | BK19: -380 | BM19: 605 | BO19: 303
B20: Despesas de stock options | C20: 0 | E20: 0 | G20: 0 | I20: 0 | K20: 0 | M20: 0 | O20: 0 | Q20: 0 | S20: 0 | U20: 0 | W20: 5806 | Y20: 0 | AA20: 0 | AC20: 0 | AE20: 0 | AG20: 0 | AI20: 0 | AK20: 0 | AM20: 0 | AO20: 0 | AQ20: 0 | AS20: 0 | AU20: 0 | AW20: 0 | AY20: 0 | BA20: 0 | BC20: 0 | BE20: 1434 | BG20: 0 | BI20: 0 | BK20: 3281 | BM20: 1800 | BO20: 1031
B21: Ajuste em investimentos | C21: 0 | E21: 0 | G21: 0 | I21: 0 | K21: 0 | M21: 0 | O21: 0 | Q21: 0 | S21: 0 | U21: 0 | W21: -650 | Y21: 0 | AA21: 0 | AC21: 0 | AE21: 0 | AG21: 0 | AI21: 0 | AK21: 0 | AM21: 0 | AO21: 0 | AQ21: 0 | AS21: =#REF!-AQ21 -> #REF! | AU21: 0 | AW21: 0 | AY21: 0 | BA21: -1023 | BC21: 0 | BE21: 686 | BG21: 0 | BI21: 0 | BK21: 0 | BM21: 0 | BO21: -54571
B22: Apropriação dos custos da transação - Debêntures | C22: 0 | E22: 0 | G22: 0 | I22: 0 | K22: 0 | M22: -2410 | O22: 157 | Q22: 157 | S22: 157 | U22: 93 | W22: 162 | Y22: 164 | AA22: 163 | AC22: 163 | AE22: 163 | AG22: 162 | AI22: 163 | AK22: 163 | AM22: 163 | AO22: 162 | AQ22: 163 | AS22: =#REF!-AQ22 -> #REF! | AU22: 0 | AW22: 0 | AY22: 0 | BA22: 0 | BC22: 0 | BE22: 0 | BG22: 0 | BI22: 0 | BK22: 189 | BM22: -5200 | BO22: 95
B23: Outros | C23: 0 | E23: 0 | G23: 0 | I23: 0 | K23: 0 | M23: 0 | O23: 0 | Q23: 0 | S23: 0 | U23: 0 | W23: 0 | Y23: 0 | AA23: 0 | AC23: 0 | AE23: 0 | AG23: 0 | AI23: 0 | AK23: 0 | AM23: 0 | AO23: 0 | AQ23: 0 | AS23: 2392 | AU23: 0 | AW23: 1415 | AY23: 2 | BA23: 357 | BC23: -50 | BE23: 17 | BG23: -403 | BI23: -741 | BK23: -2018 | BM23: -3166 | BO23: =57-3 -> 54
B25: Variação nos ativos e passivos
B26: Contas a receber - Clientes e partes relacionadas | C26: -9155 | E26: 8043 | G26: 6876 | I26: -3582 | K26: -1342 | M26: 7302 | O26: 4943 | Q26: 7106 | S26: -17475 | U26: 17967 | W26: -1863 | Y26: -7804 | AA26: -15926 | AC26: -24204 | AE26: -1539 | AG26: -2503 | AI26: -6320 | AK26: -17486 | AM26: -46424 | AO26: -129 | AQ26: -19495 | AS26: -44893 | AU26: 41419 | AW26: -43316 | AY26: =38011-126 -> 37885 | BA26: 27609 | BC26: -41263 | BE26: 31909 | BG26: -62311 | BI26: 3647 | BK26: -11812 | BM26: 5160 | BO26: 12592
B27: Estoques | C27: 1595 | E27: -1402 | G27: -60 | I27: 477 | K27: -284 | M27: 652 | O27: -758 | Q27: 750 | S27: -232 | U27: 722 | W27: -533 | Y27: 123 | AA27: -1337 | AC27: -335 | AE27: -529 | AG27: -145 | AI27: 99 | AK27: -628 | AM27: -1352 | AO27: 299 | AQ27: 624 | AS27: -200 | AU27: -1192 | AW27: 1238 | AY27: 178 | BA27: -1261 | BC27: -40 | BE27: 8 | BG27: -1003 | BI27: 817 | BK27: 86 | BM27: 2465 | BO27: -674
B28: Tributos a recuperar | C28: -813 | E28: -1701 | G28: -4134 | I28: -4490 | K28: -1599 | M28: -913 | O28: -806 | Q28: 473 | S28: -555 | U28: -1596 | W28: 92 | Y28: 4930 | AA28: 2544 | AC28: 2640 | AE28: 4693 | AG28: 219 | AI28: 830 | AK28: -2291 | AM28: -1658 | AO28: 4059 | AQ28: -1179 | AS28: -4300 | AU28: -1933 | AW28: 4126 | AY28: -6130 | BA28: -5344 | BC28: 1143 | BE28: 5935 | BG28: -7257 | BI28: -6630 | BK28: 14039 | BM28: -8286 | BO28: -8972
B29: Outros ativos e despesas antecipadas | C29: -376 | E29: -536 | G29: -241 | I29: -759 | K29: -55 | M29: -69 | O29: 612 | Q29: 146 | S29: -1856 | U29: 2678 | W29: -2317 | Y29: -3819 | AA29: -638 | AC29: -285 | AE29: -107 | AG29: -2126 | AI29: 2143 | AK29: -3103 | AM29: 162 | AO29: -3408 | AQ29: -290 | AS29: -4618 | AU29: 4466 | AW29: 3893 | AY29: -1927 | BA29: -2262 | BC29: -3506 | BE29: 8904 | BG29: 1372 | BI29: -4348 | BK29: -2108 | BM29: 7927 | BO29: -13511
B30: Fornecedores - Externos e partes relacionadas | C30: -1483 | E30: 899 | G30: 162 | I30: 3612 | K30: -2017 | M30: -2494 | O30: 238 | Q30: -337 | S30: -1650 | U30: -2240 | W30: -428 | Y30: 3726 | AA30: -2286 | AC30: 1940 | AE30: 507 | AG30: 3257 | AI30: -3485 | AK30: 3909 | AM30: -4545 | AO30: 7778 | AQ30: -8250 | AS30: -4341 | AU30: 3506 | AW30: 3809 | AY30: -21503 | BA30: 470 | BC30: 1213 | BE30: -15411 | BG30: -9192 | BI30: -150 | BK30: -4433 | BM30: -3336 | BO30: -15722
B31: Operações de risco sacado | C31: 0 | E31: 0 | G31: 0 | I31: 0 | K31: 0 | M31: 2505 | O31: 5440 | Q31: -2598 | S31: -5347 | U31: 0 | W31: 0 | Y31: 0 | AA31: 0 | AC31: 0 | AE31: 0 | AG31: 0 | AI31: 0 | AK31: 2939 | AM31: 4002 | AO31: 12849 | AQ31: 5946 | AS31: -5946 | AU31: 0 | AW31: 0 | AY31: 0 | BA31: 0 | BC31: 0 | BE31: 0 | BG31: 0 | BI31: 0 | BK31: 0 | BM31: 0 | BO31: 0
B32: Salários e encargos sociais | C32: 5072 | E32: 10060 | G32: -1728 | I32: -6529 | K32: 3403 | M32: 3589 | O32: -566 | Q32: -9844 | S32: -3446 | U32: 38 | W32: -22 | Y32: -4381 | AA32: 5366 | AC32: 10159 | AE32: 8003 | AG32: -8324 | AI32: 5097 | AK32: 11719 | AM32: 15554 | AO32: -1953 | AQ32: 5120 | AS32: 8012 | AU32: 14083 | AW32: -18795 | AY32: -3359 | BA32: -1242 | BC32: 19148 | BE32: -19572 | BG32: 9823 | BI32: 192 | BK32: 7615 | BM32: -8854 | BO32: 5287
B33: IR e CS passivo | C33: -363 | E33: -2149 | G33: -3 | I33: -4 | K33: -1 | M33: -22 | O33: 0 | Q33: -106 | S33: -40 | U33: 7 | W33: -3 | Y33: 42 | AA33: 0 | AC33: -1179 | AE33: -1178 | AG33: 742 | AI33: -1076 | AK33: -1563 | AM33: -785 | AO33: -1646 | AQ33: -1947 | AS33: -2858 | AU33: -2672 | AW33: -1750 | AY33: 0 | BA33: 0 | BC33: 0 | BG33: 0 | BI33: 0 | BK33: 0 | BM33: 0 | BO33: 0
B34: Tributos a pagar | C34: 414 | E34: -658 | G34: -458 | I34: 95 | K34: 411 | M34: 135 | O34: -298 | Q34: 104 | S34: 91 | U34: 729 | W34: -915 | Y34: -285 | AA34: 933 | AC34: 163 | AE34: -957 | AG34: -441 | AI34: 412 | AK34: 2056 | AM34: 2275 | AO34: -2871 | AQ34: 491 | AS34: -26 | AU34: -235 | AW34: 668 | AY34: -5936 | BA34: -2101 | BC34: 1073 | BE34: -14999 | BG34: -272 | BI34: -2308 | BK34: 1336 | BM34: 3750 | BO34: -284
B35: Outros passivos | C35: 1526 | E35: 1455 | G35: -811 | I35: 1331 | K35: 1663 | M35: -491 | O35: 3095 | Q35: 1223 | S35: -2028 | U35: -2525 | W35: -1040 | Y35: 545 | AA35: 1528 | AC35: 2540 | AE35: 2342 | AG35: 444 | AI35: 2769 | AK35: 1720 | AM35: 6216 | AO35: -5260 | AQ35: 449 | AS35: -5672 | AU35: -3618 | AW35: 7506 | AY35: -3977 | BA35: -5860 | BC35: 2869 | BE35: 6125 | BG35: 807 | BI35: -15494 | BK35: -849 | BM35: 18550 | BO35: -7560
B36: Impostos pagos | C36: -847 | E36: -901 | G36: -1009 | I36: -1000 | K36: -1327 | M36: -1736 | O36: -1411 | Q36: -1622 | S36: -1667 | U36: -57 | W36: -2759 | Y36: -1164 | AA36: -1417 | AC36: -1584 | AE36: -1859 | AG36: -1559 | AI36: -2267 | AK36: -3913 | AM36: -4824 | AO36: -6044 | AQ36: -9999 | AS36: -6990 | AU36: -6948 | AW36: -5018 | AY36: -8234 | BA36: -3562 | BC36: -5502 | BE36: -7163 | BG36: -12756 | BI36: -5579 | BK36: -8327 | BM36: -13421 | BO36: -6913
B37: Outros créditos | C37: 0 | E37: 0 | G37: 0 | I37: 0 | K37: 0 | M37: 0 | O37: 0 | Q37: 0 | S37: 0 | U37: 0 | W37: 0 | Y37: 0 | AA37: 0 | AC37: 0 | AE37: 0 | AG37: 0 | AI37: 0 | AK37: 0 | AM37: 0 | AO37: 933 | AQ37: 0 | AS37: 669 | AU37: 0 | AW37: 0 | AY37: 0 | BA37: 0 | BC37: 0 | BE37: 0 | BG37: 0 | BI37: 0 | BK37: 0 | BM37: 0 | BO37: 0
B38: CAIXA CONSUMIDO (GERADO) PROVENIENTE DAS ATIVIDADES OPERACIONAIS | C38: =SUM(C8:C37) -> -134 | E38: =SUM(E8:E37) -> 12412 | G38: =SUM(G8:G37) -> 1771.6617 | I38: =SUM(I8:I37) -> -1215.6617 | K38: =SUM(K8:K37) -> 4273.2902 | M38: =SUM(M8:M37) -> 10891 | O38: =SUM(O8:O37) -> 12692.449 | Q38: =SUM(Q8:Q37) -> 3549.2612 | S38: =SUM(S8:S37) -> -28933 | U38: =SUM(U8:U37) -> 7713 | W38: =SUM(W8:W37) -> -2968 | Y38: =SUM(Y8:Y37) -> -1019 | AA38: =SUM(AA8:AA37) -> -5699 | AC38: =SUM(AC8:AC37) -> 4813.102 | AE38: =SUM(AE8:AE37) -> 21332.557 | AG38: =SUM(AG8:AG37) -> -892.40167 | AI38: =SUM(AI8:AI37) -> 15413.355 | AK38: =SUM(AK8:AK37) -> 18761 | AM38: =SUM(AM8:AM37) -> 26033 | AO38: =SUM(AO8:AO37) -> 33096.527 | AQ38: =SUM(AQ8:AQ37) -> 4381.8369 | AS38: =SUM(AS8:AS37) -> #REF! | AU38: =SUM(AU8:AU37) -> 74207 | AW38: =SUM(AW8:AW37) -> -20074.837 | AY38: =SUM(AY8:AY37) -> 13297 | BA38: =SUM(BA8:BA37) -> 24130 | BC38: =SUM(BC8:BC37) -> 12110 | BE38: =SUM(BE8:BE37) -> 58214 | BG38: =SUM(BG8:BG37) -> -38528 | BI38: =SUM(BI8:BI37) -> 16079 | BK38: =SUM(BK8:BK37) -> 49909 | BM38: =SUM(BM8:BM37) -> 72518 | BO38: =SUM(BO8:BO37) -> 30029
B40: FLUXOS DE CAIXA DAS ATIVIDADES DE INVESTIMENTOS
B41: Resgate (aplicação) em títulos e valores mobiliários | C41: 1823 | E41: -501 | G41: 520 | I41: -52 | K41: -465 | M41: 420 | O41: -3591 | Q41: 94 | S41: -134708 | U41: 17993 | W41: 33198 | Y41: 29339 | AA41: 22597 | AC41: 14775 | AE41: -1377 | AG41: 9871 | AI41: -2073 | AK41: -108 | AM41: 310 | AO41: 1634 | AQ41: -9 | AS41: -181 | AU41: 180 | AW41: -153 | AY41: 105 | BA41: -160 | BC41: 43 | BE41: -1641 | BG41: -5 | BI41: -222 | BK41: 159 | BM41: -180 | BO41: 42
B42: Aumento de capital em investida | C42: 0 | E42: 0 | G42: 0 | I42: 0 | K42: 0 | M42: 0 | O42: 0 | Q42: 0 | S42: 0 | U42: 0 | W42: 0 | Y42: 0 | AA42: 0 | AC42: 0 | AE42: 0 | AG42: 0 | AI42: 0 | AK42: 0 | AM42: 0 | AO42: 0 | AQ42: 0 | AS42: 0 | AU42: 0 | AW42: 0 | AY42: 0 | BA42: 0 | BC42: 0 | BE42: 0 | BG42: 0 | BI42: -57 | BK42: -167 | BM42: 0 | BO42: 0
B43: Aquisição de bens do ativo imobilizado e intangível | C43: -1788 | E43: -6918 | G43: -2237 | I43: -3966 | K43: -2653 | M43: -5197 | O43: -4913 | Q43: -3718 | S43: -1436 | U43: -1491 | W43: -4989 | Y43: -7786 | AA43: -18165 | AC43: -6402 | AE43: -9779 | AG43: -8368 | AI43: -6803 | AK43: -13535 | AM43: -18057 | AO43: -33692 | AQ43: -14933 | AS43: -23974 | AU43: -33378 | AW43: -20815 | AY43: -15836 | BA43: -14524 | BC43: -18408 | BE43: -20018 | BG43: -3219 | BI43: -11176 | BK43: -12736 | BM43: -14187 | BO43: -49322
B44: Caixa recebido na venda do imobilizado | C44: 60 | E44: 271 | G44: 41 | I44: 8 | K44: 5 | M44: 91 | O44: 132 | Q44: 222 | S44: 277 | U44: 64 | W44: 409 | Y44: -123 | AA44: 188 | AC44: 103 | AE44: 251 | AG44: 228 | AI44: 425 | AK44: 159 | AM44: 395 | AO44: 188 | AQ44: 607 | AS44: 384 | AU44: 953 | AW44: 116 | AY44: 657 | BA44: 153 | BC44: 1137 | BE44: 1517 | BG44: 3256 | BI44: 2870 | BK44: 923 | BM44: 4562 | BO44: 12790
B45: Aquisição de controladas, consolidado líquido do caixa adquirido | C45: 0 | E45: 0 | G45: 0 | I45: 0 | K45: 0 | M45: 0 | O45: 0 | Q45: 0 | S45: 0 | U45: 0 | W45: 0 | Y45: -6261 | AA45: 0 | AC45: 0 | AE45: 0 | AG45: 0 | AI45: -8894 | AK45: -2047 | AM45: 0 | AO45: 0 | AQ45: 10414 | AS45: 647 | AU45: -2267 | AW45: 0 | AY45: 0 | BA45: -9245 | BC45: -14758 | BE45: -2621 | BG45: 0 | BI45: 0 | BK45: 0 | BM45: -95597 | BO45: 0
B46: Saldos iniciais consolidação da controlada R&R | C46: 0 | E46: 0 | G46: 0 | I46: 0 | K46: 0 | M46: 0 | O46: 0 | Q46: 0 | S46: 0 | U46: 287 | W46: 0 | Y46: -287 | AA46: 0 | AC46: 0 | AE46: 0 | AG46: 0 | AI46: 0 | AK46: 0 | AM46: 0 | AO46: 0 | AQ46: 0 | AS46: 0 | AU46: 0 | AW46: 0 | AY46: 0 | BA46: 0 | BC46: 0 | BE46: 0 | BG46: 0 | BI46: 0 | BK46: 0 | BM46: 0 | BO46: 0
B47: Redução do ágio adquirido com tributos diferidos - Incorporação | C47: 0 | E47: 0 | G47: 0 | I47: 0 | K47: 0 | M47: 0 | O47: 0 | Q47: 0 | S47: 0 | U47: 0 | W47: 0 | Y47: 0 | AA47: 0 | AC47: 0 | AE47: 0 | AG47: 0 | AI47: 0 | AK47: 0 | AM47: 0 | AO47: 783 | AQ47: 0 | AS47: 0 | AU47: 0 | AW47: 419 | AY47: 0 | BA47: 0 | BC47: 0 | BE47: 0 | BG47: 0 | BI47: 862 | BK47: 0 | BM47: 0 | BO47: 0
B48: Ajuste de participação da controlada Smartcoat devido a ajuste % acionistas minoritários | C48: 0 | E48: 0 | G48: 0 | I48: 0 | K48: 0 | M48: 0 | O48: 0 | Q48: 0 | S48: 0 | U48: 0 | W48: 0 | Y48: 0 | AA48: 0 | AC48: 0 | AE48: 0 | AG48: 596 | AI48: 0 | AK48: 0 | AM48: 0 | AO48: 0 | AQ48: 0 | AS48: 0 | AU48: 0 | AW48: 0 | AY48: 0 | BA48: 0 | BC48: 0 | BE48: 0 | BG48: 0 | BI48: 0 | BK48: 0 | BM48: 0 | BO48: 0
B49: CAIXA CONSUMIDO (GERADO) PROVENIENTE DAS ATIVIDADES DE INVESTIMENTOS | C49: =SUM(C41:C48) -> 95 | E49: =SUM(E41:E48) -> -7148 | G49: =SUM(G41:G48) -> -1676 | I49: =SUM(I41:I48) -> -4010 | K49: =SUM(K41:K48) -> -3113 | M49: =SUM(M41:M48) -> -4686 | O49: =SUM(O41:O48) -> -8372 | Q49: =SUM(Q41:Q48) -> -3402 | S49: =SUM(S41:S48) -> -135867 | U49: =SUM(U41:U48) -> 16853 | W49: =SUM(W41:W48) -> 28618 | Y49: =SUM(Y41:Y48) -> 14882 | AA49: =SUM(AA41:AA48) -> 4620 | AC49: =SUM(AC41:AC48) -> 8476 | AE49: =SUM(AE41:AE48) -> -10905 | AG49: =SUM(AG41:AG48) -> 2327 | AI49: =SUM(AI41:AI48) -> -17345 | AK49: =SUM(AK41:AK48) -> -15531 | AM49: =SUM(AM41:AM48) -> -17352 | AO49: =SUM(AO41:AO48) -> -31087 | AQ49: =SUM(AQ41:AQ48) -> -3921 | AS49: =SUM(AS41:AS48) -> -23124 | AU49: =SUM(AU41:AU48) -> -34512 | AW49: =SUM(AW41:AW48) -> -20433 | AY49: =SUM(AY41:AY48) -> -15074 | BA49: =SUM(BA41:BA48) -> -23776 | BC49: =SUM(BC41:BC48) -> -31986 | BE49: =SUM(BE41:BE48) -> -22763 | BG49: =SUM(BG41:BG48) -> 32 | BI49: =SUM(BI41:BI48) -> -7723 | BK49: =SUM(BK41:BK48) -> -11821 | BM49: =SUM(BM41:BM48) -> -105402 | BO49: =SUM(BO41:BO48) -> -36490
B51: FLUXOS DE CAIXA DAS ATIVIDADES DE FINANCIAMENTO
B52: Aporte de capital e ágio na emissão de ações, líquido dos gastos com emissão de ações | BG52: 0 | BI52: 0 | BK52: 150033 | BM52: -98 | BO52: 0
B53: Aumento de capital | C53: 0 | E53: 11500 | G53: 0 | I53: 0 | K53: 0 | M53: 0 | O53: 0 | Q53: 20000 | S53: 157512 | U53: -105 | W53: 2275 | Y53: 97 | AA53: 0 | AC53: 305 | AE53: 0 | AG53: 0 | AI53: 230 | AK53: 0 | AM53: 0 | AO53: 0 | AQ53: 0 | AS53: 0 | AU53: 0 | AW53: 0 | AY53: 84716 | BA53: -19 | BC53: 0 | BE53: -94 | BG53: 0 | BI53: 0 | BK53: 0 | BM53: 0 | BO53: 45
B54: Aporte de não controladores | C54: 0 | E54: 0 | G54: 0 | I54: 0 | K54: 0 | M54: 0 | O54: 0 | Q54: 0 | S54: 0 | U54: 0 | W54: 0 | Y54: 0 | AA54: 0 | AC54: 0 | AE54: 0 | AG54: 0 | AI54: 0 | AK54: 0 | AM54: 0 | AO54: 0 | AQ54: 0 | AS54: 0 | AU54: 296 | AW54: 1898 | AY54: 344 | BA54: 0 | BC54: -725 | BE54: 0 | BG54: 0 | BI54: 0 | BK54: 0 | BM54: 0 | BO54: 0
B55: Emissão de debêntures | C55: 0 | E55: 0 | G55: 0 | I55: 0 | K55: 0 | M55: 67500 | O55: 0 | Q55: 0 | S55: 0 | U55: 0 | W55: 0 | AA55: 0 | AC55: 0 | AE55: 0 | AG55: 0 | AI55: 0 | AK55: 0 | AM55: 0 | AO55: 0 | AQ55: 0 | AS55: 0 | AU55: 0 | AW55: 0 | AY55: 0 | BA55: 0 | BC55: 0 | BG55: 200000 | BI55: 0 | BK55: 0 | BM55: 0 | BO55: 0
B56: Depósitos bancários vinculados | C56: 0 | E56: 0 | G56: 0 | I56: 0 | K56: 0 | M56: -14637 | O56: 4837 | Q56: 3045 | S56: 5357 | U56: 268 | W56: 267 | Y56: 270 | AA56: 593 | AC56: 0 | AE56: 0 | AG56: 0 | AI56: 0 | AK56: 0 | AM56: 0 | AO56: 0 | AQ56: 0 | AS56: 0 | AU56: 0 | AW56: 0 | AY56: 0 | BA56: 0 | BC56: 0 | BG56: 0 | BI56: 0 | BK56: 0 | BM56: 0 | BO56: 0
B57: Ajuste adoção CPC 47/48 | C57: 0 | E57: -5285 | G57: 0 | I57: 0 | K57: 0 | M57: 0 | O57: 0 | Q57: 0 | S57: 0 | U57: 0 | W57: 0 | AA57: 0 | AC57: 0 | AE57: 0 | AG57: 0 | AI57: 0 | AK57: 0 | AM57: 0 | AO57: 0 | AQ57: 0 | AS57: 0 | AU57: 0 | AW57: 0 | AY57: 0 | BA57: 0 | BC57: 0 | BG57: 0 | BI57: 0 | BK57: 0 | BM57: 0 | BO57: 0
B58: Dividendos recebidos | C58: 765 | E58: 0 | G58: 0 | I58: 0 | K58: 0 | M58: 0 | O58: 0 | Q58: 765 | S58: 0 | U58: 0 | W58: 0 | AA58: 0 | AC58: 0 | AE58: 0 | AG58: 0 | AI58: 0 | AK58: 0 | AM58: 0 | AO58: 0 | AQ58: 0 | AS58: 0 | AU58: 0 | AW58: 0 | AY58: 0 | BA58: 0 | BC58: 0 | BG58: 0 | BI58: 0 | BK58: 0 | BM58: 0 | BO58: 0
B59: Juros sobre capital próprio e dividendos pagos | C59: -1996 | E59: 0 | G59: 0 | I59: 0 | K59: -304 | M59: -303 | O59: -303 | Q59: 0 | S59: -1808 | U59: 0 | W59: 0 | Y59: 0 | AA59: 0 | AC59: 0 | AE59: 0 | AG59: 0 | AI59: -1936 | AK59: -1507 | AM59: 0 | AO59: -8848 | AQ59: -1142 | AS59: -41521 | AU59: 0 | AW59: -479 | AY59: 0 | BA59: -16337 | BC59: -5120 | BE59: -1360 | BG59: 0 | BI59: -13373 | BK59: 0 | BM59: 0 | BO59: 0
B60: Mútuo a receber - Partes relacionadas | C60: 3015 | E60: -3015 | G60: 0 | I60: -245 | K60: -9 | M60: -9 | O60: -9 | Q60: 272 | S60: 0 | U60: 0 | W60: 0 | AA60: 0 | AC60: 0 | AE60: 0 | AG60: 0 | AI60: 0 | AK60: 0 | AM60: 960 | AO60: -960 | AQ60: 0 | AS60: 0 | AU60: 0 | AW60: 0 | AY60: 0 | BA60: 0 | BC60: 0 | BG60: 0 | BI60: 0 | BK60: 0 | BM60: 0 | BO60: 0
B61: Mútuo a pagar - partes relacionadas | C61: 0 | E61: 4953 | G61: 1826 | I61: 200 | K61: 2296 | M61: 171 | O61: 61 | Q61: 106 | S61: -9613 | U61: 0 | W61: 0 | Y61: 0 | AA61: 0 | AC61: 0 | AE61: 0 | AG61: 0 | AI61: 901 | AK61: 1074 | AM61: -1975 | AO61: 992 | AQ61: 32 | AS61: -1024 | AU61: 0 | AW61: 0 | AY61: 0 | BA61: 983 | BC61: 25 | BE61: -1008 | BG61: 0 | BI61: 0 | BK61: 0 | BM61: 0 | BO61: 0
B62: Amortização de contas a pagar por aquisição societária - principal | C62: -300 | E62: -450 | G62: -357 | I62: -171 | K62: -228 | M62: -115 | O62: -171 | Q62: -228 | S62: -3921 | U62: -172 | W62: -574 | Y62: 0 | AA62: 0 | AC62: 0 | AE62: 0 | AG62: -970 | AI62: 0 | AK62: 0 | AM62: -4869 | AO62: -970 | AQ62: -7198 | AS62: -5197 | AU62: 0 | AW62: -1191 | AY62: -9515 | BA62: =[1]DFC!$G$72-AY62 -> -5997 | BC62: -898 | BE62: -945 | BG62: -11549 | BI62: -17150 | BK62: -960 | BM62: -34468 | BO62: -6100
B63: Amortização de empréstimos e debêntures - principal | C63: -12523 | E63: -19170 | G63: -11951 | I63: -12938 | K63: -11561 | M63: -50824 | O63: -4973 | Q63: -4129 | S63: -5616 | U63: =-1481-1250 -> -2731 | W63: =-1451-4583 -> -6034 | Y63: =-1647-6250 -> -7897 | AA63: =-414-6250 -> -6664 | AC63: =-143-6250 -> -6393 | AE63: =-143-6250 -> -6393 | AG63: =-142-6250 -> -6392 | AI63: =-1241-6250 -> -7491 | AK63: =-7168-6250 -> -13418 | AM63: =-6495-6250 -> -12745 | AO63: =-6638-5417 -> -12055 | AQ63: -11863 | AS63: -9439 | AU63: -6911 | AW63: -37117 | AY63: -11486 | BA63: =[1]DFC!$G$78-AY63 -> -20155 | BC63: -39327 | BE63: -25219 | BG63: -21789 | BI63: -103992 | BK63: -35035 | BM63: -36548 | BO63: -42438
B64: Amortização de debêntures - principal | C64: 0 | E64: 0 | G64: 0 | I64: 0 | K64: 0 | M64: 0 | O64: 0 | Q64: 0 | S64: 0 | U64: 0 | W64: 0 | Y64: 0 | AA64: 0 | AC64: 0 | AE64: 0 | AG64: 0 | AI64: 0 | AK64: 0 | AM64: 0 | AO64: 0 | AQ64: 0 | AS64: 0 | AU64: 0 | AW64: 0 | AY64: 0 | BA64: 0 | BG64: 0 | BI64: 0 | BK64: 0 | BM64: 0 | BO64: 0
B65: Captação de empréstimos | C65: 11621 | E65: 12006 | G65: 10000 | I65: 17313 | K65: 10904 | M65: 5519 | O65: 287 | Q65: 3313 | S65: 0 | U65: 0 | W65: 0 | AA65: 0 | AC65: 3693 | AE65: 0 | AG65: 25449 | AI65: 0 | AK65: 7200 | AM65: 63486 | AO65: 30000 | AQ65: 107941 | AS65: 22593 | AU65: 0 | AW65: 131875 | AY65: 0 | BA65: 58000 | BC65: 84200 | BE65: 50000 | BG65: 0 | BI65: 150000 | BK65: 0 | BM65: 0 | BO65: 49170
B66: Juros pagos em amortização de empréstimos, debêntures e aquisição por participação societária | C66: -1480 | E66: -1307 | G66: -1317 | I66: -1815 | K66: -1321 | M66: -2301 | O66: -2255 | Q66: -1910 | S66: -2949 | U66: -1413 | W66: -1177 | Y66: -1046 | AA66: -905 | AC66: -939 | AE66: -1078 | AG66: -1182 | AI66: -1362 | AK66: -1174 | AM66: -1633 | AO66: -1300 | AQ66: -2873 | AS66: -4025 | AU66: -3748 | AW66: -3322 | AY66: =-498-7701 -> -8199 | BA66: =[1]DFC!$G$73-AY66+[1]DFC!$G$79 -> -6621 | BC66: -7936 | BE66: =-6618-2711 -> -9329 | BG66: =-909-8083 -> -8992 | BI66: -12708 | BK66: -24193 | BM66: -28486 | BO66: =-237-30784 -> -31021
B67: Financiamento limite cheque especial | C67: 0 | E67: 0 | G67: 0 | I67: 0 | K67: 0 | M67: 0 | O67: 0 | Q67: 0 | S67: 0 | U67: 0 | W67: 0 | Y67: 0 | AA67: 0 | AC67: 0 | AE67: 0 | AG67: 0 | AI67: 0 | AK67: 0 | AM67: 0 | AO67: 0 | AQ67: 0 | AS67: 0 | AU67: 0 | AW67: 0 | AY67: 19 | BA67: -19 | BG67: 0 | BI67: 0 | BK67: 0 | BM67: 0 | BO67: 0
B68: Operação de duplicatas descontadas | C68: 2787 | E68: -2096 | G68: 2051 | I68: 1182 | K68: 583 | M68: -4507 | O68: 0 | Q68: 5 | S68: -4 | U68: 0 | W68: 0 | Y68: 0 | AA68: 0 | AC68: 0 | AE68: 0 | AG68: 0 | AI68: 0 | AK68: 0 | AM68: 0 | AO68: 7691 | AQ68: -5591 | AS68: -2080 | AU68: -20 | AW68: 0 | AY68: 0 | BA68: 0 | BG68: 0 | BI68: 0 | BK68: 0 | BM68: 0 | BO68: 0
B69: Operações de risco sacado | C69: 0 | E69: 0 | G69: 0 | I69: 0 | K69: 0 | M69: 0 | O69: 0 | Q69: 0 | S69: 0 | U69: 0 | W69: 0 | Y69: 0 | AA69: 0 | AC69: 0 | AE69: 0 | AG69: 0 | AI69: 0 | AK69: 0 | AM69: 0 | AO69: 0 | AQ69: 0 | AS69: -8787 | AU69: -11003 | AW69: 0 | AY69: 0 | BA69: 0 | BG69: 0 | BI69: 0 | BK69: 0 | BM69: 0 | BO69: 0
B70: Pagamento arrendamento mercantil - CPC 06 (R2) | C70: 0 | E70: 0 | G70: 0 | I70: 0 | K70: -232 | M70: -415 | O70: -761 | Q70: -520 | S70: -525 | U70: -472 | W70: -611 | Y70: -690 | AA70: -613 | AC70: -602 | AE70: -673 | AG70: -725 | AI70: -725 | AK70: -963 | AM70: -1379 | AO70: -1716 | AQ70: -1575 | AS70: -1620 | AU70: -1659 | AW70: -1729 | AY70: -1876 | BA70: =[1]DFC!$G$77-AY70 -> -1785 | BC70: -2036 | BE70: -2082 | BG70: -1961 | BI70: -2052 | BK70: -2114 | BM70: -2470 | BO70: -2554
B71: Ganho (amortização) de swap | C71: -127 | E71: -13 | G71: -1 | I71: -1 | K71: -47 | M71: 1335 | O71: 3 | Q71: -5 | S71: -60 | U71: -25 | W71: 3 | Y71: -7 | AA71: 0 | AC71: 0 | AE71: 0 | AG71: 0 | AI71: 0 | AK71: -805 | AM71: -691 | AO71: -1603 | AQ71: -1884 | AS71: -2425 | AU71: -2325 | AW71: -5687 | AY71: -3236 | BA71: =[1]DFC!$G$80-AY71 -> -2793 | BC71: -5941 | BE71: 4265 | BG71: -469 | BI71: -1837 | BK71: -3438 | BM71: -706 | BO71: -2773
B72: Recompra de ações | C72: 0 | E72: 0 | G72: 0 | I72: 0 | K72: 0 | M72: 0 | O72: 0 | Q72: 0 | S72: 0 | U72: 0 | W72: 0 | Y72: 0 | AA72: 0 | AC72: -2586 | AE72: -1790 | AG72: -2205 | AI72: 0 | AK72: -2722 | AM72: -2675 | AO72: 0 | AQ72: 0 | AS72: 0 | AU72: 0 | AW72: 0 | AY72: 0 | BA72: 0 | BG72: 0 | BI72: 0 | BK72: 0 | BM72: 0 | BO72: 0
B73: Antecipação de dividendos | C73: 0 | E73: 0 | G73: 0 | I73: 0 | K73: 0 | M73: 0 | O73: 0 | Q73: 0 | S73: 0 | U73: 0 | W73: 0 | Y73: 0 | AA73: 0 | AC73: 0 | AE73: 0 | AG73: 0 | AI73: 0 | AK73: 99 | AM73: -198 | AO73: 99 | AQ73: -967 | AS73: 967 | AU73: 0 | AW73: 0 | AY73: 0 | BA73: -720 | BC73: 0 | BE73: 720 | BG73: 0 | BI73: 0 | BK73: 0 | BM73: 0 | BO73: 0
B74: Pagamento custos iniciais obra arrendamento mercantil | C74: 0 | E74: 0 | G74: 0 | I74: 0 | K74: 0 | M74: 0 | O74: 0 | Q74: 0 | S74: 0 | U74: 0 | W74: 0 | Y74: 0 | AA74: 0 | AC74: 0 | AE74: 0 | AG74: 0 | AI74: 0 | AK74: -81 | AM74: -80 | AO74: 161 | AQ74: 0 | AS74: 0 | AU74: 0 | AW74: 0 | AY74: 0 | BA74: 0 | BG74: 0 | BI74: 0 | BK74: 0 | BM74: 0 | BO74: 0
B75: CAIXA CONSUMIDO (GERADO) PROVENIENTE DAS ATIVIDADES DE FINANCIAMENTO | C75: =SUM(C53:C74) -> 1762 | E75: =SUM(E53:E74) -> -2877 | G75: =SUM(G53:G74) -> 251 | I75: =SUM(I53:I74) -> 3525 | K75: =SUM(K53:K74) -> 81 | M75: =SUM(M53:M74) -> 1414 | O75: =SUM(O53:O74) -> -3284 | Q75: =SUM(Q53:Q74) -> 20714 | S75: =SUM(S53:S74) -> 138373 | U75: =SUM(U53:U74) -> -4650 | W75: =SUM(W53:W74) -> -5851 | Y75: =SUM(Y53:Y74) -> -9273 | AA75: =SUM(AA53:AA74) -> -7589 | AC75: =SUM(AC53:AC74) -> -6522 | AE75: =SUM(AE53:AE74) -> -9934 | AG75: =SUM(AG53:AG74) -> 13975 | AI75: =SUM(AI53:AI74) -> -10383 | AK75: =SUM(AK53:AK74) -> -12297 | AM75: =SUM(AM53:AM74) -> 38201 | AO75: =SUM(AO53:AO74) -> 11491 | AQ75: =SUM(AQ53:AQ74) -> 74880 | AS75: =SUM(AS53:AS74) -> -52558 | AU75: =SUM(AU53:AU74) -> -25370 | AW75: =SUM(AW53:AW74) -> 84248 | AY75: =SUM(AY53:AY74) -> 50767 | BA75: =SUM(BA53:BA74) -> 4537 | BC75: =SUM(BC53:BC74) -> 22242 | BE75: =SUM(BE53:BE74) -> 14948 | BG75: =SUM(BG53:BG74) -> 155240 | BI75: =SUM(BI52:BI74) -> -1112 | BK75: =SUM(BK52:BK74) -> 84293 | BM75: =SUM(BM52:BM74) -> -102776 | BO75: =SUM(BO52:BO74) -> -35671
B77: Variação no Caixa | C77: =C38+C49+C75 -> 1723 | E77: =E38+E49+E75 -> 2387 | G77: =G38+G49+G75 -> 346.66169 | I77: =I38+I49+I75 -> -1700.6617 | K77: =K38+K49+K75 -> 1241.2902 | M77: =M38+M49+M75 -> 7619 | O77: =O38+O49+O75 -> 1036.4486 | Q77: =Q38+Q49+Q75 -> 20861.261 | S77: =S38+S49+S75 -> -26427 | U77: =U38+U49+U75 -> 19916 | W77: =W38+W49+W75 -> 19799 | Y77: =Y38+Y49+Y75 -> 4590 | AA77: =AA38+AA49+AA75 -> -8668 | AC77: =AC38+AC49+AC75 -> 6767.102 | AE77: =AE38+AE49+AE75 -> 493.55722 | AG77: =AG38+AG49+AG75 -> 15409.598 | AI77: =AI38+AI49+AI75 -> -12314.645 | AK77: =AK38+AK49+AK75 -> -9067 | AM77: =AM38+AM49+AM75 -> 46882 | AO77: =AO38+AO49+AO75 -> 13500.527 | AQ77: =AQ38+AQ49+AQ75 -> 75340.837 | AS77: =AS38+AS49+AS75 -> #REF! | AU77: =AU38+AU49+AU75 -> 14325 | AW77: =AW38+AW49+AW75 -> 43740.163 | AY77: =AY38+AY49+AY75 -> 48990 | BA77: =BA38+BA49+BA75 -> 4891 | BC77: =BC38+BC49+BC75 -> 2366 | BE77: =BE38+BE49+BE75 -> 50399 | BG77: =BG38+BG49+BG75 -> 116744 | BI77: =BI38+BI49+BI75 -> 7244 | BK77: =BK38+BK49+BK75 -> 122381 | BM77: =BM38+BM49+BM75 -> -135660 | BO77: =BO38+BO49+BO75 -> -42132
B78: Caixa Inicial | C78: 644 | E78: =C79 -> 2367 | G78: =E79 -> 4754 | I78: =G79 -> 5101 | K78: =I79 -> 3400 | M78: =K79 -> 4641 | O78: =M79 -> 12260 | Q78: =O79 -> 13296 | S78: =Q79 -> 34157 | U78: =S79 -> 7730 | W78: =U79 -> 27646 | Y78: =W79 -> 47445 | AA78: =Y79 -> 52035 | AC78: =AA79 -> 43367 | AE78: =AC79 -> 50134 | AG78: =AE79 -> 50628 | AI78: =AG79 -> 66038 | AK78: =AI79 -> 53723 | AM78: =AK79 -> 44656 | AO78: =AM79 -> 91538 | AQ78: =AO79 -> 105039 | AS78: =AQ79 -> 180380 | AU78: =AS79 -> 67826 | AW78: 82151 | AY78: =AW79 -> 125891 | BA78: =AY79 -> 174881 | BC78: =BA79 -> 179772 | BE78: =BC79 -> 182138 | BG78: 232537 | BI78: 349281 | BK78: =BI79 -> 356525 | BM78: =BK79 -> 478906 | BO78: =BM79 -> 343246
B79: Caixa Final | C79: ='BP Histórico_Consolidado'!D14 -> 2367 | E79: ='BP Histórico_Consolidado'!F14 -> 4754 | G79: ='BP Histórico_Consolidado'!H14 -> 5101 | I79: ='BP Histórico_Consolidado'!J14 -> 3400 | K79: ='BP Histórico_Consolidado'!L14 -> 4641 | M79: ='BP Histórico_Consolidado'!N14 -> 12260 | O79: ='BP Histórico_Consolidado'!P14 -> 13296 | Q79: ='BP Histórico_Consolidado'!R14 -> 34157 | S79: ='BP Histórico_Consolidado'!T14 -> 7730 | U79: ='BP Histórico_Consolidado'!V14 -> 27646 | W79: ='BP Histórico_Consolidado'!X14 -> 47445 | Y79: ='BP Histórico_Consolidado'!Z14 -> 52035 | AA79: ='BP Histórico_Consolidado'!AB14 -> 43367 | AC79: ='BP Histórico_Consolidado'!AD14 -> 50134 | AE79: ='BP Histórico_Consolidado'!AF14 -> 50628 | AG79: ='BP Histórico_Consolidado'!AH14 -> 66038 | AI79: ='BP Histórico_Consolidado'!AJ14 -> 53723 | AK79: ='BP Histórico_Consolidado'!AL14 -> 44656 | AM79: ='BP Histórico_Consolidado'!AN14 -> 91538 | AO79: ='BP Histórico_Consolidado'!AP14 -> 105039 | AQ79: ='BP Histórico_Consolidado'!AR14 -> 180380 | AS79: ='BP Histórico_Consolidado'!AT14 -> 67826 | AU79: ='BP Histórico_Consolidado'!AV14 -> 82151 | AW79: 125891 | AY79: 174881 | BA79: 179772 | BC79: 182138 | BE79: 232537 | BG79: 349281 | BI79: 356525 | BK79: 478906 | BM79: 343246 | BO79: 301114
B81: Checagem | C81: =C77-(C79-C78) -> 0 | E81: =E77-(E79-E78) -> 0 | G81: =G77-(G79-G78) -> -0.33831 | I81: =I77-(I79-I78) -> 0.33831 | K81: =K77-(K79-K78) -> 0.29017 | M81: =M77-(M79-M78) -> 0 | O81: =O77-(O79-O78) -> 0.448586 | Q81: =Q77-(Q79-Q78) -> 0.261244 | S81: =S77-(S79-S78) -> 0 | U81: =U77-(U79-U78) -> 0 | W81: =W77-(W79-W78) -> 0 | Y81: =Y77-(Y79-Y78) -> 0 | AA81: =AA77-(AA79-AA78) -> 0 | AC81: =AC77-(AC79-AC78) -> 0.102 | AE81: =AE77-(AE79-AE78) -> -0.44278 | AG81: =AG77-(AG79-AG78) -> -0.40167 | AI81: =AI77-(AI79-AI78) -> 0.35473 | AK81: =AK77-(AK79-AK78) -> 0 | AM81: =AM77-(AM79-AM78) -> 0 | AO81: =AO77-(AO79-AO78) -> -0.47301 | AQ81: =AQ77-(AQ79-AQ78) -> -0.16307 | AS81: =AS77-(AS79-AS78) -> #REF! | AU81: =AU77-(AU79-AU78) -> 0 | AW81: =AW77-(AW79-AW78) -> 0.16307 | AY81: =AY77-(AY79-AY78) -> 0 | BA81: =BA77-(BA79-BA78) -> 0 | BC81: =BC77-(BC79-BC78) -> 0 | BE81: =BE77-(BE79-BE78) -> 0 | BG81: =BG77-(BG79-BG78) -> 0 | BI81: =BI77-(BI79-BI78) -> 0 | BK81: =BK77-(BK79-BK78) -> 0 | BM81: =BM77-(BM79-BM78) -> 0 | BO81: =BO77-(BO79-BO78) -> 0

Sheet Dados Operacionais_Consolidado
A2: PRINER SERVIÇOS INDUSTRIAIS S/A
A3: Dados Operacionais
B6: 1T17 | C6: 2T17 | D6: 3T17 | E6: 4T17 | F6: 1T18 | G6: 2T18 | H6: 3T18 | I6: 4T18 | J6: 1T19 | K6: 2T19 | L6: 3T19 | M6: 4T19 | N6: 1T20 | O6: 2T20 | P6: 3T20 | Q6: 4T20 | R6: 1T21 | S6: 2T21 | T6: 3T21 | U6: 4T21 | V6: 1T22 | W6: 2T22 | X6: 3T22 | Y6: 4T22 | Z6: 1T23 | AA6: 2T23 | AB6: 3T23 | AC6: 4T23 | AD6: 1T24 | AE6: 2T24 | AF6: 3T24 pro forma | AG6: 4T24 | AH6: 1T25 | AI6: 2T25 | AJ6: 3T25 | AK6: 4T25 | AL6: 1T26 | AM6: 2T26
A7: Quantidade total de colaboradores (final de trimestre) | B7: 2023 | C7: 2046 | D7: 2758 | E7: 2598 | F7: 3202 | G7: 3316 | H7: 3177 | I7: 3111 | J7: 3408 | K7: 2975 | L7: 2907 | M7: 2676 | N7: 2645 | O7: 1676 | P7: 1931 | Q7: 2199 | R7: 2508 | S7: 3069 | T7: 3275 | U7: 3200 | V7: 3958 | W7: 4415 | X7: 5063 | Y7: 5256 | Z7: 5938 | AA7: 5791 | AB7: 5759 | AC7: 5350 | AD7: 4414 | AE7: 4796 | AF7: 7672 | AG7: 6994 | AH7: 6967 | AI7: 6602 | AJ7: 6277 | AK7: 7843 | AL7: 7741 | AM7: 7990
A8: Quantidade total de colaboradores (média mensal do trimestre) | B8: 2023 | C8: 2034.5 | D8: 2402 | E8: 2678 | F8: 2900 | G8: 3259 | H8: 3246.5 | I8: 3144 | J8: 3259.5 | K8: 3191.5 | L8: 2941 | M8: 2791.5 | N8: 2607.6667 | O8: 1710 | P8: 1723.6667 | Q8: 2135 | R8: 2490 | S8: 2968.6667 | T8: 3186 | U8: 3204 | V8: 3558.3333 | W8: 4103.3333 | X8: 4900.6667 | Y8: 5222 | Z8: 5745.6667 | AA8: 5776.6667 | AB8: 5832.3333 | AC8: 5567.3333 | AD8: 4281.3333 | AE8: 4632.6667 | AF8: 7276 | AG8: 7302 | AH8: 6927 | AI8: 6753 | AJ8: 6363 | AK8: 7966 | AL8: 7818 | AM8: 8010
A9: Quantidade total de colaboradores ajustado (média mensal do trimestre) | W9: 3995.5 | X9: 4345.5 | Y9: 4907
A10: Receita Líquida per capita (R$ mil mensal per capita) | B10: 8616.2465 | C10: 8851.6425 | D10: 8520.5384 | E10: 8561.7376 | F10: 8746.6667 | G10: 8624.9361 | H10: 8202.0638 | I10: 9216.6031 | J10: 8475.7376 | K10: 9656.4834 | L10: 9677.8873 | M10: 10494.716 | N10: 9091.3972 | O10: 9392.9825 | P10: 10602.785 | Q10: 10628.884 | R10: 10500.803 | S10: 12522.344 | T10: 12929.797 | U10: 12442.052 | V10: 12111.288 | W10: 14942.486 | X10: 17306.421 | Y10: 15691.625 | Z10: 13996.751 | AA10: 14652.914 | AB10: 15371.607 | AC10: 16899.593 | AD10: 16850.747 | AE10: 14769.032 | AF10: 17989.555 | AG10: 19158.815 | AH10: 17749.146 | AI10: 17863.369 | AJ10: 18813.662 | AK10: 19823.835 | AL10: 17958.429 | AM10: 19251.685
A11: Receita Líquida per capita ajustada (R$ mil mensal per capita) | W11: 14227.36 | X11: 14672.51 | Y11: 14922.966
A12: CPV per capita (R$ mil mensal per capita) | B12: -6506.1789 | C12: -7297.9438 | D12: -7943.7968 | E12: -7695.6684 | F12: -7531.1494 | G12: -7908.2541 | H12: -7284.5629 | I12: -7254.665 | J12: -7398.8853 | K12: -8331.4011 | L12: -8460.3876 | M12: -8695.4445 | N12: -7887.8947 | O12: -10221.248 | P12: -8775.8654 | Q12: -8671.6628 | R12: -8973.2262 | S12: -10111.61 | T12: -10715.736 | U12: -10734.707 | V12: -9720.3747 | W12: -11741.348 | X12: -11996.191 | Y12: -12143.687 | Z12: -11119.742 | AA12: -11487.651 | AB12: -12427.559 | AC12: -13330.32 | AD12: -13462.784 | AE12: -11963.664 | AF12: -13919.049 | AG12: -14491.6 | AH12: -14195.9 | AI12: -14319.117 | AJ12: -14933.47 | AK12: -16031.216 | AL12: -15228.788 | AM12: -15612.609
A13: CPV per capita ajustado (R$ mil mensal per capita) | W13: -11435.577 | X13: -11158.763 | Y13: -11644.167
A14: Lucro Bruto per capita (R$ mil mensal per capita) | B14: 2110.0676 | C14: 1553.6987 | D14: 576.7416 | E14: 866.06921 | F14: 1215.5172 | G14: 716.68201 | H14: 917.5009 | I14: 1961.9381 | J14: 1076.8523 | K14: 1325.0822 | L14: 1217.4997 | M14: 1799.2716 | N14: 1203.5025 | O14: -828.26511 | P14: 1826.9194 | Q14: 1957.2209 | R14: 1527.577 | S14: 2410.7343 | T14: 2214.0615 | U14: 1707.345 | V14: 2390.9133 | W14: 3201.1373 | X14: 5310.2299 | Y14: 3547.9382 | Z14: 2877.0088 | AA14: 3165.2626 | AB14: 2944.0476 | AC14: 3569.2731 | AD14: 3387.9633 | AE14: 2805.3677 | AF14: 4070.5058 | AG14: 4667.2145 | AH14: 3553.2458 | AI14: 3544.2519 | AJ14: 3880.1928 | AK14: 3792.6186 | AL14: 2729.641 | AM14: 3639.0762
A15: Lucro Bruto per capita ajustado (R$ mil mensal per capita) | W15: 2791.783 | X15: 3513.7477 | Y15: 3278.7987
A16: Lucro Operacional per capita (R$ mil mensal per capita) | B16: 653.52528 | C16: -148.73834 | D16: -552.44689 | E16: -821.99388 | F16: 325.64816 | G16: 339.78553 | H16: 329.39184 | I16: 607.847 | J16: 94.812809 | K16: 216.73583 | L16: -83.63076 | M16: 656.29846 | N16: 1377.4767 | O16: -2933.1384 | P16: -582.86598 | Q16: 414.20765 | R16: 54.082999 | S16: 987.53649 | T16: 744.40259 | U16: 434.665 | V16: 988.47775 | W16: 1578.6353 | X16: 3434.4987 | Y16: 1530.6396 | Z16: 1395.5445 | AA16: 1401.6157 | AB16: 1178.2591 | AC16: 1103.9396 | AD16: 1088.991 | AE16: 474.02504 | AF16: 2064.1836 | AG16: 2093.0339 | AH16: 1041.5764 | AI16: 1063.1324 | AJ16: 1254.073 | AK16: 1194.2422 | AL16: 3088.3858 | AM16: 1440.6991
A17: Lucro Operacional per capita ajustado (R$ mil mensal per capita) | W17: 1106.9586 | X17: 1482.7997 | Y17: 1219.0625 | AH17: 1403.7342 | AI17: 1401.7967 | AJ17: 1645.817 | AK17: 1645.2004 | AL17: 1366.6326 | AM17: 1817.4365
A18: NOPAT per capita (R$ mil mensal per capita) | AH18: 953.51523 | AI18: 1051.582 | AJ18: 1238.2524 | AK18: 1323.4999 | AL18: 2979.1507 | AM18: 1426.3421
A19: NOPAT per capita ajustado (R$ mil mensal per capita) | AH19: 1246.6676 | AI19: 1361.8145 | AJ19: 1563.3611 | AK19: 1810.1933 | AL19: 1213.4391 | AM19: 1754.3071
A20: # dias de contas a receber (clientes) | E20: 80.456795 | F20: 82.750848 | G20: 68.498708 | H20: 68.334988 | I20: 65.059174 | J20: 70.667428 | K20: 56.888496 | L20: 56.63488 | M20: 48.162657 | N20: 80.872567 | O20: 83.594099 | P20: 79.93865 | Q20: 76.433476 | R20: 83.452724 | S20: 76.727241 | T20: 70.336609 | U20: 74.856489 | V20: 77.788945 | W20: 71.316965 | X20: 66.790788 | Y20: 69.288645 | Z20: 78.086491 | AA20: 89.079199 | AB20: 71.380901 | AC20: 80.330009 | AD20: 90.36714 | AE20: 89 | AF20: 74.080531 | AG20: 62.783459 | AH20: 84.87449 | AI20: 85.718015 | AJ20: 88.527453 | AK20: 73.458121 | AL20: 83.99879 | AM20: 81.570077
A21: # dias de contas a pagar (fornecedores e funcionários) | E21: 37.293823 | F21: 40.980338 | G21: 44.964497 | H21: 45.999521 | I21: 38.79508 | J21: 46.178647 | K21: 43.937069 | L21: 45.15329 | M21: 31.925945 | N21: 35.315704 | O21: 46.041202 | P21: 42.256792 | Q21: 35.450359 | R21: 37.224253 | S21: 33.98777 | T21: 36.45811 | U21: 34.557087 | V21: 37.599476 | W21: 36.767136 | X21: 32.841081 | Y21: 37.19396 | Z21: 39.011931 | AA21: 38.217908 | AB21: 38.811092 | AC21: 33.99993 | AD21: 36.362003 | AE21: 39 | AF21: 37.281302 | AG21: 28.589165 | AH21: 33.319889 | AI21: 33.948183 | AJ21: 34.647658 | AK21: 31.340355 | AL21: 33.314021 | AM21: 32.835635
A22: # dias de capital de giro | E22: 43.162972 | F22: 41.77051 | G22: 23.534212 | H22: 22.335467 | I22: 26.264095 | J22: 24.488781 | K22: 12.951427 | L22: 11.481591 | M22: 16.236712 | N22: 45.556863 | O22: 37.552897 | P22: 37.681858 | Q22: 40.983117 | R22: 46.228471 | S22: 42.739472 | T22: 33.878499 | U22: 40.299402 | V22: 40.189468 | W22: 34.549829 | X22: 33.949708 | Y22: 32.094685 | Z22: 39.07456 | AA22: 50.861291 | AB22: 32.56981 | AC22: 46.330079 | AD22: 54.005137 | AE22: 49 | AF22: 36.799228 | AG22: 34.194294 | AH22: 51.554601 | AI22: 51.769832 | AJ22: 53.879795 | AK22: 42.117766 | AL22: 50.684769 | AM22: 48.734442
A24: Nota: valores ajustados em 2022 desconsideram contratos pontuais da gmaia.

Sheet Dados gerais
A2: PRINER SERVIÇOS INDUSTRIAIS S/A
A3: INDICADORES GERAIS
A5: (Em milhares de reais - Exceto quando indicado de outra forma)
B6: 1T20 | C6: 2T20 | D6: 3T20 | E6: 4T20 | F6: 1T21 | G6: 2T21 | H6: 3T21 | I6: 4T21 | J6: 1T22 | K6: 2T22 | L6: 3T22 | M6: 4T22 | N6: 1T23 | O6: 2T23 | P6: 3T23 | Q6: 4T23 | R6: 1T24 | S6: 2T24 | T6: 3T24 | U6: 4T24 | V6: 1T25 | W6: 2T25 | X6: 3T25 | Y6: 4T25 | Z6: 1T26 | AA6: 2T26
A7: Receita Bruta | B7: 77335 | C7: 55580 | D7: 61614 | E7: 74274 | F7: 85350 | G7: 121173 | H7: 135439 | I7: 130823.53 | J7: 141290 | K7: 200757 | L7: 276423 | M7: 266632 | N7: 261543.06 | O7: 274604.51 | P7: 293420.5 | Q7: 310040.05 | R7: 238274 | S7: 227092 | T7: 432755 | U7: 458050.11 | V7: 403202.42 | W7: 394433.19 | X7: 394276 | Y7: 526092 | Z7: 471223.21 | AA7: 512591.28
A8: Receita Bruta Ajustada | B8: =B7 -> 77335 | C8: =C7 -> 55580 | D8: =D7 -> 61614 | E8: =E7 -> 74274 | F8: =F7 -> 85350 | G8: =G7 -> 121173 | H8: =H7 -> 135439 | I8: =I7 -> 130823.53 | J8: =J7 -> 141290 | K8: 186081.53 | L8: 207281.45 | M8: 238012.44 | N8: =N7 -> 261543.06 | O8: =O7 -> 274604.51 | P8: =P7 -> 293420.5 | Q8: =Q7 -> 310040.05 | R8: =R7 -> 238274 | S8: =S7 -> 227092 | T8: =T7 -> 432755 | U8: =U7 -> 458050.11 | ... Z8: =Z7 -> 471223.21 | AA8: 512591.28
A9: Receita Líquida Contábil | B9: 71122 | C9: 48186 | D9: 54827 | E9: 68078 | F9: 78441 | G9: 111524 | H9: 123583 | I9: 119593 | J9: 129288 | K9: 183942 | L9: 254439 | M9: 245825 | N9: 241262 | O9: 253935 | P9: 268957 | Q9: 282257 | R9: 216431 | S9: 205260 | T9: 392676 | U9: 419693 | V9: 368845 | W9: 361894 | X9: 359134 | Y9: 473750 | Z9: 421197 | AA9: 462618
A10: Receita Líquida Ajustada | B10: =B9 -> 71122 | C10: =C9 -> 48186 | D10: =D9 -> 54827 | E10: =E9 -> 68078 | F10: =F9 -> 78441 | G10: =G9 -> 111524 | H10: =H9 -> 123583 | I10: =I9 -> 119593 | J10: =J9 -> 129288 | K10: 170536.25 | L10: 191278.18 | M10: 219680.99 | N10: =N9 -> 241262 | O10: =O9 -> 253935 | P10: =P9 -> 268957 | Q10: =Q9 -> 282257 | R10: =R9 -> 216431 | S10: =S9 -> 205260 | T10: =T9 -> 392676 | U10: =U9 -> 419693 | ... Z10: =Z9 -> 421197 | AA10: 462618
A11: CPV Contábil | B11: -61707 | C11: -52435 | D11: -45380 | E11: -55542 | F11: -67030 | G11: -90054 | H11: -102421 | I11: -103182 | J11: -103765 | K11: -144536 | L11: -176368 | M11: -190243 | N11: -191671 | O11: -199081 | P11: -217445 | Q11: -222643 | R11: -172916 | S11: -166271 | T11: -303825 | U11: -317453 | V11: -295005 | W11: -290091 | X11: -285065 | Y11: -383114 | Z11: -357176 | AA11: -375171
A12: CPV Ajustado | B12: =B11 -> -61707 | C12: =C11 -> -52435 | D12: =D11 -> -45380 | E12: =E11 -> -55542 | F12: =F11 -> -67030 | G12: =G11 -> -90054 | H12: =H11 -> -102421 | I12: =I11 -> -103182 | J12: =J11 -> -103765 | K12: -137072.55 | L12: -145471.21 | M12: -171413.79 | N12: =N11 -> -191671 | O12: =O11 -> -199081 | P12: =P11 -> -217445 | Q12: =Q11 -> -222643 | R12: =R11 -> -172916 | S12: =S11 -> -166271 | T12: =T11 -> -303825 | U12: =U11 -> -317453 | ... Z12: =Z11 -> -357176 | AA12: -375171
A13: Lucro Bruto Contábil | B13: 9415 | C13: -4249 | D13: 9447 | E13: 12536 | F13: 11411 | G13: 21470 | H13: 21162 | I13: 16411 | J13: 25523 | K13: 39406 | L13: 78071 | M13: 55582 | N13: 49591 | O13: 54854 | P13: 51512 | Q13: 59614 | R13: 43515 | S13: 38989 | T13: 88851 | U13: 102240 | V13: 73840 | W13: 71803 | X13: 74069 | Y13: 90636 | Z13: 64021 | AA13: 87447
A14: Lucro Bruto Ajustado | B14: =B13 -> 9415 | C14: =C13 -> -4249 | D14: =D13 -> 9447 | E14: =E13 -> 12536 | F14: =F13 -> 11411 | G14: =G13 -> 21470 | H14: =H13 -> 21162 | I14: =I13 -> 16411 | J14: =J13 -> 25523 | K14: 33463.707 | L14: 45806.971 | M14: 48267.196 | N14: =N13 -> 49591 | O14: =O13 -> 54854 | P14: =P13 -> 51512 | Q14: =Q13 -> 59614 | R14: =R13 -> 43515 | S14: =S13 -> 38989 | T14: =T13 -> 88851 | U14: =U13 -> 102240 | ... Z14: =Z13 -> 64021 | AA14: 87447
A15: SG&A | B15: 1361 | C15: -10798 | D15: -12461 | E15: -9883 | F15: -11007 | G15: -12675 | H15: -14047 | I15: -12233 | J15: -14971 | K15: -19973 | L15: -27577 | M15: -31603 | N15: -25536 | O15: -30564 | P15: -30896 | Q15: -41176 | R15: -29528 | S15: -32401 | T15: -43794 | U15: -56390 | V15: -52195 | W15: -50265 | X15: -50130 | Y15: -62096 | Z15: 8414 | AA15: -52827
A16: Clawback Real | Z16: 49486
A17: Stock Options | V17: -1434 | W17: -575 | X17: -1272 | Y17: -1800 | Z17: -1031 | AA17: -1172
A18: Amortização de intangíveis e depreciação de mais valia | V18: -6092 | W18: -6286 | X18: -6206 | Y18: -8977 | Z18: -8073 | AA18: -7881
A19: SG&A Ajustado | B19: =B15 -> 1361 | C19: =C15 -> -10798 | D19: =D15 -> -12461 | E19: =E15 -> -9883 | F19: =F15 -> -11007 | G19: =G15 -> -12675 | H19: =H15 -> -14047 | I19: =I15 -> -12233 | ... U19: =U15 -> -56390 | V19: =V15-V16-V17-V18 -> -44669 | W19: =W15-W16-W17-W18 -> -43404 | X19: =X15-X16-X17-X18 -> -42652 | Y19: =Y15-Y16-Y17-Y18 -> -51319 | Z19: =Z15-Z16-Z17-Z18 -> -31968 | AA19: =AA15-AA16-AA17-AA18 -> -43774
A21: EBITDA contábil | B21: 15895 | C21: -9787 | D21: 2805 | E21: 8098 | F21: 5312 | G21: 14237.102 | H21: 12765.557 | I21: 9087.5983 | J21: 16497.355 | K21: 25876 | L21: 57437 | M21: 30944.527 | N21: 32780.837 | O21: 33644.099 | P21: 29615 | Q21: 30420 | R21: 24805 | S21: 17692 | T21: 58131 | U21: 59986.333 | V21: 40109 | W21: 40018 | X21: 42564 | Y21: 61956.203 | Z21: 109271 | AA21: 71042
A22: EBITDA ajustado | B22: =B21 -> 15895 | C22: =C21 -> -9787 | D22: =D21 -> 2805 | E22: =E21 -> 8098 | F22: =F21 -> 5312 | G22: =G21 -> 14237.102 | H22: =H21 -> 12765.557 | I22: =I21 -> 9087.5983 | J22: =J21 -> 16497.355 | K22: 19710.39 | L22: 26273.892 | M22: 24912.11 | N22: =N21 -> 32780.837 | O22: =O21 -> 33644.099 | P22: =P21 -> 29615 | Q22: =Q21 -> 30420 | R22: =R21 -> 24805 | S22: =S21 -> 17692 | T22: =T21 -> 58131 | U22: =U21 -> 59986.333 | V22: =V21-V17-V16 -> 41543 | W22: =W21-W17-W16 -> 40593 | X22: =X21-X17-X16 -> 43836 | Y22: =Y21-Y17-Y16 -> 63756.203 | Z22: =Z21-Z17-Z16 -> 60816 | AA22: =AA21-AA17-AA16 -> 72214
A23: Lucro Operacional Contábil | B23: 10776 | C23: -15047 | D23: -3014 | E23: 2653 | F23: 404 | G23: 8795 | H23: 7115 | I23: 4178 | J23: 10552 | K23: 19433 | L23: 50494 | M23: 23979 | N23: 24055 | O23: 24290 | P23: 20616 | Q23: 18438 | R23: 13987 | S23: 6588 | T23: 45057 | U23: 45850 | V23: 21645 | W23: 21538 | X23: 23939 | Y23: 28540 | Z23: 72435 | AA23: 34620
A24: Lucro Operacional Ajustado | B24: =B23 -> 10776 | C24: =C23 -> -15047 | D24: =D23 -> -3014 | E24: =E23 -> 2653 | F24: =F23 -> 404 | G24: =G23 -> 8795 | H24: =H23 -> 7115 | I24: =I23 -> 4178 | J24: =J23 -> 10552 | K24: 13268.559 | L24: 19330.518 | M24: 17945.82 | N24: =N23 -> 24055 | O24: =O23 -> 24290 | P24: =P23 -> 20616 | Q24: =Q23 -> 18438 | R24: =R23 -> 13987 | S24: =S23 -> 6588 | T24: =T23 -> 45057 | U24: =U23 -> 45850 | V24: =V23-V16-V17-V18 -> 29171 | W24: =W23-W16-W17-W18 -> 28399 | X24: =X23-X16-X17-X18 -> 31417 | Y24: =Y23-Y16-Y17-Y18 -> 39317 | Z24: =Z23-Z16-Z17-Z18 -> 32053 | AA24: =AA23-AA16-AA17-AA18 -> 43673
A25: Lucro Líquido Contábil | B25: 3270 | C25: -18152 | D25: -4930 | E25: 16716 | F25: -1031 | G25: 6204 | H25: 3781 | I25: 5545 | J25: 5230 | K25: 10946 | L25: 36381 | M25: 12377 | N25: 8865 | O25: 8950 | P25: 2339 | Q25: 4926 | R25: 2835 | S25: -2696 | T25: 20767 | U25: 21349 | V25: 4017 | W25: 508 | X25: 3060 | Y25: 819 | Z25: 52715 | AA25: -1030
A26: Atualização monetária da parcela do clawback | Z26: 11180.792
A27: Lucro Líquido Ajustado | B27: =B25 -> 3270 | C27: =C25 -> -18152 | D27: =D25 -> -4930 | E27: =E25 -> 16716 | F27: =F25 -> -1031 | G27: =G25 -> 6204 | H27: =H25 -> 3781 | I27: =I25 -> 5545 | J27: =J25 -> 5230 | K27: 5354.2458 | L27: 7666.068 | M27: 6941.0854 | N27: =N25 -> 8865 | O27: =O25 -> 8950 | P27: =P25 -> 2339 | Q27: =Q25 -> 4926 | R27: =R25 -> 2835 | S27: =S25 -> -2696 | T27: =T25 -> 20767 | U27: =U25 -> 21349 | V27: =V25-V18-V17-V16-V26 -> 11543 | W27: =W25-W18-W17-W16-W26 -> 7369 | X27: =X25-X18-X17-X16-X26 -> 10538 | Y27: =Y25-Y18-Y17-Y16-Y26 -> 11596 | Z27: =Z25-Z18-Z17-Z16-Z26 -> 1152.208 | AA27: =AA25-AA18-AA17-AA16-AA26 -> 8023
A28: ROIC pro forma | I28: 0.091061366 | J28: 0.13341985 | K28: 0.13786987 | L28: 0.14753357 | M28: 0.16566325 | N28: 0.17584876 | O28: 0.17767383 | P28: 0.17290382 | Q28: 0.16666845 | R28: 0.14560547 | S28: 0.134199 | T28: 0.19381468 | U28: 0.17084248 | V28: 0.13934069 | W28: 0.14561464 | X28: 0.12564371 | Y28: 0.10990293 | Z28: 0.14242284 | AA28: 0.14601976
A29: ROIC ajustado | I29: =I28 -> 0.091061366 | J29: =J28 -> 0.13341985 | K29: =K28 -> 0.13786987 | L29: =L28 -> 0.14753357 | M29: =M28 -> 0.16566325 | N29: =N28 -> 0.17584876 | O29: =O28 -> 0.17767383 | P29: =P28 -> 0.17290382 | ... T29: =T28 -> 0.19381468 | U29: 0.19091901 | V29: 0.16468795 | W29: 0.18022015 | X29: 0.16630437 | Y29: 0.14319876 | Z29: 0.13574214 | AA29: 0.14099574

Sheet LB por segmento
A2: PRINER SERVIÇOS INDUSTRIAIS S/A
A3: Lucro Bruto por Unidade de Negócio
A5: (Em milhares de reais - Exceto quando indicado de outra forma)
B6: 1T20 | C6: 2T20 | D6: 3T20 | E6: 4T20 | F6: 1T21 | G6: 2T21 | H6: 3T21 | I6: 4T21 | J6: 1T22 | K6: 2T22 | L6: 3T22 | M6: 4T22 | N6: 1T23 | O6: 2T23 | P6: 3T23 | Q6: 4T23 | R6: 1T24 | S6: 2T24 | T6: 3T24 | U6: 4T24 | V6: 1T25 | W6: 2T25 | X6: 3T25 | Y6: 4T25 | Z6: 1T26 | AA6: 2T26
A7: Receita Bruta contábil consolidado
A8: Siderurgia&Mineração | B8: 3109.1941 | C8: 5724.9005 | D8: 7901.7705 | E8: 8283.3117 | F8: 7131.4496 | G8: 8134.6108 | H8: 8405.4692 | I8: 5407.6428 | J8: 1611.4904 | K8: 16478.511 | L8: 71431.869 | M8: 38889.954 | N8: 37117.72 | O8: 38855.718 | P8: 37410.133 | Q8: 47418.278 | R8: 33013.139 | S8: 35603.005 | T8: 187843.15 | U8: 182499.44 | V8: 140006.74 | W8: 122565.89 | X8: 121271.77 | Y8: 210545.68 | Z8: 173761.85 | AA8: 213724.52
A9: Óleo&Gás | B9: 43288.647 | C9: 30305.703 | D9: 30760.592 | E9: 41898.771 | F9: 47941.295 | G9: 62951.547 | H9: 62494.59 | I9: 58481.1 | J9: 94005.793 | K9: 127063.43 | L9: 146331.62 | M9: 162023.59 | N9: 179572.7 | O9: 176240.73 | P9: 187141.21 | Q9: 203312.74 | R9: 150774.37 | S9: 123617.16 | T9: 155676.75 | U9: 175829.39 | V9: 173780.91 | W9: 184497.27 | X9: 192396.14 | Y9: 230444.97 | Z9: 205349.23 | AA9: 188602.7
A10: Outros | B10: 30937.441 | C10: 19525.948 | D10: 22974.733 | E10: 24092.244 | F10: 30277.904 | G10: 50086.381 | H10: 64538.48 | I10: 66934.786 | J10: 45672.702 | K10: 57214.988 | L10: 58659.948 | M10: 65718.59 | N10: 44852.638 | O10: 59508.061 | P10: 68869.16 | Q10: 59309.028 | R10: 54486.591 | S10: 67872.457 | T10: 89235.182 | U10: 99721.269 | V10: 89414.774 | W10: 87370.03 | X10: 80608.438 | Y10: 85100.873 | Z10: 92112.143 | AA10: 110264.06
A11: TOTAL | B11: =SUM(B8:B10) -> 77335.282 | C11: =SUM(C8:C10) -> 55556.551 | D11: =SUM(D8:D10) -> 61637.095 | E11: =SUM(E8:E10) -> 74274.326 | F11: =SUM(F8:F10) -> 85350.649 | G11: =SUM(G8:G10) -> 121172.54 | H11: =SUM(H8:H10) -> 135438.54 | I11: =SUM(I8:I10) -> 130823.53 | ... AA11: =SUM(AA8:AA10) -> 512591.28
A13: Receita Líquida contábil consolidado
A14: Siderurgia&Mineração | B14: 2811.173 | C14: 5218.3097 | D14: 7202.1994 | E14: 7550.1595 | F14: 6500.6882 | G14: 7400.3277 | H14: 7636.512 | I14: 4897.9032 | J14: 1434.6797 | K14: 16310.836 | L14: 71251.741 | M14: 38551.239 | N14: 34357.131 | O14: 35904.745 | P14: 34575.585 | Q14: 42853.584 | R14: 30236.85 | S14: 32740.806 | T14: 170356.24 | U14: 169498.27 | V14: 129059.8 | W14: 113146.32 | X14: 111476.29 | Y14: 188194.22 | Z14: 156083.64 | AA14: 193049.43
A15: Óleo&Gás | B15: 40090.344 | C15: 25081.11 | D15: 26253.048 | E15: 37818.585 | F15: 43498.992 | G15: 57670.964 | H15: 56725.157 | I15: 53245.648 | J15: 86176.734 | K15: 116578.29 | L15: 135336.95 | M15: 149117.4 | N15: 166208.71 | O15: 163439.95 | P15: 173354.97 | Q15: 186671.45 | R15: 137415.57 | S15: 112408.09 | T15: 141773.15 | U15: 161333.12 | V15: 159961.21 | W15: 170313.27 | X15: 175220.04 | Y15: 212002.83 | Z15: 182259.65 | AA15: 172156.58
A16: Outros | B16: 28220.201 | C16: 17887.964 | D16: 21371.803 | E16: 22708.273 | F16: 28441.049 | G16: 46452.502 | H16: 59220.994 | I16: 61450.498 | J16: 41676.403 | K16: 51053.168 | L16: 47850.298 | M16: 58156.356 | N16: 40696.661 | O16: 54589.603 | P16: 61026.476 | Q16: 52732.066 | R16: 48778.209 | S16: 60111.54 | T16: 80546.809 | U16: 88861.124 | V16: 79823.884 | W16: 78434.876 | X16: 72437.458 | Y16: 73552.556 | Z16: 82853.573 | AA16: 97412.466
A17: TOTAL | B17: =SUM(B14:B16) -> 71121.718 | C17: =SUM(C14:C16) -> 48187.384 | D17: =SUM(D14:D16) -> 54827.05 | E17: =SUM(E14:E16) -> 68077.018 | F17: =SUM(F14:F16) -> 78440.729 | G17: =SUM(G14:G16) -> 111523.79 | H17: =SUM(H14:H16) -> 123582.66 | I17: =SUM(I14:I16) -> 119594.05 | ... AA17: =SUM(AA14:AA16) -> 462618.47
A19: Custo dos serviços prestados
A20: Siderurgia&Mineração | B20: -5341.4786 | C20: -7128.6733 | D20: -8742.7777 | E20: -8625.8916 | F20: -6512.9559 | G20: -5641.469 | H20: -4941.0816 | I20: -2950.4973 | J20: -1000.4088 | K20: -626.76244 | L20: -1677.3381 | M20: -2196.6837 | N20: -27665.285 | O20: -24277.209 | P20: -23636.184 | Q20: -28358.579 | R20: -24662.073 | S20: -26707.201 | T20: -129724.5 | U20: -117283.12 | V20: -103006.3 | W20: -87260.656 | X20: -86692.889 | Y20: -152258.47 | Z20: -146600.95 | AA20: -160946.15
A21: Óleo&Gás | B21: -29715.729 | C21: -23956.139 | D21: -19938.258 | E21: -29843.827 | F21: -30834.91 | G21: -42822.88 | H21: -46241.268 | I21: -45767.048 | J21: -67221.893 | K21: -92819.18 | L21: -103048.8 | M21: -119561.4 | N21: -131446.54 | O21: -132743.73 | P21: -142923.89 | Q21: -149560.42 | R21: -106749.47 | S21: -86937.706 | T21: -109917.93 | U21: -127358.29 | V21: -125292.12 | W21: -134903.32 | X21: -140000.61 | Y21: -167499.22 | Z21: -145076.46 | AA21: -136079.88
A22: Outros | B22: -26650.147 | C22: -21350.319 | D22: -16698.531 | E22: -17071.303 | F22: -29681.432 | G22: -41589.343 | H22: -51239.09 | I22: -54465.287 | J22: -35543.352 | K22: -51090.6 | L22: -71642.964 | M22: -68484.211 | N22: -32559.456 | O22: -42060.671 | P22: -50885.136 | Q22: -44722.394 | R22: -41504.559 | S22: -52627.024 | T22: -64182.219 | U22: -72811.04 | V22: -66706.649 | W22: -67926.545 | X22: -58371.743 | Y22: -63356.426 | Z22: -65498.328 | AA22: -78144.901
A23: TOTAL | B23: =SUM(B20:B22) -> -61707.355 | C23: =SUM(C20:C22) -> -52435.131 | D23: =SUM(D20:D22) -> -45379.567 | E23: =SUM(E20:E22) -> -55541.022 | F23: =SUM(F20:F22) -> -67029.298 | G23: =SUM(G20:G22) -> -90053.691 | H23: =SUM(H20:H22) -> -102421.44 | I23: =SUM(I20:I22) -> -103182.83 | ... AA23: =SUM(AA20:AA22) -> -375170.93
A25: Lucro Bruto contábil consolidado
A26: Siderurgia&Mineração | B26: =B14+B20 -> -2530.3056 | C26: =C14+C20 -> -1910.3637 | D26: =D14+D20 -> -1540.5783 | E26: =E14+E20 -> -1075.7321 | F26: =F14+F20 -> -12.26765 | G26: =G14+G20 -> 1758.8587 | H26: =H14+H20 -> 2695.4303 | I26: =I14+I20 -> 1947.4059 | ... Z26: =Z14+Z20 -> 9482.6918 | AA26: 32103.285
A27: Óleo&Gás | B27: =B15+B21 -> 10374.615 | C27: =C15+C21 -> 1124.9709 | D27: =D15+D21 -> 6314.7902 | E27: =E15+E21 -> 7974.7582 | F27: =F15+F21 -> 12664.082 | G27: =G15+G21 -> 14848.084 | H27: =H15+H21 -> 10483.889 | I27: =I15+I21 -> 7478.6003 | ... Z27: =Z15+Z21 -> 37183.192 | AA27: 36076.694
A28: Outros | B28: =B16+B22 -> 1570.0538 | C28: =C16+C22 -> -3462.3548 | D28: =D16+D22 -> 4673.2715 | E28: =E16+E22 -> 5636.9701 | F28: =F16+F22 -> -1240.3831 | G28: =G16+G22 -> 4863.1593 | H28: =H16+H22 -> 7981.9042 | I28: =I16+I22 -> 6985.2113 | ... Z28: =Z16+Z22 -> 17355.244 | AA28: 19267.565
A29: TOTAL | B29: =SUM(B26:B28) -> 9414.3636 | C29: =SUM(C26:C28) -> -4247.7475 | D29: =SUM(D26:D28) -> 9447.4834 | E29: =SUM(E26:E28) -> 12535.996 | F29: =SUM(F26:F28) -> 11411.431 | G29: =SUM(G26:G28) -> 21470.102 | H29: =SUM(H26:H28) -> 21161.223 | I29: =SUM(I26:I28) -> 16411.218 | ... AA29: =SUM(AA26:AA28) -> 87447.544
A31: Margem Bruta contábil consolidada
A32: Siderurgia&Mineração | B32: =B26/B14 -> -0.90008889 | C32: =C26/C14 -> -0.36608859 | D32: =D26/D14 -> -0.21390387 | E32: =E26/E14 -> -0.14247806 | F32: =F26/F14 -> -0.001887131 | G32: =G26/G14 -> 0.23767309 | H32: =H26/H14 -> 0.35296617 | I32: =I26/I14 -> 0.39759991 | ... AA32: =AA26/AA14 -> 0.16629567
A33: Óleo&Gás | B33: =B27/B15 -> 0.2587809 | C33: =C27/C15 -> 0.044853316 | D33: =D27/D15 -> 0.24053551 | E33: =E27/E15 -> 0.21086876 | F33: =F27/F15 -> 0.29113506 | G33: =G27/G15 -> 0.25746204 | H33: =H27/H15 -> 0.18481903 | I33: =I27/I15 -> 0.14045468 | ... AA33: =AA27/AA15 -> 0.20955745
A34: Outros | B34: =B28/B16 -> 0.055635812 | C34: =C28/C16 -> -0.19355779 | D34: =D28/D16 -> 0.21866529 | E34: =E28/E16 -> 0.2482342 | F34: =F28/F16 -> -0.043612425 | G34: =G28/G16 -> 0.10469101 | H34: =H28/H16 -> 0.13478166 | I34: =I28/I16 -> 0.11367217 | ... AA34: =AA28/AA16 -> 0.19779363
A35: TOTAL | B35: =B29/B17 -> 0.13236974 | C35: =C29/C17 -> -0.088150615 | D35: =D29/D17 -> 0.17231428 | E35: =E29/E17 -> 0.18414432 | F35: =F29/F17 -> 0.14547839 | G35: =G29/G17 -> 0.19251589 | H35: =H29/H17 -> 0.17123132 | I35: =I29/I17 -> 0.13722437 | ... AA35: =AA29/AA17 -> 0.18902735

Sheet ROIC
A2: PRINER SERVIÇOS INDUSTRIAIS S/A
A3: Abertura ROIC
A5: (Em milhares de reais - Exceto quando indicado de outra forma)
B6: 1T22 | C6: 2T22 | D6: 3T22 | E6: 4T22 | F6: 1T23 | G6: 2T23 | H6: 3T23 | I6: 4T23 | J6: 1T24 | K6: 2T24 | L6: 3T24 pro forma | M6: 4T24 | N6: 1T25 | O6: 2T25 | P6: 3T25 | Q6: 4T25 | R6: 1T26 | S6: 2T26
A7: NOPAT (LTM) | B7: =SUM(B8:B9) -> 22226.751 | C7: =SUM(C8:C9) -> 26092.189 | D7: =SUM(D8:D9) -> 34154.324 | E7: =SUM(E8:E9) -> 43241.02 | F7: =SUM(F8:F9) -> 50611.95 | G7: =SUM(G8:G9) -> 57173.027 | H7: =SUM(H8:H9) -> 58156.302 | I7: =SUM(I8:I9) -> 58483.187 | ... N7: =SUM(N8:N9) -> 86626.821
A8: EBIT (LTM) | B8: 33676.895 | C8: 39533.62 | D8: 51748.976 | E8: 65516.697 | F8: 76684.773 | G8: 86625.798 | H8: 88115.609 | I8: 88610.889 | J8: 77838.917 | K8: 68496.583 | L8: 163090 | M8: 155942.07 | N8: 131252.76
A9: IR/CS (alíquota teórica de 35%) (LTM) | B9: =-B8*0.34 -> -11450.144 | C9: =-C8*0.34 -> -13441.431 | D9: =-D8*0.34 -> -17594.652 | E9: =-E8*0.34 -> -22275.677 | F9: =-F8*0.34 -> -26072.823 | G9: =-G8*0.34 -> -29452.771 | H9: =-H8*0.34 -> -29959.307 | I9: =-I8*0.34 -> -30127.702 | J9: -26465.232 | K9: -23288.838 | L9: -55450.601 | M9: -53020.302 | N9: -44625.938
A10: Capital Investido Médio | B10: =SUM(B11:B12) -> 214899.78 | C10: =SUM(C11:C12) -> 231222.53 | D10: =SUM(D11:D12) -> 260449.03 | E10: =SUM(E11:E12) -> 279299.71 | F10: =SUM(F11:F12) -> 305113.18 | G10: =SUM(G11:G12) -> 350084.18 | H10: =SUM(H11:H12) -> 378711.18 | I10: =SUM(I11:I12) -> 427674.75 | ... N10: =SUM(N11:N12) -> 748659.68
A11: Capital de Giro (Média LTM) | B11: 100514.35 | C11: 101632.7 | D11: 111142.06 | E11: 105458.49 | F11: 105370.64 | G11: 123828.79 | H11: 126340.68 | I11: 147940.25 | J11: 170167.5 | K11: 170273.75 | L11: 196562 | M11: 204936 | N11: 229089
A12: Imob. e Intangível (Média LTM) | B12: 114385.43 | C12: 129589.83 | D12: 149306.97 | E12: 173841.22 | F12: 199742.54 | G12: 226255.4 | H12: 252370.5 | I12: 279734.5 | J12: 299100 | K12: 322238 | L12: 503699.72 | M12: 515944.81 | N12: 519570.68
A13: ROIC LTM (alíquota teórica) | B13: =B7/B10 -> 0.10342845 | C13: =C7/C10 -> 0.11284449 | D13: =D7/D10 -> 0.13113631 | E13: =E7/E10 -> 0.15481942 | F13: =F7/F10 -> 0.16587927 | G13: =G7/G10 -> 0.16331223 | H13: =H7/H10 -> 0.15356373 | I13: =I7/I10 -> 0.13674688 | ... N13: =N7/N10 -> 0.11570921
A16: =A7 -> NOPAT (LTM) | B16: =SUM(B17:B18) -> 28671.895 | C16: =SUM(C17:C18) -> 31878.62 | D16: =SUM(D17:D18) -> 38424.976 | E16: =SUM(E17:E18) -> 46269.697 | F16: =SUM(F17:F18) -> 53653.773 | G16: =SUM(G17:G18) -> 62200.798 | H16: =SUM(H17:H18) -> 65480.609 | I16: =SUM(I17:I18) -> 71279.889 | ... S16: =SUM(S17:S18) -> 181083.36
A17: =A8 -> EBIT (LTM) | B17: 33676.895 | C17: 39533.62 | D17: 51748.976 | E17: 65516.697 | F17: 76684.773 | G17: 86625.798 | H17: 88115.609 | I17: 88610.889 | J17: 77838.917 | K17: 68496.583 | L17: 163090 | M17: 155942.07 | N17: 131252.76 | O17: 134091.85 | P17: 112973 | Q17: 139765.67 | R17: 181367.03 | S17: 188878.39
A18: IR/CS (alíquota efetiva) (LTM) | B18: -5005 | C18: -7655 | D18: -13324 | E18: -19247 | F18: -23031 | G18: -24425 | H18: -22635 | I18: -17331 | J18: -9511 | K18: -2402 | L18: -27369 | M18: -32785 | N18: -26934 | O18: -20380 | P18: -12047 | Q18: -7564.7584 | R18: -7684.4818 | S18: -7795.0228
A19: =A10 -> Capital Investido Médio | B19: =SUM(B20:B21) -> 214899.78 | C19: =SUM(C20:C21) -> 231222.53 | D19: =SUM(D20:D21) -> 260449.03 | E19: =SUM(E20:E21) -> 279299.71 | F19: =SUM(F20:F21) -> 305113.18 | G19: =SUM(G20:G21) -> 350084.18 | H19: =SUM(H20:H21) -> 378711.18 | I19: =SUM(I20:I21) -> 427674.75 | ... S19: =SUM(S20:S21) -> 1240129.1
A20: =A11 -> Capital de Giro (Média LTM) | B20: =B11 -> 100514.35 | C20: =C11 -> 101632.7 | D20: =D11 -> 111142.06 | E20: =E11 -> 105458.49 | F20: =F11 -> 105370.64 | G20: =G11 -> 123828.79 | H20: =H11 -> 126340.68 | ... N20: =N11 -> 229089 | O20: 261495 | P20: 280154 | Q20: 297284.19 | R20: 305742.49 | S20: 321220.83
A21: =A12 -> Imob. e Intangível (Média LTM) | B21: =B12 -> 114385.43 | C21: =C12 -> 129589.83 | D21: =D12 -> 149306.97 | E21: =E12 -> 173841.22 | F21: =F12 -> 199742.54 | G21: =G12 -> 226255.4 | H21: =H12 -> 252370.5 | ... N21: =N12 -> 519570.68 | O21: 519414.49 | P21: 523117.43 | Q21: 905830.64 | R21: 913742.75 | S21: 918908.31
A22: ROIC pro forma LTM (alíquota efetiva) | B22: =B16/B19 -> 0.13341985 | C22: =C16/C19 -> 0.13786987 | D22: =D16/D19 -> 0.14753357 | E22: =E16/E19 -> 0.16566325 | F22: =F16/F19 -> 0.17584876 | G22: =G16/G19 -> 0.17767383 | H22: =H16/H19 -> 0.17290382 | I22: =I16/I19 -> 0.16666845 | ... S22: =S16/S19 -> 0.14601976
A25: NOPAT Ajustado (LTM) | M25: =SUM(M26:M27) -> 123157.07 | N25: =SUM(N26:N27) -> 110410.76 | O25: =SUM(O26:O27) -> 126089.85 | P25: =SUM(P26:P27) -> 119510 | Q25: =SUM(Q26:Q27) -> 159761.91 | R25: =SUM(R26:R27) -> 153738.55 | S25: =SUM(S26:S27) -> 162734.36
A26: EBIT Ajustado (LTM) | M26: 155942.07 | N26: 137344.76 | O26: 146469.85 | P26: 131557 | Q26: 167326.67 | R26: 161423.03 | S26: 170529.39
A27: IR/CS (LTM) | M27: -32785 | N27: -26934 | O27: -20380 | P27: -12047 | Q27: -7564.7584 | R27: -7684.4818 | S27: -7795.0228
A28: =A19 -> Capital Investido Médio | M28: =SUM(M29:M30) -> 645074.92 | N28: =SUM(N29:N30) -> 670424.03 | O28: =SUM(O29:O30) -> 699643.48 | P28: =SUM(P29:P30) -> 718622.14 | Q28: =SUM(Q29:Q30) -> 1115665.5 | R28: =SUM(R29:R30) -> 1132577.9 | S28: =SUM(S29:S30) -> 1154179.3
A29: Capital de Giro Ajustado (Média LTM) | M29: 129130.11 | N29: 150853.35 | O29: 180229 | P29: 195504.72 | Q29: 209834.85 | R29: 218835.14 | S29: 235270.95
A30: =A21 -> Imob. e Intangível (Média LTM) | M30: 515944.81 | N30: 519570.68 | O30: 519414.49 | P30: 523117.43 | Q30: 905830.64 | R30: 913742.75 | S30: 918908.31
A31: ROIC Ajustado LTM (alíquota efetiva) | M31: =M25/M28 -> 0.19091901 | N31: =N25/N28 -> 0.16468795 | O31: =O25/O28 -> 0.18022015 | P31: =P25/P28 -> 0.16630437 | Q31: =Q25/Q28 -> 0.14319876 | R31: =R25/R28 -> 0.13574214 | S31: =S25/S28 -> 0.14099574

Sheet Gráficos
A57: Dados para gráficos:
A59: Receita Bruta | B59: 1T20 | C59: 2T20 | D59: 3T20 | E59: 4T20 | F59: 1T21 | G59: 2T21 | H59: 3T21 | I59: 4T21 | J59: 1T22 | K59: 2T22 | L59: 3T22 | M59: 4T22 | N59: 1T23 | O59: 2T23 | P59: 3T23 | Q59: 4T23 | R59: 1T24 | S59: 2T24 | T59: 3T24 | U59: 4T24 | V59: 1T25 | W59: 2T25 | X59: 3T25 | Y59: 4T25 | Z59: 1T26 | AA59: 2T26
A60: Receita Bruta contábil | B60: ='Dados gerais'!B7/1000 -> 77.335 | C60: ='Dados gerais'!C7/1000 -> 55.58 | D60: ='Dados gerais'!D7/1000 -> 61.614 | E60: ='Dados gerais'!E7/1000 -> 74.274 | F60: ='Dados gerais'!F7/1000 -> 85.35 | G60: ='Dados gerais'!G7/1000 -> 121.173 | H60: ='Dados gerais'!H7/1000 -> 135.439 | I60: ='Dados gerais'!I7/1000 -> 130.82353 | ... AA60: ='Dados gerais'!AA7/1000 -> 512.59128
A61: Receita Bruta ajustada | B61: ='Dados gerais'!B8/1000 -> 77.335 | C61: ='Dados gerais'!C8/1000 -> 55.58 | D61: ='Dados gerais'!D8/1000 -> 61.614 | E61: ='Dados gerais'!E8/1000 -> 74.274 | F61: ='Dados gerais'!F8/1000 -> 85.35 | G61: ='Dados gerais'!G8/1000 -> 121.173 | H61: ='Dados gerais'!H8/1000 -> 135.439 | I61: ='Dados gerais'!I8/1000 -> 130.82353 | ... AA61: ='Dados gerais'!AA8/1000 -> 512.59128
A63: Receita Líquida | B63: =B59 -> 1T20 | C63: =C59 -> 2T20 | D63: =D59 -> 3T20 | E63: =E59 -> 4T20 | F63: =F59 -> 1T21 | G63: =G59 -> 2T21 | H63: =H59 -> 3T21 | I63: =I59 -> 4T21 | ... AA63: =AA59 -> 2T26
A64: Receita Líquida contábil | B64: ='Dados gerais'!B9/1000 -> 71.122 | C64: ='Dados gerais'!C9/1000 -> 48.186 | D64: ='Dados gerais'!D9/1000 -> 54.827 | E64: ='Dados gerais'!E9/1000 -> 68.078 | F64: ='Dados gerais'!F9/1000 -> 78.441 | G64: ='Dados gerais'!G9/1000 -> 111.524 | H64: ='Dados gerais'!H9/1000 -> 123.583 | I64: ='Dados gerais'!I9/1000 -> 119.593 | ... AA64: ='Dados gerais'!AA9/1000 -> 462.618
A65: Receita Líquida ajustada | B65: ='Dados gerais'!B10/1000 -> 71.122 | C65: ='Dados gerais'!C10/1000 -> 48.186 | D65: ='Dados gerais'!D10/1000 -> 54.827 | E65: ='Dados gerais'!E10/1000 -> 68.078 | F65: ='Dados gerais'!F10/1000 -> 78.441 | G65: ='Dados gerais'!G10/1000 -> 111.524 | H65: ='Dados gerais'!H10/1000 -> 123.583 | I65: ='Dados gerais'!I10/1000 -> 119.593 | ... AA65: ='Dados gerais'!AA10/1000 -> 462.618
A67: Lucro Bruto | B67: =B63 -> 1T20 | C67: =C63 -> 2T20 | D67: =D63 -> 3T20 | E67: =E63 -> 4T20 | F67: =F63 -> 1T21 | G67: =G63 -> 2T21 | H67: =H63 -> 3T21 | I67: =I63 -> 4T21 | ... AA67: =AA63 -> 2T26
A68: Lucro Bruto contábil | B68: ='Dados gerais'!B13/1000 -> 9.415 | C68: ='Dados gerais'!C13/1000 -> -4.249 | D68: ='Dados gerais'!D13/1000 -> 9.447 | E68: ='Dados gerais'!E13/1000 -> 12.536 | F68: ='Dados gerais'!F13/1000 -> 11.411 | G68: ='Dados gerais'!G13/1000 -> 21.47 | H68: ='Dados gerais'!H13/1000 -> 21.162 | I68: ='Dados gerais'!I13/1000 -> 16.411 | ... AA68: ='Dados gerais'!AA13/1000 -> 87.447
A69: Lucro Bruto ajustado | B69: ='Dados gerais'!B14/1000 -> 9.415 | C69: ='Dados gerais'!C14/1000 -> -4.249 | D69: ='Dados gerais'!D14/1000 -> 9.447 | E69: ='Dados gerais'!E14/1000 -> 12.536 | F69: ='Dados gerais'!F14/1000 -> 11.411 | G69: ='Dados gerais'!G14/1000 -> 21.47 | H69: ='Dados gerais'!H14/1000 -> 21.162 | I69: ='Dados gerais'!I14/1000 -> 16.411 | ... AA69: ='Dados gerais'!AA14/1000 -> 87.447
A70: Margem Bruta contábil | B70: =B68/B64 -> 0.13237817 | C70: =C68/C64 -> -0.088179139 | D70: =D68/D64 -> 0.17230562 | E70: =E68/E64 -> 0.18414172 | F70: =F68/F64 -> 0.14547239 | G70: =G68/G64 -> 0.19251462 | H70: =H68/H64 -> 0.17123714 | I70: =I68/I64 -> 0.13722375 | ... AA70: =AA68/AA64 -> 0.18902637
A71: Margem Bruta ajustada | B71: =B69/B65 -> 0.13237817 | C71: =C69/C65 -> -0.088179139 | D71: =D69/D65 -> 0.17230562 | E71: =E69/E65 -> 0.18414172 | F71: =F69/F65 -> 0.14547239 | G71: =G69/G65 -> 0.19251462 | H71: =H69/H65 -> 0.17123714 | I71: =I69/I65 -> 0.13722375 | ... AA71: =AA69/AA65 -> 0.18902637
A73: Lucro Líquido | B73: =B67 -> 1T20 | C73: =C67 -> 2T20 | D73: =D67 -> 3T20 | E73: =E67 -> 4T20 | F73: =F67 -> 1T21 | G73: =G67 -> 2T21 | H73: =H67 -> 3T21 | I73: =I67 -> 4T21 | ... AA73: =AA67 -> 2T26
A74: Lucro Líquido contábil | B74: ='Dados gerais'!B25/1000 -> 3.27 | C74: ='Dados gerais'!C25/1000 -> -18.152 | D74: ='Dados gerais'!D25/1000 -> -4.93 | E74: ='Dados gerais'!E25/1000 -> 16.716 | F74: ='Dados gerais'!F25/1000 -> -1.031 | G74: ='Dados gerais'!G25/1000 -> 6.204 | H74: ='Dados gerais'!H25/1000 -> 3.781 | I74: ='Dados gerais'!I25/1000 -> 5.545 | ... AA74: ='Dados gerais'!AA25/1000 -> -1.03
A75: Lucro Líquido ajustado | B75: ='Dados gerais'!B27/1000 -> 3.27 | C75: ='Dados gerais'!C27/1000 -> -18.152 | D75: ='Dados gerais'!D27/1000 -> -4.93 | E75: ='Dados gerais'!E27/1000 -> 16.716 | F75: ='Dados gerais'!F27/1000 -> -1.031 | G75: ='Dados gerais'!G27/1000 -> 6.204 | H75: ='Dados gerais'!H27/1000 -> 3.781 | I75: ='Dados gerais'!I27/1000 -> 5.545 | ... AA75: ='Dados gerais'!AA27/1000 -> 8.023
A76: Margem Líquida contábil | B76: =B74/B64 -> 0.045977335 | C76: =C74/C64 -> -0.37670693 | D76: =D74/D64 -> -0.0899192 | E76: =E74/E64 -> 0.24554188 | F76: =F74/F64 -> -0.013143637 | G76: =G74/G64 -> 0.055629282 | H76: =H74/H64 -> 0.030594823 | I76: =I74/I64 -> 0.04636559 | ... AA76: =AA74/AA64 -> -0.002226459
A77: Margem Líquida ajustada | B77: =B75/B65 -> 0.045977335 | C77: =C75/C65 -> -0.37670693 | D77: =D75/D65 -> -0.0899192 | E77: =E75/E65 -> 0.24554188 | F77: =F75/F65 -> -0.013143637 | G77: =G75/G65 -> 0.055629282 | H77: =H75/H65 -> 0.030594823 | I77: =I75/I65 -> 0.04636559 | ... AA77: =AA75/AA65 -> 0.017342602
A79: EBITDA | B79: =B73 -> 1T20 | C79: =C73 -> 2T20 | D79: =D73 -> 3T20 | E79: =E73 -> 4T20 | F79: =F73 -> 1T21 | G79: =G73 -> 2T21 | H79: =H73 -> 3T21 | I79: =I73 -> 4T21 | ... AA79: =AA73 -> 2T26
A80: EBITDA contábil | B80: ='Dados gerais'!B21/1000 -> 15.895 | C80: ='Dados gerais'!C21/1000 -> -9.787 | D80: ='Dados gerais'!D21/1000 -> 2.805 | E80: ='Dados gerais'!E21/1000 -> 8.098 | F80: ='Dados gerais'!F21/1000 -> 5.312 | G80: ='Dados gerais'!G21/1000 -> 14.237102 | H80: ='Dados gerais'!H21/1000 -> 12.765557 | I80: ='Dados gerais'!I21/1000 -> 9.0875983 | ... AA80: ='Dados gerais'!AA21/1000 -> 71.042
A81: EBITDA ajustado | B81: ='Dados gerais'!B22/1000 -> 15.895 | C81: ='Dados gerais'!C22/1000 -> -9.787 | D81: ='Dados gerais'!D22/1000 -> 2.805 | E81: ='Dados gerais'!E22/1000 -> 8.098 | F81: ='Dados gerais'!F22/1000 -> 5.312 | G81: ='Dados gerais'!G22/1000 -> 14.237102 | H81: ='Dados gerais'!H22/1000 -> 12.765557 | I81: ='Dados gerais'!I22/1000 -> 9.0875983 | ... AA81: ='Dados gerais'!AA22/1000 -> 72.214
A82: Margem EBITDA contábil | B82: =B80/B64 -> 0.22348922 | C82: =C80/C64 -> -0.20310879 | D82: =D80/D64 -> 0.051160924 | E82: =E80/E64 -> 0.11895179 | F82: =F80/F64 -> 0.067719687 | G82: =G80/G64 -> 0.12765954 | H82: =H80/H64 -> 0.10329541 | I82: =I80/I64 -> 0.075987711 | ... AA82: =AA80/AA64 -> 0.15356514
A83: Margem EBITDA ajustada | B83: =B81/B65 -> 0.22348922 | C83: =C81/C65 -> -0.20310879 | D83: =D81/D65 -> 0.051160924 | E83: =E81/E65 -> 0.11895179 | F83: =F81/F65 -> 0.067719687 | G83: =G81/G65 -> 0.12765954 | H83: =H81/H65 -> 0.10329541 | I83: =I81/I65 -> 0.075987711 | ... AA83: =AA81/AA65 -> 0.15609855
A85: ROIC | B85: =B79 -> 1T20 | C85: =C79 -> 2T20 | D85: =D79 -> 3T20 | E85: =E79 -> 4T20 | F85: =F79 -> 1T21 | G85: =G79 -> 2T21 | H85: =H79 -> 3T21 | I85: =I79 -> 4T21 | ... AA85: =AA79 -> 2T26
A86: ROIC pro forma | J86: =ROIC!B22 -> 0.13341985 | K86: =ROIC!C22 -> 0.13786987 | L86: =ROIC!D22 -> 0.14753357 | M86: =ROIC!E22 -> 0.16566325 | N86: =ROIC!F22 -> 0.17584876 | O86: =ROIC!G22 -> 0.17767383 | P86: =ROIC!H22 -> 0.17290382 | Q86: =ROIC!I22 -> 0.16666845 | ... AA86: =ROIC!S22 -> 0.14601976
A87: ROIC Ajustado | U87: =ROIC!M31 -> 0.19091901 | V87: =ROIC!N31 -> 0.16468795 | W87: =ROIC!O31 -> 0.18022015 | X87: =ROIC!P31 -> 0.16630437 | Y87: =ROIC!Q31 -> 0.14319876 | Z87: =ROIC!R31 -> 0.13574214 | AA87: =ROIC!S31 -> 0.14099574
A88: *A partir da publicação do 4T23, alteramos o cálculo do ROIC, retroativamente. No novo conceito, incluímos os resultados gerenciais dos últimos 12 meses das empresas adquiridas (que não transitaram pelos resultados da Companhia), visto o balanço patrimonial (capital empregado) ser impactado imediatamente (no mês da aquisição).
A90: Indicadores per capita* | B90: =B85 -> 1T20 | C90: =C85 -> 2T20 | D90: =D85 -> 3T20 | E90: =E85 -> 4T20 | F90: =F85 -> 1T21 | G90: =G85 -> 2T21 | H90: =H85 -> 3T21 | I90: =I85 -> 4T21 | ... AA90: =AA85 -> 2T26
A91: Receita Bruta per capita | B91: ='Dados para gráficos'!B36 -> 9885.5938 | C91: ='Dados para gráficos'!C36 -> 10834.308 | D91: ='Dados para gráficos'!D36 -> 11915.297 | E91: ='Dados para gráficos'!E36 -> 11596.253 | F91: ='Dados para gráficos'!F36 -> 11425.703 | G91: ='Dados para gráficos'!G36 -> 13605.771 | H91: ='Dados para gráficos'!H36 -> 14170.224 | I91: ='Dados para gráficos'!I36 -> 13610.438 | ... AA91: ='Dados para gráficos'!AA36 -> 21331.306
A92: Lucro Bruto per capita | B92: ='Dados Operacionais_Consolidado'!N14 -> 1203.5025 | C92: ='Dados Operacionais_Consolidado'!O14 -> -828.26511 | D92: ='Dados Operacionais_Consolidado'!P14 -> 1826.9194 | E92: ='Dados Operacionais_Consolidado'!Q14 -> 1957.2209 | F92: ='Dados Operacionais_Consolidado'!R14 -> 1527.577 | G92: ='Dados Operacionais_Consolidado'!S14 -> 2410.7343 | H92: ='Dados Operacionais_Consolidado'!T14 -> 2214.0615 | I92: ='Dados Operacionais_Consolidado'!U14 -> 1707.345 | ... AA92: ='Dados Operacionais_Consolidado'!AM14 -> 3639.0762
A93: NOPAT ajustado per capita | V93: ='Dados Operacionais_Consolidado'!AH19 -> 1246.6676 | W93: ='Dados Operacionais_Consolidado'!AI19 -> 1361.8145 | X93: ='Dados Operacionais_Consolidado'!AJ19 -> 1563.3611 | Y93: ='Dados Operacionais_Consolidado'!AK19 -> 1810.1933 | Z93: ='Dados Operacionais_Consolidado'!AL19 -> 1213.4391 | AA93: ='Dados Operacionais_Consolidado'!AM19 -> 1754.3071
A94: *valores ajustados do 2T22 ao 4T22
A96: Dívida Líquida/EBITDA LTM | B96: =B90 -> 1T20 | C96: =C90 -> 2T20 | D96: =D90 -> 3T20 | E96: =E90 -> 4T20 | F96: =F90 -> 1T21 | G96: =G90 -> 2T21 | H96: =H90 -> 3T21 | I96: =I90 -> 4T21 | ... AA96: =AA90 -> 2T26
A97: Dívida Líquida/EBITDA LTM | M97: ='Dados para gráficos'!M42 -> 0.37421119 | N97: ='Dados para gráficos'!N42 -> 0.60820752 | O97: ='Dados para gráficos'!O42 -> 1.4224345 | P97: ='Dados para gráficos'!P42 -> 1.6335054 | Q97: ='Dados para gráficos'!Q42 -> 2.0634951 | R97: ='Dados para gráficos'!R42 -> 1.5682005 | S97: ='Dados para gráficos'!S42 -> 2.171588 | T97: ='Dados para gráficos'!T42 -> 1.8339179 | ... AA97: ='Dados para gráficos'!AA42 -> 2.2723549
A98: *A partir da publicação do 4T23, alteramos o cálculo da Relação Dívida Líquida/EBITDA LTM, retroativamente. No novo conceito, incluímos os resultados gerenciais dos últimos 12 meses das empresas adquiridas (que não transitaram pelos resultados da Companhia), visto o balanço patrimonial (dívida líquida) ser impactado imediatamente (no mês da aquisição). Adicionalmente, o EBITDA é reduzido pelos juros incidentes sobre as antecipações de recebíveis.

Sheet Dados para gráficos
A2: Dados para gráficos:
A3: (R$ milhões)
A4: Receita Bruta | B4: 1T20 | C4: 2T20 | D4: 3T20 | E4: 4T20 | F4: 1T21 | G4: 2T21 | H4: 3T21 | I4: 4T21 | J4: 1T22 | K4: 2T22 | L4: 3T22 | M4: 4T22 | N4: 1T23 | O4: 2T23 | P4: 3T23 | Q4: 4T23 | R4: 1T24 | S4: 2T24 | T4: 3T24 | U4: 4T24 | V4: 1T25 | W4: 2T25 | X4: 3T25 | Y4: 4T25 | Z4: 1T26 | AA4: 2T26
A5: Receita Bruta contábil | B5: ='Dados gerais'!B7/1000 -> 77.335 | C5: ='Dados gerais'!C7/1000 -> 55.58 | D5: ='Dados gerais'!D7/1000 -> 61.614 | E5: ='Dados gerais'!E7/1000 -> 74.274 | F5: ='Dados gerais'!F7/1000 -> 85.35 | G5: ='Dados gerais'!G7/1000 -> 121.173 | H5: ='Dados gerais'!H7/1000 -> 135.439 | I5: ='Dados gerais'!I7/1000 -> 130.82353 | ... AA5: ='Dados gerais'!AA7/1000 -> 512.59128
A6: Receita Bruta ajustada | B6: ='Dados gerais'!B8/1000 -> 77.335 | C6: ='Dados gerais'!C8/1000 -> 55.58 | D6: ='Dados gerais'!D8/1000 -> 61.614 | E6: ='Dados gerais'!E8/1000 -> 74.274 | F6: ='Dados gerais'!F8/1000 -> 85.35 | G6: ='Dados gerais'!G8/1000 -> 121.173 | H6: ='Dados gerais'!H8/1000 -> 135.439 | I6: ='Dados gerais'!I8/1000 -> 130.82353 | ... AA6: ='Dados gerais'!AA8/1000 -> 512.59128
A8: Receita Líquida | B8: =B4 -> 1T20 | C8: =C4 -> 2T20 | D8: =D4 -> 3T20 | E8: =E4 -> 4T20 | F8: =F4 -> 1T21 | G8: =G4 -> 2T21 | H8: =H4 -> 3T21 | I8: =I4 -> 4T21 | ... AA8: =AA4 -> 2T26
A9: Receita Líquida contábil | B9: ='Dados gerais'!B9/1000 -> 71.122 | C9: ='Dados gerais'!C9/1000 -> 48.186 | D9: ='Dados gerais'!D9/1000 -> 54.827 | E9: ='Dados gerais'!E9/1000 -> 68.078 | F9: ='Dados gerais'!F9/1000 -> 78.441 | G9: ='Dados gerais'!G9/1000 -> 111.524 | H9: ='Dados gerais'!H9/1000 -> 123.583 | I9: ='Dados gerais'!I9/1000 -> 119.593 | ... AA9: ='Dados gerais'!AA9/1000 -> 462.618
A10: Receita Líquida ajustada | B10: ='Dados gerais'!B10/1000 -> 71.122 | C10: ='Dados gerais'!C10/1000 -> 48.186 | D10: ='Dados gerais'!D10/1000 -> 54.827 | E10: ='Dados gerais'!E10/1000 -> 68.078 | F10: ='Dados gerais'!F10/1000 -> 78.441 | G10: ='Dados gerais'!G10/1000 -> 111.524 | H10: ='Dados gerais'!H10/1000 -> 123.583 | I10: ='Dados gerais'!I10/1000 -> 119.593 | ... AA10: ='Dados gerais'!AA10/1000 -> 462.618
A12: Lucro Bruto | B12: =B8 -> 1T20 | C12: =C8 -> 2T20 | D12: =D8 -> 3T20 | E12: =E8 -> 4T20 | F12: =F8 -> 1T21 | G12: =G8 -> 2T21 | H12: =H8 -> 3T21 | I12: =I8 -> 4T21 | ... AA12: =AA8 -> 2T26
A13: Lucro Bruto contábil | B13: ='Dados gerais'!B13/1000 -> 9.415 | C13: ='Dados gerais'!C13/1000 -> -4.249 | D13: ='Dados gerais'!D13/1000 -> 9.447 | E13: ='Dados gerais'!E13/1000 -> 12.536 | F13: ='Dados gerais'!F13/1000 -> 11.411 | G13: ='Dados gerais'!G13/1000 -> 21.47 | H13: ='Dados gerais'!H13/1000 -> 21.162 | I13: ='Dados gerais'!I13/1000 -> 16.411 | ... AA13: ='Dados gerais'!AA13/1000 -> 87.447
A14: Lucro Bruto ajustado | B14: ='Dados gerais'!B14/1000 -> 9.415 | C14: ='Dados gerais'!C14/1000 -> -4.249 | D14: ='Dados gerais'!D14/1000 -> 9.447 | E14: ='Dados gerais'!E14/1000 -> 12.536 | F14: ='Dados gerais'!F14/1000 -> 11.411 | G14: ='Dados gerais'!G14/1000 -> 21.47 | H14: ='Dados gerais'!H14/1000 -> 21.162 | I14: ='Dados gerais'!I14/1000 -> 16.411 | ... AA14: ='Dados gerais'!AA14/1000 -> 87.447
A15: Margem Bruta contábil | B15: =B13/B9 -> 0.13237817 | C15: =C13/C9 -> -0.088179139 | D15: =D13/D9 -> 0.17230562 | E15: =E13/E9 -> 0.18414172 | F15: =F13/F9 -> 0.14547239 | G15: =G13/G9 -> 0.19251462 | H15: =H13/H9 -> 0.17123714 | I15: =I13/I9 -> 0.13722375 | ... AA15: =AA13/AA9 -> 0.18902637
A16: Margem Bruta ajustada | B16: =B14/B10 -> 0.13237817 | C16: =C14/C10 -> -0.088179139 | D16: =D14/D10 -> 0.17230562 | E16: =E14/E10 -> 0.18414172 | F16: =F14/F10 -> 0.14547239 | G16: =G14/G10 -> 0.19251462 | H16: =H14/H10 -> 0.17123714 | I16: =I14/I10 -> 0.13722375 | ... AA16: =AA14/AA10 -> 0.18902637
A18: Lucro Líquido | B18: =B12 -> 1T20 | C18: =C12 -> 2T20 | D18: =D12 -> 3T20 | E18: =E12 -> 4T20 | F18: =F12 -> 1T21 | G18: =G12 -> 2T21 | H18: =H12 -> 3T21 | I18: =I12 -> 4T21 | ... AA18: =AA12 -> 2T26
A19: Lucro Líquido contábil | B19: ='Dados gerais'!B25/1000 -> 3.27 | C19: ='Dados gerais'!C25/1000 -> -18.152 | D19: ='Dados gerais'!D25/1000 -> -4.93 | E19: ='Dados gerais'!E25/1000 -> 16.716 | F19: ='Dados gerais'!F25/1000 -> -1.031 | G19: ='Dados gerais'!G25/1000 -> 6.204 | H19: ='Dados gerais'!H25/1000 -> 3.781 | I19: ='Dados gerais'!I25/1000 -> 5.545 | ... AA19: ='Dados gerais'!AA25/1000 -> -1.03
A20: Lucro Líquido ajustado | B20: ='Dados gerais'!B27/1000 -> 3.27 | C20: ='Dados gerais'!C27/1000 -> -18.152 | D20: ='Dados gerais'!D27/1000 -> -4.93 | E20: ='Dados gerais'!E27/1000 -> 16.716 | F20: ='Dados gerais'!F27/1000 -> -1.031 | G20: ='Dados gerais'!G27/1000 -> 6.204 | H20: ='Dados gerais'!H27/1000 -> 3.781 | I20: ='Dados gerais'!I27/1000 -> 5.545 | ... AA20: ='Dados gerais'!AA27/1000 -> 8.023
A21: Margem Líquida contábil | B21: =B19/B9 -> 0.045977335 | C21: =C19/C9 -> -0.37670693 | D21: =D19/D9 -> -0.0899192 | E21: =E19/E9 -> 0.24554188 | F21: =F19/F9 -> -0.013143637 | G21: =G19/G9 -> 0.055629282 | H21: =H19/H9 -> 0.030594823 | I21: =I19/I9 -> 0.04636559 | ... AA21: =AA19/AA9 -> -0.002226459
A22: Margem Líquida ajustada | B22: =B20/B10 -> 0.045977335 | C22: =C20/C10 -> -0.37670693 | D22: =D20/D10 -> -0.0899192 | E22: =E20/E10 -> 0.24554188 | F22: =F20/F10 -> -0.013143637 | G22: =G20/G10 -> 0.055629282 | H22: =H20/H10 -> 0.030594823 | I22: =I20/I10 -> 0.04636559 | ... AA22: =AA20/AA10 -> 0.017342602
A24: EBITDA | B24: =B18 -> 1T20 | C24: =C18 -> 2T20 | D24: =D18 -> 3T20 | E24: =E18 -> 4T20 | F24: =F18 -> 1T21 | G24: =G18 -> 2T21 | H24: =H18 -> 3T21 | I24: =I18 -> 4T21 | ... AA24: =AA18 -> 2T26
A25: EBITDA contábil | B25: ='Dados gerais'!B21/1000 -> 15.895 | C25: ='Dados gerais'!C21/1000 -> -9.787 | D25: ='Dados gerais'!D21/1000 -> 2.805 | E25: ='Dados gerais'!E21/1000 -> 8.098 | F25: ='Dados gerais'!F21/1000 -> 5.312 | G25: ='Dados gerais'!G21/1000 -> 14.237102 | H25: ='Dados gerais'!H21/1000 -> 12.765557 | I25: ='Dados gerais'!I21/1000 -> 9.0875983 | ... AA25: ='Dados gerais'!AA21/1000 -> 71.042
A26: EBITDA ajustado | B26: ='Dados gerais'!B22/1000 -> 15.895 | C26: ='Dados gerais'!C22/1000 -> -9.787 | D26: ='Dados gerais'!D22/1000 -> 2.805 | E26: ='Dados gerais'!E22/1000 -> 8.098 | F26: ='Dados gerais'!F22/1000 -> 5.312 | G26: ='Dados gerais'!G22/1000 -> 14.237102 | H26: ='Dados gerais'!H22/1000 -> 12.765557 | I26: ='Dados gerais'!I22/1000 -> 9.0875983 | ... AA26: ='Dados gerais'!AA22/1000 -> 72.214
A27: Margem EBITDA contábil | B27: =B25/B9 -> 0.22348922 | C27: =C25/C9 -> -0.20310879 | D27: =D25/D9 -> 0.051160924 | E27: =E25/E9 -> 0.11895179 | F27: =F25/F9 -> 0.067719687 | G27: =G25/G9 -> 0.12765954 | H27: =H25/H9 -> 0.10329541 | I27: =I25/I9 -> 0.075987711 | ... AA27: =AA25/AA9 -> 0.15356514
A28: Margem EBITDA ajustada | B28: =B26/B10 -> 0.22348922 | C28: =C26/C10 -> -0.20310879 | D28: =D26/D10 -> 0.051160924 | E28: =E26/E10 -> 0.11895179 | F28: =F26/F10 -> 0.067719687 | G28: =G26/G10 -> 0.12765954 | H28: =H26/H10 -> 0.10329541 | I28: =I26/I10 -> 0.075987711 | ... AA28: =AA26/AA10 -> 0.15609855
A30: ROIC | B30: =B24 -> 1T20 | C30: =C24 -> 2T20 | D30: =D24 -> 3T20 | E30: =E24 -> 4T20 | F30: =F24 -> 1T21 | G30: =G24 -> 2T21 | H30: =H24 -> 3T21 | I30: =I24 -> 4T21 | ... AA30: =AA24 -> 2T26
A31: ROIC pro forma | J31: =ROIC!B22 -> 0.13341985 | K31: =ROIC!C22 -> 0.13786987 | L31: =ROIC!D22 -> 0.14753357 | M31: =ROIC!E22 -> 0.16566325 | N31: =ROIC!F22 -> 0.17584876 | O31: =ROIC!G22 -> 0.17767383 | P31: =ROIC!H22 -> 0.17290382 | Q31: =ROIC!I22 -> 0.16666845 | ... AA31: =ROIC!S22 -> 0.14601976
